Workbook

Sheet WIC + Rule ICR
A1: APPENDIX O: WIC Burden Table
A2: Regulatory Section | B2: Information Collected | C2: Estimated Number of Respondents | D2: Annual Responses per Respondent | E2: Total Annual Responses | F2: Previous Submission: Total Annual Responses | G2: Number of Burden Hours per Request | H2: Estimated Total Annual Burden Hours | I2: Previous Submission: Total Annual Burden Hours | J2: Difference Due to Program Changes | K2: Difference Due to Adjustments | L2: Total Difference | M2: Explanation of Differences
A3: REPORTING BURDEN ESTIMATES
A4: Affected Public: State and Local Agencies (including Indian Tribal Organizations and U.S. Territories)
A5: 246.4 | B5: State Plan | C5: ='Final Rule ICR Only'!C5 -> 88 | D5: ='Final Rule ICR Only'!D5 -> 1 | E5: =D5*C5 -> 88 | F5: 89 | G5: ='Final Rule ICR Only'!F5 -> 170.62 | H5: =E5*G5 -> 15014.56 | I5: 15185.18 | J5: ='Final Rule ICR Only'!I5 -> 0 | K5: ='Final Rule ICR Only'!J5 -> -170.62 | L5: ='Final Rule ICR Only'!K5 -> -170.62 | M5: ='Final Rule ICR Only'!L5 -> Program adjustment: Decrease in the number of State agencies. Re-estimate of burden from the proposed rule to the final rule results in no program changes.
A6: 246.4(a)(30) | B6: Implementation of Alternate Operating Procedures | C6: 15 | D6: 1 | E6: =C6*D6 -> 15 | F6: =E6 -> 15 | G6: 80 | H6: =E6*G6 -> 1200 | I6: 1200 | J6: =H6-I6 -> 0 | K6: 0 | L6: 0
A7: 246.5(b) | B7: Local Agency (LA) applications | C7: =1810*0.5*0.7 -> 633.5 | D7: 1 | E7: =C7*D7 -> 633.5 | F7: =E7 -> 633.5 | G7: 2 | H7: =E7*G7 -> 1267 | I7: 1267 | J7: =H7-I7 -> 0 | K7: =H7-I7 -> 0 | L7: =H7-I7 -> 0
A8: 246.5(c)(2) | B8: SA notification re not funding LA | C8: 4 | D8: 1 | E8: =C8*D8 -> 4 | F8: =E8 -> 4 | G8: 0.167 | H8: =E8*G8 -> 0.668 | I8: 0.668 | J8: =H8-I8 -> 0 | K8: =H8-I8 -> 0 | L8: =H8-I8 -> 0
A9: 246.5(e)(3)(ii) | B9: SA notification of LA disqualification | C9: 4 | D9: =(1810/89)*0.02 -> 0.40674157 | E9: =C9*D9 -> 1.6269663 | F9: =E9 -> 1.6269663 | G9: 0.5 | H9: =E9*G9 -> 0.81348315 | I9: 0.81348315 | J9: =H9-I9 -> 0 | K9: =H9-I9 -> 0 | L9: =H9-I9 -> 0
A10: 246.6 | B10: LA Agreements | C10: =1810*0.5*0.7 -> 633.5 | D10: 1 | E10: =C10*D10 -> 633.5 | F10: =E10 -> 633.5 | G10: 1.5 | H10: =E10*G10 -> 950.25 | I10: 950.25 | J10: =H10-I10 -> 0 | K10: =H10-I10 -> 0 | L10: =H10-I10 -> 0
A11: 246.7(d) | B11: Provision of income eligibility determinations | C11: 89 | D11: =(1810/89) -> 20.337079 | E11: =C11*D11 -> 1810 | F11: =E11 -> 1810 | G11: 0.25 | H11: =E11*G11 -> 452.5 | I11: 452.5 | J11: =H11-I11 -> 0 | K11: =H11-I11 -> 0 | L11: =H11-I11 -> 0
A12: 246.7(f)(2)(iii)(A) | B12: LA requests for notice extension | C12: =(1810/6)*0.7 -> 211.16667 | D12: 1 | E12: =C12*D12 -> 211.16667 | F12: =E12 -> 211.16667 | G12: 0.25 | H12: =E12*G12 -> 52.791667 | I12: 52.791667 | J12: =H12-I12 -> 0 | K12: =H12-I12 -> 0 | L12: =H12-I12 -> 0
A13: 246.7(b),(i),(n) | B13: Cert. data for women | C13: 1267 | D13: 761.94807 | E13: =C13*D13 -> 965388.2 | F13: =E13 -> 965388.2 | G13: 0.4676 | H13: =E13*G13 -> 451415.52 | I13: 451415.52 | J13: =H13-I13 -> 0 | K13: 0 | L13: 0
A14: 246.7(i) | B14: Cert. data for children | C14: 1267 | D14: 1878.5028 | E14: =C14*D14 -> 2380063 | F14: =E14 -> 2380063 | G14: 0.4676 | H14: =E14*G14 -> 1112917.5 | I14: 1112917.5 | J14: =H14-I14 -> 0 | K14: 0 | L14: 0
A15: 246.7(i) | B15: Certification data for infants | C15: 1267 | D15: 809.25083 | E15: =C15*D15 -> 1025320.8 | F15: =E15 -> 1025320.8 | G15: 0.4676 | H15: =E15*G15 -> 479440.01 | I15: 479440.01 | J15: =H15-I15 -> 0 | K15: 0 | L15: 0
A16: 246.7(i) | B16: Explaining food package updates | C16: =1810*0.7 -> 1267 | D16: =(6243960*0.7)/1267 -> 3449.7017 | E16: =C16*D16 -> 4370772 | F16: =E16 -> 4370772 | G16: 0.0835 | H16: =E16*G16 -> 364959.46 | I16: 364959.46 | J16: =H16-I16 -> 0 | K16: 0 | L16: =H16-I16 -> 0
A17: 246.7(j)(9) | B17: SA notification re funding shortfall | C17: 4 | D17: 1 | E17: =C17*D17 -> 4 | F17: =E17 -> 4 | G17: 0.0835 | H17: =E17*G17 -> 0.334 | I17: 0.334 | J17: =H17-I17 -> 0 | K17: =H17-I17 -> 0 | L17: =H17-I17 -> 0
A18: 246.7(k) | B18: Verification of Certification cards | C18: =1810*0.7 -> 1267 | D18: =((0.03*6243960*0.7)/1267) -> 103.49105 | E18: =C18*D18 -> 131123.16 | F18: =E18 -> 131123.16 | G18: 0.0835 | H18: =E18*G18 -> 10948.784 | I18: 10948.784 | J18: =H18-I18 -> 0 | K18: =H18-I18 -> 0 | L18: =H18-I18 -> 0
A19: 246.8 | B19: Provision of Non-English Materials | C19: 79 | D19: 1 | E19: =C19*D19 -> 79 | F19: =E19 -> 79 | G19: 3 | H19: =E19*G19 -> 237 | I19: 237 | J19: =H19-I19 -> 0 | K19: =H19-I19 -> 0 | L19: =H19-I19 -> 0
A20: 246.9(c) | B20: Informing WIC participants of the details of the appeal process and their individual rights. | C20: 89 | D20: =(6243960*0.02)/89 -> 1403.1371 | E20: =C20*D20 -> 124879.2 | F20: =E20 -> 124879.2 | G20: 0.0835 | H20: =E20*G20 -> 10427.413 | I20: 10427.413 | J20: =H20-I20 -> 0 | K20: =H20-I20 -> 0 | L20: =H20-I20 -> 0
A21: 246.9(h) | B21: Fair hearing procedures for participants | C21: 89 | D21: =(6243960*0.02*0.02)/89 -> 28.062742 | E21: =C21*D21 -> 2497.584 | F21: =E21 -> 2497.584 | G21: 3 | H21: =E21*G21 -> 7492.752 | I21: 7492.752 | J21: =H21-I21 -> 0 | K21: =H21-I21 -> 0 | L21: =H21-I21 -> 0
A22: 246.10(b)(1) | B22: Identification of acceptable foods | C22: 89 | D22: 1 | E22: =C22*D22 -> 89 | F22: =E22 -> 89 | G22: 43 | H22: =E22*G22 -> 3827 | I22: 3827 | J22: =H22-I22 -> 0 | K22: 0 | L22: 0
A23: 246.10(b(2) | B23: Submit APL as food list | C23: 54 | D23: 4 | E23: =C23*D23 -> 216 | F23: =E23 -> 216 | G23: 0.0083 | H23: =E23*G23 -> 1.7928 | I23: 1.7928 | J23: =H23-I23 -> 0 | K23: =H23-I23 -> 0 | L23: =H23-I23 -> 0
A24: 246.10(b)(2)(i); 246.10(e) | B24: Revised food list & food packages training/implementation | C24: 89 | D24: 1 | E24: =C24*D24 -> 89 | F24: 89 | G24: 8 | H24: =E24*G24 -> 712 | I24: 712 | J24: =H24-I24 -> 0 | K24: 0 | L24: =H24-I24 -> 0
A25: 246.10(b)(2)(i) | B25: LA training on revised food list | C25: =1810*0.7 -> 1267 | D25: 1 | E25: =C25*D25 -> 1267 | F25: =E25 -> 1267 | G25: 1 | H25: =E25*G25 -> 1267 | I25: 1267 | J25: =H25-I25 -> 0 | K25: 0 | L25: =H25-I25 -> 0
A26: 246.10(d)(1) | B26: Medical documentation, 1% of infants | C26: =1810*0.7 -> 1267 | D26: =(1464744*0.7*0.01)/1267 -> 8.0925083 | E26: =C26*D26 -> 10253.208 | F26: =E26 -> 10253.208 | G26: 0.0334 | H26: =E26*G26 -> 342.45715 | I26: 342.45715 | J26: =H26-I26 -> 0 | K26: =H26-I26 -> 0 | L26: =H26-I26 -> 0
A27: 246.10(i) | B27: Plans for Substitutions | C27: =(1/5) -> 0.2 | D27: 1 | E27: =C27*D27 -> 0.2 | F27: =E27 -> 0.2 | G27: 2 | H27: =E27*G27 -> 0.4 | I27: 0.4 | J27: =H27-I27 -> 0 | K27: =H27-I27 -> 0 | L27: =H27-I27 -> 0
A28: 246.11(d)(1), 246.7(b) | B28: LA nutrition education provision | C28: =1810*0.7 -> 1267 | D28: =((6243960*0.7)/1267) -> 3449.7017 | E28: =C28*D28 -> 4370772 | F28: =E28 -> 4370772 | G28: 0.25 | H28: =E28*G28 -> 1092693 | I28: 1092693 | J28: =H28-I28 -> 0 | K28: =H28-I28 -> 0 | L28: =H28-I28 -> 0
A29: 246.11(d)(2) | B29: LA nutrition education plan | C29: =0.7*1810 -> 1267 | D29: 1 | E29: =C29*D29 -> 1267 | F29: =E29 -> 1267 | G29: 40 | H29: =E29*G29 -> 50680 | I29: 50680 | J29: =H29-I29 -> 0 | K29: =H29-I29 -> 0 | L29: =H29-I29 -> 0
A30: 246.12 | B30: Implementation of food delivery system changes | C30: ='Final Rule ICR Only'!C6 -> 44 | D30: ='Final Rule ICR Only'!D6 -> 1 | E30: ='Final Rule ICR Only'!E6 -> 44 | F30: 0 | G30: ='Final Rule ICR Only'!F6 -> 5 | H30: ='Final Rule ICR Only'!G6 -> 220 | I30: ='Final Rule ICR Only'!H6 -> 0 | J30: ='Final Rule ICR Only'!I6 -> 220 | K30: ='Final Rule ICR Only'!J6 -> 0 | L30: ='Final Rule ICR Only'!K6 -> 220 | M30: ='Final Rule ICR Only'!L6 -> Program change: Implementation burden for trainings, status reports, and other State agency start up costs related to the final rule.
A31: 246.12(f)(3) | B31: Vendor identification | C31: 89 | D31: 1 | E31: =C31*D31 -> 89 | F31: =E31 -> 89 | G31: 3 | H31: =E31*G31 -> 267 | I31: 267 | J31: =H31-I31 -> 0 | K31: =H31-I31 -> 0 | L31: =H31-I31 -> 0
A32: 246.12(f)(4) | B32: Split tender transactions | C32: 89 | D32: 1 | E32: =C32*D32 -> 89 | F32: =E32 -> 89 | G32: 3 | H32: =E32*G32 -> 267 | I32: 267 | J32: =H32-I32 -> 0 | K32: =H32-I32 -> 0 | L32: =H32-I32 -> 0
A33: 246.12(g)(4)(i) | B33: Vendor food sales data | C33: ='Final Rule ICR Only'!C7 -> 88 | D33: ='Final Rule ICR Only'!D7 -> 9.2015909 | E33: ='Final Rule ICR Only'!E7 -> 809.74 | F33: 840 | G33: ='Final Rule ICR Only'!F7 -> 4 | H33: ='Final Rule ICR Only'!G7 -> 3238.96 | I33: ='Final Rule ICR Only'!H7 -> 3360 | J33: ='Final Rule ICR Only'!I7 -> 8.8 | K33: ='Final Rule ICR Only'!J7 -> -129.84 | L33: ='Final Rule ICR Only'!K7 -> -121.04 | M33: ='Final Rule ICR Only'!L7 -> Program change: Addition of internet vendors due to final rule. Program adjustments: Decrease in the number of A50 vendors and State agencies.
A34: 246.12(g)(4)(ii)(B) | B34: Vendor shelf prices | C34: ='Final Rule ICR Only'!C8 -> 0 | D34: ='Final Rule ICR Only'!D8 -> 0 | E34: ='Final Rule ICR Only'!E8 -> 0 | F34: 74534 | G34: ='Final Rule ICR Only'!F8 -> 0 | H34: ='Final Rule ICR Only'!G8 -> 0 | I34: ='Final Rule ICR Only'!H8 -> 149068 | J34: ='Final Rule ICR Only'!I8 -> -149068 | K34: ='Final Rule ICR Only'!J8 -> 0 | L34: ='Final Rule ICR Only'!K8 -> -149068 | M34: ='Final Rule ICR Only'!L8 -> Program change: Final rule permanently removes this requirement.
A35: 246.12(g)(4)(ii)(B) | B35: Vendor shelf prices exemption | C35: ='Final Rule ICR Only'!C9 -> 0 | D35: ='Final Rule ICR Only'!D9 -> 0 | E35: ='Final Rule ICR Only'!E9 -> 0 | F35: 5 | G35: ='Final Rule ICR Only'!F9 -> 0 | H35: ='Final Rule ICR Only'!G9 -> 0 | I35: ='Final Rule ICR Only'!H9 -> 40 | J35: ='Final Rule ICR Only'!I9 -> -40 | K35: ='Final Rule ICR Only'!J9 -> 0 | L35: ='Final Rule ICR Only'!K9 -> -40 | M35: ='Final Rule ICR Only'!L9 -> Program change: Final rule permanently removes this requirement.
A36: 246.12(g)(4)(iii) | B36: Price Increases | C36: 89 | D36: 1 | E36: =C36*D36 -> 89 | F36: =E36 -> 89 | G36: 3 | H36: =E36*G36 -> 267 | I36: 267 | J36: =H36-I36 -> 0 | K36: =H36-I36 -> 0 | L36: =H36-I36 -> 0
A37: 246.12(g)(5) | B37: Vendor initial preauthorization visits (onsite) | C37: ='Final Rule ICR Only'!C10 -> 88 | D37: ='Final Rule ICR Only'!D10 -> 17 | E37: =C37*D37 -> 1496 | F37: 1513 | G37: ='Final Rule ICR Only'!F10 -> 1.17 | H37: =E37*G37 -> 1750.32 | I37: ='Final Rule ICR Only'!H10 -> 1513 | J37: ='Final Rule ICR Only'!I10 -> 0 | K37: ='Final Rule ICR Only'!J10 -> 237.32 | L37: ='Final Rule ICR Only'!K10 -> 237.32 | M37: ='Final Rule ICR Only'!L10 -> Program adjustments: Adjustment of burden hours estimated for this activity based on public comment, decrease in the number of State agencies.
A38: 246.12(g)(5) | B38: Vendor initial preauthorization visits (virtual) | C38: ='Final Rule ICR Only'!C11 -> 44 | D38: ='Final Rule ICR Only'!D11 -> 2.5 | E38: ='Final Rule ICR Only'!E11 -> 110 | F38: 0 | G38: ='Final Rule ICR Only'!F11 -> 0.668 | H38: ='Final Rule ICR Only'!G11 -> 73.48 | I38: ='Final Rule ICR Only'!H11 -> 0 | J38: ='Final Rule ICR Only'!I11 -> 73.48 | K38: ='Final Rule ICR Only'!J11 -> 0 | L38: ='Final Rule ICR Only'!K11 -> 73.48 | M38: ='Final Rule ICR Only'!L11 -> Program change: Addition of internet vendors due to final rule.
A39: 246.12(g)(8) | B39: Application periods | C39: 89 | D39: 1 | E39: =C39*D39 -> 89 | F39: =E39 -> 89 | G39: 3 | H39: =E39*G39 -> 267 | I39: 267 | J39: =H39-I39 -> 0 | K39: =H39-I39 -> 0 | L39: =H39-I39 -> 0
A40: 246.12(h) | B40: Review vendor applications & agreements | C40: ='Final Rule ICR Only'!C12 -> 88 | D40: ='Final Rule ICR Only'!D12 -> 151.82625 | E40: ='Final Rule ICR Only'!E12 -> 13360.71 | F40: 12298.11 | G40: ='Final Rule ICR Only'!F12 -> 2 | H40: ='Final Rule ICR Only'!G12 -> 26721.42 | I40: ='Final Rule ICR Only'!H12 -> 8215.14 | J40: ='Final Rule ICR Only'!I12 -> 72.6 | K40: ='Final Rule ICR Only'!J12 -> 18433.68 | L40: ='Final Rule ICR Only'!K12 -> 18506.28 | M40: ='Final Rule ICR Only'!L12 -> Program change: Addition of internet vendors due to final rule. Program adjustments: Adjustment of burden hours estimated for this activity based on public comment, increase in number of vendors.
A41: 246.12(i)(1) | B41: Vendor training development | C41: 89 | D41: 1 | E41: =C41*D41 -> 89 | F41: =E41 -> 89 | G41: 8 | H41: =E41*G41 -> 712 | I41: 712 | J41: =H41-I41 -> 0 | K41: =H41-I41 -> 0 | L41: =H41-I41 -> 0
A42: 246.12(i)(1) | B42: Vendor training | C42: ='Final Rule ICR Only'!C13 -> 88 | D42: ='Final Rule ICR Only'!D13 -> 460.07955 | E42: ='Final Rule ICR Only'!E13 -> 40487 | F42: 37267 | G42: ='Final Rule ICR Only'!F13 -> 2 | H42: ='Final Rule ICR Only'!G13 -> 80974 | I42: ='Final Rule ICR Only'!H13 -> 74534 | J42: ='Final Rule ICR Only'!I13 -> 220 | K42: ='Final Rule ICR Only'!J13 -> 6220 | L42: ='Final Rule ICR Only'!K13 -> 6440 | M42: ='Final Rule ICR Only'!L13 -> Program change: Addition of internet vendors due to final rule. Program adjustment: Increase in number of brick-and-mortar vendors.
A43: 246.12(j)(2) | B43: Routine vendor monitoring (onsite) | C43: ='Final Rule ICR Only'!C14 -> 88 | D43: ='Final Rule ICR Only'!D14 -> 22.941477 | E43: ='Final Rule ICR Only'!E14 -> 2018.85 | F43: 1863.35 | G43: ='Final Rule ICR Only'!F14 -> 1.67 | H43: ='Final Rule ICR Only'!G14 -> 3371.4795 | I43: ='Final Rule ICR Only'!H14 -> 2485.71 | J43: ='Final Rule ICR Only'!I14 -> 0 | K43: ='Final Rule ICR Only'!J14 -> 885.7695 | L43: ='Final Rule ICR Only'!K14 -> 885.7695 | M43: ='Final Rule ICR Only'!L14 -> Program adjustments: Adjustment of burden hours estimated for this activity based on public comment, increase in number of vendors.
A44: 246.12(j)(2) | B44: Routine vendor monitoring (virtual) | C44: ='Final Rule ICR Only'!C15 -> 44 | D44: ='Final Rule ICR Only'!D15 -> 0.125 | E44: ='Final Rule ICR Only'!E15 -> 5.5 | F44: 0 | G44: ='Final Rule ICR Only'!F15 -> 1.17 | H44: ='Final Rule ICR Only'!G15 -> 6.435 | I44: ='Final Rule ICR Only'!H15 -> 0 | J44: ='Final Rule ICR Only'!I15 -> 6.435 | K44: ='Final Rule ICR Only'!J15 -> 0 | L44: ='Final Rule ICR Only'!K15 -> 6.435 | M44: ='Final Rule ICR Only'!L15 -> Program change: Addition of internet vendors due to final rule.
A45: 246.12(j)(4) | B45: Vendor compliance investigations (onsite) | C45: ='Final Rule ICR Only'!C16 -> 88 | D45: ='Final Rule ICR Only'!D16 -> 22.941477 | E45: ='Final Rule ICR Only'!E16 -> 2018.85 | F45: 1863.35 | G45: ='Final Rule ICR Only'!F16 -> 5 | H45: ='Final Rule ICR Only'!G16 -> 10094.25 | I45: ='Final Rule ICR Only'!H16 -> 4349.06 | J45: ='Final Rule ICR Only'!I16 -> 0 | K45: ='Final Rule ICR Only'!J16 -> 5745.19 | L45: ='Final Rule ICR Only'!K16 -> 5745.19 | M45: ='Final Rule ICR Only'!L16 -> Program adjustments: Adjustment of burden hours estimated for this activity based on public comment, increase in number of vendors.
A46: 246.12(j)(4) | B46: Vendor compliance investigations (virtual) | C46: ='Final Rule ICR Only'!C17 -> 44 | D46: ='Final Rule ICR Only'!D17 -> 0.125 | E46: ='Final Rule ICR Only'!E17 -> 5.5 | F46: 0 | G46: ='Final Rule ICR Only'!F17 -> 4.5 | H46: ='Final Rule ICR Only'!G17 -> 24.75 | I46: 0 | J46: ='Final Rule ICR Only'!I17 -> 24.75 | K46: ='Final Rule ICR Only'!J17 -> 0 | L46: ='Final Rule ICR Only'!K17 -> 24.75 | M46: ='Final Rule ICR Only'!L17 -> Program change: Addition of internet vendors due to final rule.
A47: 246.12(k)(5) | B47: FI and CVV redeemed after the specified period. | C47: 2 | D47: 1 | E47: =C47*D47 -> 2 | F47: =E47 -> 2 | G47: 3 | H47: =E47*G47 -> 6 | I47: 6 | J47: =H47-I47 -> 0 | K47: =H47-I47 -> 0 | L47: =H47-I47 -> 0
A48: 246.12(l)(3) | B48: Notification of vendor violations | C48: 89 | D48: =1048/89 -> 11.775281 | E48: =C48*D48 -> 1048 | F48: =E48 -> 1048 | G48: 0.0835 | H48: =E48*G48 -> 87.508 | I48: 87.508 | J48: =H48-I48 -> 0 | K48: =H48-I48 -> 0 | L48: =H48-I48 -> 0
A49: 246.12(m) | B49: Home food delivery systems | C49: 1 | D49: 12 | E49: =C49*D49 -> 12 | F49: =E49 -> 12 | G49: 40 | H49: =E49*G49 -> 480 | I49: 480 | J49: =H49-I49 -> 0 | K49: =H49-I49 -> 0 | L49: =H49-I49 -> 0
A50: 246.12(o) | B50: Complaints | C50: 89 | D50: =10000/89 -> 112.35955 | E50: =C50*D50 -> 10000 | F50: =E50 -> 10000 | G50: 1 | H50: =E50*G50 -> 10000 | I50: 10000 | J50: =H50-I50 -> 0 | K50: =H50-I50 -> 0 | L50: =H50-I50 -> 0
A51: 246.12(p) | B51: Food instrument and cash-value voucher security | C51: 89 | D51: 1 | E51: =C51*D51 -> 89 | F51: =E51 -> 89 | G51: 2 | H51: =E51*G51 -> 178 | I51: 178 | J51: =H51-I51 -> 0 | K51: =H51-I51 -> 0 | L51: =H51-I51 -> 0
A52: 246.12(q) | B52: Disposition of food instruments | C52: 89 | D52: 1 | E52: =C52*D52 -> 89 | F52: =E52 -> 89 | G52: 40 | H52: =E52*G52 -> 3560 | I52: 3560 | J52: =H52-I52 -> 0 | K52: =H52-I52 -> 0 | L52: =H52-I52 -> 0
A53: 246.12(u) | B53: Participant Sanctions | C53: 89 | D53: =(6243960*0.02)/89 -> 1403.1371 | E53: =C53*D53 -> 124879.2 | F53: =E53 -> 124879.2 | G53: 0.0835 | H53: =E53*G53 -> 10427.413 | I53: 10427.413 | J53: =H53-I53 -> 0 | K53: =H53-I53 -> 0 | L53: =H53-I53 -> 0
A54: 246.12(v) | B54: Farmers Market applications/agreements | C54: 89 | D54: =(0.33*3289)/89 -> 12.195169 | E54: =C54*D54 -> 1085.37 | F54: =E54 -> 1085.37 | G54: 0.668 | H54: =E54*G54 -> 725.02716 | I54: 725.02716 | J54: =H54-I54 -> 0 | K54: 0 | L54: 0
A55: 246.12(v)(6) | B55: Farmers Market Disqualificaitons | C55: 89 | D55: =(3289*0.02)/89 -> 0.73910112 | E55: =C55*D55 -> 65.78 | F55: =E55 -> 65.78 | G55: 0.0835 | H55: =E55*G55 -> 5.49263 | I55: 5.49263 | J55: =H55-I55 -> 0 | K55: =H55-I55 -> 0 | L55: =H55-I55 -> 0
A56: 246.12(bb) | B56: EBT Technical standards and requirements | C56: 89 | D56: 1 | E56: =C56*D56 -> 89 | F56: =E56 -> 89 | G56: 3 | H56: =E56*G56 -> 267 | I56: 267 | J56: =H56-I56 -> 0 | K56: =H56-I56 -> 0 | L56: =H56-I56 -> 0
A57: ='Final Rule ICR Only'!A18 -> 246.12(bb)(1) | B57: ='Final Rule ICR Only'!B18 -> System updates to allow online shopping, including return of benefits | C57: ='Final Rule ICR Only'!C18 -> 44 | D57: ='Final Rule ICR Only'!D18 -> 1 | E57: ='Final Rule ICR Only'!E18 -> 44 | F57: 0 | G57: ='Final Rule ICR Only'!F18 -> 50 | H57: ='Final Rule ICR Only'!G18 -> 2200 | I57: ='Final Rule ICR Only'!H18 -> 0 | J57: ='Final Rule ICR Only'!I18 -> 2200 | K57: ='Final Rule ICR Only'!J18 -> 0 | L57: ='Final Rule ICR Only'!K18 -> 2200 | M57: ='Final Rule ICR Only'!L18 -> Program change: Implementation burden related to updating EBT and MIS systems due to the final rule.
A58: 246.12(bb)(2) | B58: Transaction authentication policy development | C58: ='Final Rule ICR Only'!C19 -> 88 | D58: ='Final Rule ICR Only'!D19 -> 1 | E58: ='Final Rule ICR Only'!E19 -> 88 | F58: 0 | G58: ='Final Rule ICR Only'!F19 -> 50 | H58: ='Final Rule ICR Only'!G19 -> 4400 | I58: 0 | J58: ='Final Rule ICR Only'!I19 -> 4400 | K58: ='Final Rule ICR Only'!J19 -> 0 | L58: ='Final Rule ICR Only'!K19 -> 4400 | M58: ='Final Rule ICR Only'!L19 -> Program change: Implementation burden related to developing new authentication policies due to final rule.
A59: 246.14(d) | B59: ADP proposals | C59: ='Final Rule ICR Only'!C20 -> 20 | D59: ='Final Rule ICR Only'!D20 -> 1 | E59: ='Final Rule ICR Only'!E20 -> 20 | F59: 20 | G59: ='Final Rule ICR Only'!F20 -> 160 | H59: ='Final Rule ICR Only'!G20 -> 3200 | I59: ='Final Rule ICR Only'!H20 -> 3200 | J59: ='Final Rule ICR Only'!I20 -> 0 | K59: ='Final Rule ICR Only'!J20 -> 0 | L59: ='Final Rule ICR Only'!K20 -> 0 | M59: ='Final Rule ICR Only'!L20 -> Re-estimate of burden from the proposed rule to the final rule results in no change in burden hours.
A60: 246.16(b)(3)(i)&(ii) | B60: Food backspend and NSA spendforward authority | C60: 27 | D60: 1 | E60: =C60*D60 -> 27 | F60: =E60 -> 27 | G60: 2 | H60: =E60*G60 -> 54 | I60: 54 | J60: =H60-I60 -> 0 | K60: =H60-I60 -> 0 | L60: =H60-I60 -> 0
A61: 246.16(d) | B61: Distribution of funds to LAs | C61: 89 | D61: =(1810*4)/89 -> 81.348315 | E61: =C61*D61 -> 7240 | F61: =E61 -> 7240 | G61: 2 | H61: =E61*G61 -> 14480 | I61: 14480 | J61: =H61-I61 -> 0 | K61: =H61-I61 -> 0 | L61: =H61-I61 -> 0
A62: 246.16(e)(2)(i) & (ii) | B62: Food expenditure requirement waiver; NSA expenditure requirement good cause justification | C62: 30 | D62: 1 | E62: =C62*D62 -> 30 | F62: =E62 -> 30 | G62: 1.5 | H62: =E62*G62 -> 45 | I62: 45 | J62: =H62-I62 -> 0 | K62: =H62-I62 -> 0 | L62: =H62-I62 -> 0
A63: 246.16a | B63: Infant Formula Cost Containment Procedures | C63: =79/5 -> 15.8 | D63: 1 | E63: =C63*D63 -> 15.8 | F63: =E63 -> 15.8 | G63: 1968 | H63: =E63*G63 -> 31094.4 | I63: 31094.4 | J63: =H63-I63 -> 0 | K63: =H63-I63 -> 0 | L63: =H63-I63 -> 0
A64: 246.16a(f) | B64: Postponement Request | C64: 2 | D64: 1 | E64: =C64*D64 -> 2 | F64: =E64 -> 2 | G64: 8 | H64: =E64*G64 -> 16 | I64: 16 | J64: =H64-I64 -> 0 | K64: =H64-I64 -> 0 | L64: =H64-I64 -> 0
A65: 246.16a(g)(1)-(4) | B65: Cost containment Procedures for other supplemental foods | C65: 2 | D65: 1 | E65: =C65*D65 -> 2 | F65: =E65 -> 2 | G65: 480 | H65: =E65*G65 -> 960 | I65: 960 | J65: =H65-I65 -> 0 | K65: =H65-I65 -> 0 | L65: =H65-I65 -> 0
A66: 246.16a(j) | B66: Infant formula cost containment contracts remedies | C66: 74 | D66: 1 | E66: =C66*D66 -> 74 | F66: =E66 -> 74 | G66: 40 | H66: =E66*G66 -> 2960 | I66: 2960 | J66: =H66-I66 -> 0 | K66: 0 | L66: 0
A67: 246.17(c)(1) | B67: Termination of SAs & LAs | C67: 89 | D67: =(10/89) -> 0.11235955 | E67: =C67*D67 -> 10 | F67: =E67 -> 10 | G67: 8 | H67: =E67*G67 -> 80 | I67: 80 | J67: =H67-I67 -> 0 | K67: =H67-I67 -> 0 | L67: =H67-I67 -> 0
A68: 246.18 | B68: Administrative Review of State agency actions | C68: 89 | D68: =((1048+65.78)*0.02)/89 -> 0.25028764 | E68: =C68*D68 -> 22.2756 | F68: =E68 -> 22.2756 | G68: 2 | H68: =E68*G68 -> 44.5512 | I68: 44.5512 | J68: =H68-I68 -> 0 | K68: =H68-I68 -> 0 | L68: =H68-I68 -> 0
A69: 246.19(a)(2) | B69: SA corrective action plans to FNS | C69: =89*0.33 -> 29.37 | D69: 1 | E69: =C69*D69 -> 29.37 | F69: =E69 -> 29.37 | G69: 30 | H69: =E69*G69 -> 881.1 | I69: 881.1 | J69: =H69-I69 -> 0 | K69: =H69-I69 -> 0 | L69: =H69-I69 -> 0
A70: 246.19(a)(2) | B70: Observations | C70: 17 | D70: 1 | E70: =C70*D70 -> 17 | F70: =E70 -> 17 | G70: 3 | H70: =E70*G70 -> 51 | I70: 51 | J70: =H70-I70 -> 0 | K70: =H70-I70 -> 0 | L70: =H70-I70 -> 0
A71: 246.19(b)(3) | B71: LA Monitoring | C71: 89 | D71: =(1810/2)/89 -> 10.168539 | E71: =C71*D71 -> 905 | F71: =E71 -> 905 | G71: 2 | H71: =E71*G71 -> 1810 | I71: 1810 | J71: =H71-I71 -> 0 | K71: =H71-I71 -> 0 | L71: =H71-I71 -> 0
A72: 246.19(b)(5) | B72: Targeted LA reviews | C72: 89 | D72: =(1810/89)*0.5*0.25 -> 2.5421348 | E72: =C72*D72 -> 226.25 | F72: =E72 -> 226.25 | G72: 2 | H72: =E72*G72 -> 452.5 | I72: 452.5 | J72: =H72-I72 -> 0 | K72: =H72-I72 -> 0 | L72: =H72-I72 -> 0
A73: 246.20(a)(2) | B73: SA response to OIG audits | C73: 1 | D73: 1 | E73: =C73*D73 -> 1 | F73: =E73 -> 1 | G73: 40 | H73: =E73*G73 -> 40 | I73: 40 | J73: =H73-I73 -> 0 | K73: =H73-I73 -> 0 | L73: =H73-I73 -> 0
A74: 246.20(b) | B74: SA Annual Audits | C74: 89 | D74: 1 | E74: =C74*D74 -> 89 | F74: =E74 -> 89 | G74: 8 | H74: =E74*G74 -> 712 | I74: 712 | J74: =H74-I74 -> 0 | K74: =H74-I74 -> 0 | L74: =H74-I74 -> 0
A75: 246.22(b)(2) | B75: Administrative appeal | C75: 1 | D75: 1 | E75: =C75*D75 -> 1 | F75: =E75 -> 1 | G75: 2 | H75: =E75*G75 -> 2 | I75: 2 | J75: =H75-I75 -> 0 | K75: =H75-I75 -> 0 | L75: =H75-I75 -> 0
A76: 246.23(a)(3) | B76: Claims against State agencies | C76: 1 | D76: 1 | E76: =C76*D76 -> 1 | F76: =E76 -> 1 | G76: 2 | H76: =E76*G76 -> 2 | I76: 2 | J76: =H76-I76 -> 0 | K76: =H76-I76 -> 0 | L76: =H76-I76 -> 0
A77: 246.26(h)(3) | B77: Written agreements with public organization | C77: =(89*0.25) -> 22.25 | D77: 1 | E77: =C77*D77 -> 22.25 | F77: =E77 -> 22.25 | G77: 0.25 | H77: =E77*G77 -> 5.5625 | I77: 5.5625 | J77: =H77-I77 -> 0 | K77: =H77-I77 -> 0 | L77: =H77-I77 -> 0
A78: Subtotal Reporting: State and Local Agencies | C78: =C5+1267 -> 1355 | D78: =E78/C78 -> 10032.845 | E78: =SUM(E5:E77) -> 13594505 | F78: =SUM(F5:F77) -> 13664201 | G78: =H78/E78 -> 0.28127414 | H78: =SUM(H5:H77) -> 3823782.6 | I78: =SUM(I5:I77) -> 3934443.1 | J78: =SUM(J5:J77) -> -141881.93 | K78: =SUM(K5:K77) -> 31221.5 | L78: =SUM(L5:L77) -> -110660.44
A79: Affected Public: Individuals and Households: Applicants for Program Benefits
A80: 246.7(i) | B80: Cert. data for women | C80: 1379126 | D80: 1 | E80: 1379126 | F80: =E80 -> 1379126 | G80: 0.4676 | H80: 644879.32 | I80: 644879.32 | J80: =H80-I80 -> 0 | K80: 0 | L80: 0
A81: 246.7(i) | B81: Cert. data for children | C81: 3400090 | D81: 1 | E81: 3400090 | F81: =E81 -> 3400090 | G81: 0.4676 | H81: 1589882.1 | I81: 1589882.1 | J81: =H81-I81 -> 0 | K81: 0 | L81: 0
A82: 246.7(i) | B82: Certification data for infants | C82: 1464744 | D82: 1 | E82: 1464744 | F82: =E82 -> 1464744 | G82: 0.4676 | H82: 684914.29 | I82: 684914.29 | J82: =H82-I82 -> 0 | K82: 0 | L82: 0
A83: 246.7(i) | B83: Explaining food package updates | C83: 6243960 | D83: 1 | E83: =C83*D83 -> 6243960 | F83: =E83 -> 6243960 | G83: 0.0835 | H83: =E83*G83 -> 521370.66 | I83: =$H$83 -> 521370.66 | J83: =H83-I83 -> 0 | K83: 0 | L83: =H83-I83 -> 0
A84: 246.7 | B84: Travel time for certification appointments | C84: 6243960 | D84: 1 | E84: =C84*D84 -> 6243960 | F84: =E84 -> 6243960 | G84: 0.334 | H84: =E84*G84 -> 2085482.6 | I84: 2085482.6 | J84: =H84-I84 -> 0 | K84: 0 | L84: =H84-I84 -> 0
A85: 246.7(o) | B85: Certification appointments | C85: 6243960 | D85: 1 | E85: =C85*D85 -> 6243960 | F85: =E85 -> 6243960 | G85: 0.334 | H85: =E85*G85 -> 2085482.6 | I85: 2085482.6 | J85: =H85-I85 -> 0 | K85: 0 | L85: =H85-I85 -> 0
A86: 246.9 | B86: Participant Appeals | C86: =(6243960*0.02*0.02) -> 2497.584 | D86: 1 | E86: =C86*D86 -> 2497.584 | F86: =E86 -> 2497.584 | G86: 2 | H86: =E86*G86 -> 4995.168 | I86: 4995.168 | J86: =H86-I86 -> 0 | K86: 0 | L86: =H86-I86 -> 0
A87: 246.10(d)(1) | B87: Medical documentation, 1% of infants | C87: =1464744*0.01 -> 14647.44 | D87: 1 | E87: =C87*D87 -> 14647.44 | F87: =E87 -> 14647.44 | G87: 0.0334 | H87: =E87*G87 -> 489.2245 | I87: 489.2245 | J87: =H87-I87 -> 0 | K87: =H87-I87 -> 0 | L87: =H87-I87 -> 0
A88: 246.10(d)(1) | B88: Medical documentation | C88: =(3400090*0.01)+(6243960 *0.01)+(1379126*0.01) -> 110231.76 | D88: 2 | E88: =C88*D88 -> 220463.52 | F88: =E88 -> 220463.52 | G88: 0.0501 | H88: =E88*G88 -> 11045.222 | I88: 11045.222 | J88: =H88-I88 -> 0 | K88: =H88-I88 -> 0 | L88: =H88-I88 -> 0
A89: 246.11(e) | B89: Nutrition Education | C89: 6243960 | D89: 1 | E89: =C89*D89 -> 6243960 | F89: =E89 -> 6243960 | G89: 0.25 | H89: =E89*G89 -> 1560990 | I89: 1560990 | J89: =H89-I89 -> 0 | K89: 0 | L89: =H89-I89 -> 0
A90: 246.12(r)(4) & (r)(5) | B90: Offline EBT State agencies: Food instrument and cash-value voucher pick up (non-certification clinic visits) | C90: ='Final Rule ICR Only'!C23 -> 304757.59 | D90: ='Final Rule ICR Only'!D23 -> 2.625 | E90: ='Final Rule ICR Only'!E23 -> 799988.68 | F90: 1788999.8 | G90: ='Final Rule ICR Only'!F23 -> 0.5 | H90: ='Final Rule ICR Only'!G23 -> 399994.34 | I90: ='Final Rule ICR Only'!H23 -> 894499.89 | J90: ='Final Rule ICR Only'!I23 -> -57142.048 | K90: ='Final Rule ICR Only'!J23 -> -437363.5 | L90: ='Final Rule ICR Only'!K23 -> -494505.55 | M90: ='Final Rule ICR Only'!L23 -> Program change: Decrease in the frequency of responses due to the final rule. Program adjustments: Decrease in the number of offline EBT State agencies and increase in the number of participants.
A91: 246.12(r)(4) & (r)(5) | B91: Online EBT State agencies: Food instrument and cash-value voucher pick up (non-certification clinic visits) | C91: ='Final Rule ICR Only'!C24 -> 3047575.9 | D91: ='Final Rule ICR Only'!D24 -> 0 | E91: ='Final Rule ICR Only'!E24 -> 0 | F91: 2525646.7 | G91: ='Final Rule ICR Only'!F24 -> 0 | H91: ='Final Rule ICR Only'!G24 -> 0 | I91: ='Final Rule ICR Only'!H24 -> 1262823.4 | J91: ='Final Rule ICR Only'!I24 -> -1262823.4 | K91: ='Final Rule ICR Only'!J24 -> 0 | L91: ='Final Rule ICR Only'!K24 -> -1262823.4 | M91: ='Final Rule ICR Only'!L24 -> Program change: Final rule removes this requirement.
A92: Subtotal Reporting: Applicants | C92: =(C90+C91)*2 -> 6704667 | D92: =E92/C92 -> 4.8111856 | E92: =SUM(E80:E91) -> 32257397 | F92: =SUM(F80:F91) -> 35772055 | G92: =H92/E92 -> 0.29728144 | H92: =SUM(H80:H91) -> 9589525.6 | I92: =SUM(I80:I91) -> 11346855 | J92: =SUM(J80:J91) -> -1319965.4 | K92: =SUM(K80:K91) -> -437363.5 | L92: =SUM(L80:L91) -> -1757328.9
A93: Affected Public: Business: Retail Vendors (WIC-Authorized Food Stores) and Nonprofit Businesses
A94: 246.5(b) | B94: Nonprofit Applications | C94: =543*0.5 -> 271.5 | D94: 1 | E94: =C94*D94 -> 271.5 | F94: =E94 -> 271.5 | G94: 2 | H94: =E94*G94 -> 543 | I94: 543 | J94: =H94-I94 -> 0 | K94: 0 | L94: =H94-I94 -> 0
A95: 246.6 | B95: Local Agency Agreements | C95: =1810*0.5*0.3 -> 271.5 | D95: 1 | E95: =C95*D95 -> 271.5 | F95: =E95 -> 271.5 | G95: 1.5 | H95: =E95*G95 -> 407.25 | I95: 407.25 | J95: =H95-I95 -> 0 | K95: 0 | L95: =H95-I95 -> 0
A96: 246.7(f)(2)(iii)(A) | B96: LA requests for notice extension | C96: =(1810*0.3)/6 -> 90.5 | D96: 1 | E96: =C96*D96 -> 90.5 | F96: =E96 -> 90.5 | G96: 0.25 | H96: =E96*G96 -> 22.625 | I96: 22.625 | J96: =H96-I96 -> 0 | K96: 0 | L96: =H96-I96 -> 0
A97: 246.7(i) | B97: Cert. data for women | C97: 543 | D97: 761.94807 | E97: 413737.8 | F97: =E97 -> 413737.8 | G97: 0.4676 | H97: 193463.8 | I97: 193463.8 | J97: =H97-I97 -> 0 | K97: 0 | L97: =H97-I97 -> 0
A98: 246.7(i) | B98: Cert. data for children | C98: 543 | D98: 1878.5028 | E98: 1020027 | F98: =E98 -> 1020027 | G98: 0.4676 | H98: 476964.63 | I98: 476964.63 | J98: =H98-I98 -> 0 | K98: 0 | L98: =H98-I98 -> 0
A99: 246.7(i) | B99: Certification data for infants | C99: 543 | D99: 809.25083 | E99: 439423.2 | F99: =E99 -> 439423.2 | G99: 0.4676 | H99: 205474.29 | I99: 205474.29 | J99: =H99-I99 -> 0 | K99: 0 | L99: =H99-I99 -> 0
A100: 246.7(i) | B100: Explaining food package updates | C100: =1810*0.3 -> 543 | D100: =(0.3*6243960)/543 -> 3449.7017 | E100: =C100*D100 -> 1873188 | F100: =E100 -> 1873188 | G100: 0.0835 | H100: =E100*G100 -> 156411.2 | I100: 156411.2 | J100: =H100-I100 -> 0 | K100: 0 | L100: =H100-I100 -> 0
...

Sheet Final Rule ICR Only
A1: APPENDIX F: WIC Burden Table | N1: Number of respondents per category
A2: Regulatory Section | B2: Information Collected | C2: Estimated Number of Respondents | D2: Annual Responses per Respondent | E2: Total Annual Responses | F2: Number of Burden Hours per Request | G2: Estimated Total Burden Hours | H2: Previous Submission: Total Hours per Person | I2: Difference Due to Program Changes | J2: Difference Due to Adjustments | K2: Total Difference | L2: Explanation of Difference
A3: REPORTING BURDEN ESTIMATES
A4: Affected Public: State and Local Agencies (including Indian Tribal Organizations and U.S. Territories)
A5: 246.4 | B5: State Plan | C5: 88 | D5: 1 | E5: =C5*D5 -> 88 | F5: 170.62 | G5: =E5*F5 -> 15014.56 | H5: 15185.18 | I5: 0 | J5: =G5-H5 -> -170.62 | K5: =SUM(I5:J5) -> -170.62 | L5: Program adjustment: Decrease in the number of State agencies. Re-estimate of burden from the proposed rule to the final rule results in no program changes.
A6: 246.12 | B6: Implementation of food delivery system changes | C6: 44 | D6: 1 | E6: =C6*D6 -> 44 | F6: 5 | G6: =E6*F6 -> 220 | H6: 0 | I6: =G6-H6 -> 220 | J6: 0 | K6: =G6-H6 -> 220 | L6: Program change: Implementation burden for trainings, status reports, and other State agency start up costs related to the final rule.
A7: 246.12(g)(4)(i) | B7: Vendor food sales data | C7: 88 | D7: =(0.02*40487)/88 -> 9.2015909 | E7: =C7*D7 -> 809.74 | F7: 4 | G7: =E7*F7 -> 3238.96 | H7: 3360 | I7: =(110*0.02)*4 -> 8.8 | J7: =G7-H7-I7 -> -129.84 | K7: =SUM(I7:J7) -> -121.04 | L7: Program change: Addition of internet vendors due to final rule. Program adjustments: Decrease in the number of A50 vendors and State agencies.
A8: 246.12(g)(4)(ii)(B) | B8: Vendor shelf prices | C8: 0 | D8: 0 | E8: =C8*D8 -> 0 | F8: 0 | G8: =E8*F8 -> 0 | H8: 149068 | I8: =G8-H8 -> -149068 | J8: 0 | K8: =G8-H8 -> -149068 | L8: Program change: Final rule permanently removes this requirement.
A9: 246.12(g)(4)(ii)(B) | B9: Vendor shelf prices exemption | C9: 0 | D9: 0 | E9: =C9*D9 -> 0 | F9: 0 | G9: =E9*F9 -> 0 | H9: 40 | I9: =G9-H9 -> -40 | J9: 0 | K9: =G9-H9 -> -40 | L9: Program change: Final rule permanently removes this requirement.
A10: 246.12(g)(5) | B10: Vendor initial preauthorization visits (onsite) | C10: 88 | D10: 17 | E10: =C10*D10 -> 1496 | F10: 1.17 | G10: =F10*E10 -> 1750.32 | H10: 1513 | I10: 0 | J10: =G10-H10 -> 237.32 | K10: =G10-H10 -> 237.32 | L10: Program adjustments: Adjustment of burden hours estimated for this activity based on public comment, decrease in the number of State agencies.
A11: 246.12(g)(5) | B11: Vendor initial preauthorization visits (virtual) | C11: 44 | D11: =110/44 -> 2.5 | E11: =C11*D11 -> 110 | F11: 0.668 | G11: =E11*F11 -> 73.48 | H11: 0 | I11: =G11-H11 -> 73.48 | J11: 0 | K11: =G11-H11 -> 73.48 | L11: Program change: Addition of internet vendors due to final rule.
A12: 246.12(h) | B12: Review vendor applications & agreements | C12: 88 | D12: =(0.33*40487)/88 -> 151.82625 | E12: =C12*D12 -> 13360.71 | F12: 2 | G12: =E12*F12 -> 26721.42 | H12: 8215.14 | I12: =110*0.33*2 -> 72.6 | J12: =G12-H12-I12 -> 18433.68 | K12: =SUM(I12:J12) -> 18506.28 | L12: Program change: Addition of internet vendors due to final rule. Program adjustments: Adjustment of burden hours estimated for this activity based on public comment, increase in number of vendors.
A13: 246.12(i)(1) | B13: Vendor training | C13: 88 | D13: =(40487/88) -> 460.07955 | E13: =C13*D13 -> 40487 | F13: 2 | G13: =E13*F13 -> 80974 | H13: 74534 | I13: =110*2 -> 220 | J13: =G13-H13-I13 -> 6220 | K13: =SUM(I13:J13) -> 6440 | L13: Program change: Addition of internet vendors due to final rule. Program adjustment: Increase in number of brick-and-mortar vendors.
A14: 246.12(j)(2) | B14: Routine vendor monitoring (onsite) | C14: 88 | D14: =(0.05*40377)/88 -> 22.941477 | E14: =C14*D14 -> 2018.85 | F14: 1.67 | G14: =E14*F14 -> 3371.4795 | H14: 2485.71 | I14: 0 | J14: =G14-H14 -> 885.7695 | K14: =G14-H14 -> 885.7695 | L14: Program adjustments: Adjustment of burden hours estimated for this activity based on public comment, increase in number of vendors.
A15: 246.12(j)(2) | B15: Routine vendor monitoring (virtual) | C15: 44 | D15: =(110/44)*0.05 -> 0.125 | E15: =C15*D15 -> 5.5 | F15: 1.17 | G15: =E15*F15 -> 6.435 | H15: 0 | I15: =G15-H15 -> 6.435 | J15: 0 | K15: =G15-H15 -> 6.435 | L15: Program change: Addition of internet vendors due to final rule.
A16: 246.12(j)(4) | B16: Vendor compliance investigations (onsite) | C16: 88 | D16: =(40377*0.05)/88 -> 22.941477 | E16: =C16*D16 -> 2018.85 | F16: 5 | G16: =E16*F16 -> 10094.25 | H16: 4349.06 | I16: 0 | J16: =G16-H16 -> 5745.19 | K16: =G16-H16 -> 5745.19 | L16: Program adjustments: Adjustment of burden hours estimated for this activity based on public comment, increase in number of vendors.
A17: 246.12(j)(4) | B17: Vendor compliance investigations (virtual) | C17: 44 | D17: =(110/44)*0.05 -> 0.125 | E17: =D17*C17 -> 5.5 | F17: 4.5 | G17: =E17*F17 -> 24.75 | H17: 0 | I17: =G17-H17 -> 24.75 | J17: 0 | K17: =G17-H17 -> 24.75 | L17: Program change: Addition of internet vendors due to final rule.
A18: 246.12(bb)(1) | B18: System updates to allow online shopping, including return of benefits | C18: 44 | D18: 1 | E18: =D18*C18 -> 44 | F18: 50 | G18: =E18*F18 -> 2200 | H18: 0 | I18: =G18-H18 -> 2200 | J18: 0 | K18: =G18-H18 -> 2200 | L18: Program change: Implementation burden related to updating EBT and MIS systems due to the final rule.
A19: 246.12(bb)(2) | B19: Transaction authentication policy development | C19: 88 | D19: 1 | E19: =C19*D19 -> 88 | F19: 50 | G19: =E19*F19 -> 4400 | H19: 0 | I19: =G19-H19 -> 4400 | J19: 0 | K19: =G19-H19 -> 4400 | L19: Program change: Implementation burden related to developing new authentication policies due to final rule.
A20: 246.14(d) | B20: ADP proposals | C20: 20 | D20: 1 | E20: =C20*D20 -> 20 | F20: 160 | G20: =E20*F20 -> 3200 | H20: 3200 | I20: =G20-H20 -> 0 | J20: 0 | K20: =G20-H20 -> 0 | L20: Re-estimate of burden from the proposed rule to the final rule results in no change in burden hours.
A21: Subtotal Reporting: State and Local Agencies | C21: =C5 -> 88 | D21: =E21/C21 -> 688.59261 | E21: =SUM(E5:E20) -> 60596.15 | F21: =G21/E21 -> 2.4966876 | G21: =SUM(G5:G20) -> 151289.65 | H21: =SUM(H5:H20) -> 261950.09 | I21: =SUM(I5:I20) -> -141881.93 | J21: =SUM(J5:J20) -> 31221.5 | K21: =SUM(K5:K20) -> -110660.44
A22: Affected Public: Individuals and Households: Applicants for Program Benefits
A23: 246.12(r)(4) & (r)(5) | B23: Offline EBT State agencies: Food instrument and cash-value voucher pick up (non-certification clinic visits) | C23: =(3352333.5/88)*8 -> 304757.59 | D23: =((3*0.625)+(2*0.375)) -> 2.625 | E23: =C23*D23 -> 799988.68 | F23: 0.5 | G23: =E23*F23 -> 399994.34 | H23: 894499.89 | I23: =C23*(D23-3)*F23 -> -57142.048 | J23: =G23-H23-I23 -> -437363.5 | K23: =SUM(J23,I23) -> -494505.55 | L23: Program change: Decrease in the frequency of responses due to the final rule. Program adjustments: Decrease in the number of offline EBT State agencies and increase in the number of participants.
A24: 246.12(r)(4) & (r)(5) | B24: Online EBT State agencies: Food instrument and cash-value voucher pick up (non-certification clinic visits) | C24: =(3352333.5/88)*80 -> 3047575.9 | D24: 0 | E24: =C24*D24 -> 0 | F24: 0 | G24: =E24*F24 -> 0 | H24: 1262823.4 | I24: =G24-H24 -> -1262823.4 | J24: 0 | K24: =G24-H24 -> -1262823.4 | L24: Program change: Final rule removes this requirement.
A25: Subtotal Reporting: Applicants | C25: =C23+C24 -> 3352333.5 | D25: =E25/C25 -> 0.23863636 | E25: =SUM(E23:E24) -> 799988.68 | F25: =G25/E25 -> 0.5 | G25: =SUM(G23:G24) -> 399994.34 | H25: =SUM(H23:H24) -> 2157323.3 | I25: =SUM(I23:I24) -> -1319965.4 | J25: =SUM(J23:J24) -> -437363.5 | K25: =SUM(K23:K24) -> -1757328.9
A26: Affected Public: Business: Retail Vendors (WIC-Authorized Food Stores) and Nonprofit Businesses
A27: 246.12(g)(4)(i) | B27: Vendor food sales data for A50s | C27: =((0.02)*40487) -> 809.74 | D27: 1 | E27: =C27*D27 -> 809.74 | F27: 2 | G27: =E27*F27 -> 1619.48 | H27: 1680 | I27: =((0.02)*110)*2 -> 4.4 | J27: =G27-H27-I27 -> -64.92 | K27: =SUM(I27:J27) -> -60.52 | L27: Program change: Addition of internet vendors due to final rule. Program adjustment: Decrease in number of A50 vendors.
A28: 246.12(g)(4)(ii)(B) | B28: Vendor shelf prices | C28: 0 | D28: 0 | E28: =C28*D28 -> 0 | F28: 0 | G28: =E28*F28 -> 0 | H28: 132318.79 | I28: =G28-H28 -> -132318.79 | J28: 0 | K28: =SUM(I28:J28) -> -132318.79 | L28: Program change: Final rule permanently removes this requirement.
A29: 246.12(g)(5) | B29: Vendor initial preauthorization visits | C29: =(88*17)+110 -> 1606 | D29: 1 | E29: =C29*D29 -> 1606 | F29: 0.668 | G29: =E29*F29 -> 1072.808 | H29: 1010.684 | I29: =110*F29 -> 73.48 | J29: =G29-H29-I29 -> -11.356 | K29: =SUM(I29:J29) -> 62.124 | L29: Program change: Addition of internet vendors due to final rule. Program adjustment: Decrease in number of State agencies.
A30: 246.12(h) | B30: Vendor applications & agreements | C30: =40487*0.33 -> 13360.71 | D30: 1 | E30: =C30*D30 -> 13360.71 | F30: 1 | G30: =E30*F30 -> 13360.71 | H30: 12298.11 | I30: =110*(0.33) -> 36.3 | J30: =G30-H30-I30 -> 1026.3 | K30: =SUM(I30:J30) -> 1062.6 | L30: Program change: Addition of internet vendors due to final rule. Program adjustment: Increase in number of brick-and-mortar vendors.
A31: 246.12(h)(3)(xiii) | B31: Vendor training of staff | C31: 40487 | D31: 1 | E31: =C31*D31 -> 40487 | F31: 1 | G31: =E31*F31 -> 40487 | H31: 37267 | I31: 110 | J31: =G31-H31-I31 -> 3110 | K31: =SUM(I31:J31) -> 3220 | L31: Program change: Addition of internet vendors due to final rule. Program adjustment: Increase in number of brick-and-mortar vendors.
A32: 246.12(h)(8)(i) | B32: Vendor incentive items | C32: =(4/9)*(0.02*40487) -> 359.88444 | D32: 1 | E32: =C32*D32 -> 359.88444 | F32: 1 | G32: =E32*F32 -> 359.88444 | H32: 340 | I32: =(4/9)*(0.02*110) -> 0.97777778 | J32: =G32-H32-I32 -> 18.906667 | K32: =SUM(I32:J32) -> 19.884444 | L32: Program change: Addition of internet vendors due to final rule. Program adjustments: Decrease in number of A50 vendors, increase in number of brick-and-mortar vendors.
A33: 246.12(i) | B33: Vendor training | C33: 40487 | D33: 1 | E33: =C33*D33 -> 40487 | F33: 2 | G33: =E33*F33 -> 80974 | H33: 74534 | I33: =110*2 -> 220 | J33: =G33-H33-I33 -> 6220 | K33: =SUM(I33:J33) -> 6440 | L33: Program change: Addition of internet vendors due to final rule. Program adjustment: Increase in number of brick-and-mortar vendors.
A34: 246.12(bb)(1) | B34: System updates to allow online shopping, including return of benefits | C34: 110 | D34: 1 | E34: =C34*D34 -> 110 | F34: 50 | G34: =E34*F34 -> 5500 | H34: 0 | I34: =G34-H34 -> 5500 | J34: 0 | K34: =G34-H34 -> 5500 | L34: Program change: Implementation burden related to updating vendor systems due to the final rule.
A35: Subtotal Reporting: Businesses | C35: =C33 -> 40487 | D35: =+E35/C35 -> 2.4012729 | E35: =SUM(E27:E34) -> 97220.334 | F35: =+G35/E35 -> 1.4747314 | G35: =SUM(G27:G34) -> 143373.88 | H35: =SUM(H27:H34) -> 259448.58 | I35: =SUM(I27:I34) -> -126373.63 | J35: =SUM(J27:J34) -> 10298.931 | K35: =SUM(K27:K34) -> -116074.7
A36: GRAND SUBTOTAL: REPORTING | C36: =SUM(C21,C25,C35) -> 3392908.5 | D36: =E36/C36 -> 0.2822962 | E36: =SUM(E21,E25,E35) -> 957805.16 | F36: =+G36/E36 -> 0.72526011 | G36: =SUM(G21+G25+G35) -> 694657.88 | H36: =SUM(H35+H25+H21) -> 2678721.9 | I36: =SUM(I21,I25,I35) -> -1588221 | J36: =J35+J25+J21 -> -395843.07 | K36: =K35+K25+K21 -> -1984064.1
A37: RECORDKEEPING BURDEN ESTIMATES
A38: Affected Public: State and Local Agencies (including Indian Tribal Organizations and U.S. Territories)
A39: 246.12(h)(1)(i) | B39: Vendor applications & agreements | C39: 88 | D39: =((40487*0.33)/88) -> 151.82625 | E39: =C39*D39 -> 13360.71 | F39: 1 | G39: =E39*F39 -> 13360.71 | H39: 12298.11 | I39: =110*(0.33) -> 36.3 | J39: =G39-H39-I39 -> 1026.3 | K39: =SUM(I39:J39) -> 1062.6 | L39: Program change: Addition of internet vendors due to final rule. Program adjustments: Increase in number of vendors, decrease in number of State agencies.
A40: 246.12(h)(8)(i) | B40: Vendor incentive items | C40: =4 -> 4 | D40: =(40487*0.02)/9 -> 89.971111 | E40: =C40*D40 -> 359.88444 | F40: 1 | G40: =E40*F40 -> 359.88444 | H40: 389.2 | I40: =110*0.02*(4/9) -> 0.97777778 | J40: =G40-H40-I40 -> -30.293333 | K40: =SUM(I40:J40) -> -29.315556 | L40: Program change: Addition of internet vendors due to final rule. Program adjustment: More accurate reporting of number of A50 vendors.
A41: 246.12(j)(6) | B41: Routine vendor monitoring | C41: 88 | D41: =(40487/88)*0.05 -> 23.003977 | E41: =C41*D41 -> 2024.35 | F41: 0.5 | G41: =E41*F41 -> 1012.175 | H41: 931.68 | I41: =110*0.05*F41 -> 2.75 | J41: =G41-H41-I41 -> 77.745 | K41: =SUM(I41:J41) -> 80.495 | L41: Program change: Addition of internet vendors due to final rule. Program adjustment: Increase in number of brick-and-mortar vendors.
A42: 246.12(j)(6)(ii) | B42: Vendor compliance investigations | C42: 88 | D42: =(40487/88)*0.05 -> 23.003977 | E42: =C42*D42 -> 2024.35 | F42: 2 | G42: =E42*F42 -> 4048.7 | H42: 3726.7 | I42: =110*0.05*F42 -> 11 | J42: =G42-H42-I42 -> 311 | K42: =SUM(I42:J42) -> 322 | L42: Program change: Addition of internet vendors due to final rule. Program adjustment: Increase in number of brick-and-mortar vendors.
A43: 246.12(l)(3) | B43: Vendor notice of violations | C43: 88 | D43: =(40487*0.028)/88 -> 12.882227 | E43: =C43*D43 -> 1133.636 | F43: 1 | G43: =E43*F43 -> 1133.636 | H43: 1048 | I43: =110*0.028 -> 3.08 | J43: =G43-H43-I43 -> 82.556 | K43: =SUM(I43:J43) -> 85.636 | L43: Program change: Addition of internet vendors due to final rule. Program adjustment: Increase in number of brick-and-mortar vendors.
A44: Subtotal Recordkeeping: State and Local Agencies | C44: 88 | D44: =+E44/C44 -> 214.80603 | E44: =SUM(E39:E43) -> 18902.93 | F44: =+G44/E44 -> 1.0535459 | G44: =SUM(G39:G43) -> 19915.105 | H44: =SUM(H39:H43) -> 18393.69 | I44: =SUM(I39:I43) -> 54.107778 | J44: =SUM(J39:J43) -> 1467.3077 | K44: =SUM(K39:K43) -> 1521.4154
A45: Affected Public: Business: Retail Vendors (WIC-Authorized Food Stores) and Nonprofit Businesses
A46: 246.12(h)(3)(xvi) | B46: Vendor inventory records | C46: 40487 | D46: 1 | E46: =C46*D46 -> 40487 | F46: 0.167 | G46: =E46*F46 -> 6761.329 | H46: 6223.59 | I46: =110*F46 -> 18.37 | J46: =G46-H46-I46 -> 519.369 | K46: =SUM(I46:J46) -> 537.739 | L46: Program change: Addition of internet vendors due to final rule. Program adjustment: Increase in number of brick-and-mortar vendors.
A47: Subtotal Recordkeeping: Businesses | C47: =C46 -> 40487 | D47: =E47/C47 -> 1 | E47: =SUM(E46:E46) -> 40487 | F47: =G47/E47 -> 0.167 | G47: =SUM(G46:G46) -> 6761.329 | H47: =SUM(H46:H46) -> 6223.59 | I47: =SUM(I46:I46) -> 18.37 | J47: =SUM(J46:J46) -> 519.369 | K47: =SUM(K46:K46) -> 537.739
A48: GRAND SUBTOTAL: RECORDKEEPING | C48: =C47+C44 -> 40575 | D48: =+E48/C48 -> 1.4637075 | E48: =E47+E44 -> 59389.93 | F48: =G48/E48 -> 0.44917437 | G48: =G47+G44 -> 26676.434 | H48: =H47+H44 -> 24617.28 | I48: =I47+I44 -> 72.477778 | J48: =J47+J44 -> 1986.6767 | K48: =K47+K44 -> 2059.1544
A49: GRAND TOTAL: REPORTING, RECORDKEEPING, and PUBLIC DISCLOSURE | C49: =C21+C25+C35 -> 3392908.5 | D49: =E49/C49 -> 0.29980033 | E49: =E48+E36 -> 1017195.1 | F49: =G49/E49 -> 0.70914057 | G49: =G48+G36 -> 721334.31 | H49: =H48+H36 -> 2703339.2 | I49: =I48+I36 -> -1588148.5 | J49: =J48+J36 -> -393856.39 | K49: =K48+K36 -> -1982004.9
A51: SUMMARY OF REPORTING BURDEN (OMB #0584-0043)
A52: TOTAL NO. RESPONDENTS | C52: =+C36 -> 3392908.5
A53: AVERAGE NO. RESPONSES PER RESPONDENT | C53: =+C54/C52 -> 0.2822962
A54: TOTAL ANNUAL RESPONSES | C54: =+E36 -> 957805.16
A55: AVERAGE HOURS PER RESPONSE | C55: =+C56/C54 -> 0.72526011
A56: TOTAL ANNUAL BURDEN HOURS REQUESTED | C56: =+G36 -> 694657.88
A57: CURRENT OMB INVENTORY | C57: =H36 -> 2678721.9
A58: DIFFERENCE | C58: =C56-C57 -> -1984064.1
A60: SUMMARY OF RECORDKEEPING BURDEN (OMB #0584-0043)
A61: TOTAL NO. RECORDKEEPERS | C61: =+C48 -> 40575
A62: AVERAGE NO. RESPONSES PER RESPONDENT | C62: =+C63/C61 -> 1.4637075
A63: TOTAL ANNUAL RESPONSES | C63: =+E48 -> 59389.93
A64: AVERAGE HOURS PER RESPONSE | C64: =+C65/C63 -> 0.44917437
A65: TOTAL ANNUAL BURDEN HOURS REQUESTED | C65: =+G48 -> 26676.434
A66: CURRENT OMB INVENTORY | C66: =+H48 -> 24617.28
A67: DIFFERENCE | C67: =C65-C66 -> 2059.1544
A70: ANNUAL REPORTING & RECORDKEEPING BURDEN (OMB #0584-0043)
A71: GRAND TOTAL - RESPONSES | C71: =E49 -> 1017195.1
A72: GRAND TOTAL - ANNUAL BURDEN HOURS | D72: =G49 -> 721334.31
A73: CURRENT OMB INVENTORY | C73: =H49 -> 2703339.2
A74: DIFFERENCE | C74: =D72-C73 -> -1982004.9

Sheet Cost Estimates
A1: Annualized costs to respondents (A12.B)
A2: Respondent Type | B2: Estimated Total Burden Hours | C2: Mean Wage | D2: Base Annual | E2: Fringe (33%) | F2: Total Annual Cost
A3: State and local agency staff | B3: =SUM('Final Rule ICR Only'!G21,'Final Rule ICR Only'!G44) -> 171204.76 | C3: 36.71 | D3: =C3*B3 -> 6284926.7 | E3: =D3*0.33 -> 2074025.8 | F3: =E3+D3 -> 8358952.6
A4: Vendor staff | B4: =SUM('Final Rule ICR Only'!G35,'Final Rule ICR Only'!G47) -> 150135.21 | C4: 18.52 | D4: =C4*B4 -> 2780504.1 | E4: =D4*0.33 -> 917566.36 | F4: =E4+D4 -> 3698070.5
A5: Applicants | B5: =SUM('Final Rule ICR Only'!G25) -> 399994.34 | C5: 7.25 | D5: =C5*B5 -> 2899959 | E5: =D5*0.33 -> 956986.45 | F5: =E5+D5 -> 3856945.4
A6: Totals | B6: =SUM(B3:B5) -> 721334.31 | F6: =SUM(F3:F5) -> 15913968
A8: 2026 Pay Rates
A9: GS-11, Step 6 | B9: 35.66 | D9: Cost per FTE | E9: 89599.47
A10: GS-12, Step 6 | B10: 42.74 | D10: Fringe per FTE | E10: 29567.82
A11: GS-13, Step 6 | B11: 50.83 | D11: Total per FTE | E11: 119167.29
A12: Average | B12: 43.08
A13: Source:
A14: https://www.opm.gov/policy-data-oversight/pay-leave/salaries-wages/2026/general-schedule/
A17: Costs to the Federal government (A14)
A19: Hours | B19: =40*52 -> 2080
A20: Hourly Wage | B20: =B12 -> 43.08
A21: Base | B21: =B19*B20 -> 89606.4
A22: Fringe (33%) | B22: =B21*0.33 -> 29570.112
A23: Total for 1 | B23: =SUM(B21:B22) -> 119176.51
A24: Num. FNS staff | B24: 19
A25: Total for all | B25: =B23*B24 -> 2264353.7
A26: Mailing and telehpone | B26: 2000
A27: Total Cost | B27: =B25+B26 -> 2266353.7

Sheet Currently Approved WIC ICR
A1: APPENDIX F: WIC Burden Table
A2: Regulatory Section | B2: Information Collected | C2: Estimated Number of Respondents | D2: Annual Responses per Respondent | E2: Total Annual Responses | F2: Number of Burden Hours per Request | G2: Estimated Total Burden Hours | H2: Previous Submission: Total Hours per Person | I2: Difference Due to Program Changes | J2: Difference Due to Adjustments | K2: Total Difference | L2: Explanation of Differences/Comments
A3: REPORTING BURDEN ESTIMATES
A4: Affected Public: State and Local Agencies (including Indian Tribal Organizations and U.S. Territories)
A5: 246.4 | B5: State Plan | C5: 89 | D5: 1 | E5: =C5*D5 -> 89 | F5: 170.62 | G5: =E5*F5 -> 15185.18 | H5: 15185.18 | I5: 0 | J5: =G5-H5 -> 0 | K5: =G5-H5 -> 0 | L5: N/A
A6: 246.4(a)(30) | B6: Implementation of Alternate Operating Procedures | C6: 15 | D6: 1 | E6: =C6*D6 -> 15 | F6: 80 | G6: =E6*F6 -> 1200 | H6: 1200 | I6: 0 | J6: =G6-H6 -> 0 | K6: =G6-H6 -> 0 | L6: N/A
A7: 246.5(b) | B7: Local Agency (LA) applications | C7: =1810*0.5*0.7 -> 633.5 | D7: 1 | E7: =C7*D7 -> 633.5 | F7: 2 | G7: =E7*F7 -> 1267 | H7: 1267 | I7: =G7-H7 -> 0 | J7: 0 | K7: =G7-H7 -> 0 | L7: N/A
A8: 246.5(c)(2) | B8: SA notification re not funding LA | C8: 4 | D8: 1 | E8: =C8*D8 -> 4 | F8: 0.167 | G8: =E8*F8 -> 0.668 | H8: 0.668 | I8: =G8-H8 -> 0 | J8: 0 | K8: =G8-H8 -> 0 | L8: N/A
A9: 246.5(e)(3)(ii) | B9: SA notification of LA disqualification | C9: 4 | D9: =(1810/89)*0.02 -> 0.40674157 | E9: =C9*D9 -> 1.6269663 | F9: 0.5 | G9: =E9*F9 -> 0.81348315 | H9: 0.81348315 | I9: =G9-H9 -> 0 | J9: 0 | K9: =G9-H9 -> 0 | L9: N/A
A10: 246.6 | B10: LA Agreements | C10: =1810*0.5*0.7 -> 633.5 | D10: 1 | E10: =C10*D10 -> 633.5 | F10: 1.5 | G10: =E10*F10 -> 950.25 | H10: 950.25 | I10: =G10-H10 -> 0 | J10: 0 | K10: =G10-H10 -> 0 | L10: N/A
A11: 246.7(d) | B11: Provision of income eligibility determinations | C11: 89 | D11: =(1810/89) -> 20.337079 | E11: =C11*D11 -> 1810 | F11: 0.25 | G11: =E11*F11 -> 452.5 | H11: 452.5 | I11: =G11-H11 -> 0 | J11: 0 | K11: =G11-H11 -> 0 | L11: N/A
A12: 246.7(f)(2)(iii)(A) | B12: LA requests for notice extension | C12: =(1810/6)*0.7 -> 211.16667 | D12: 1 | E12: =C12*D12 -> 211.16667 | F12: 0.25 | G12: =E12*F12 -> 52.791667 | H12: 52.791667 | I12: =G12-H12 -> 0 | J12: 0 | K12: =G12-H12 -> 0 | L12: N/A
A13: 246.7(b),(i),(n) | B13: Cert. data for women | C13: =1810*0.7 -> 1267 | D13: =(1379126*0.7)/1267 -> 761.94807 | E13: =C13*D13 -> 965388.2 | F13: 0.4676 | G13: =E13*F13 -> 451415.52 | H13: 403049.57 | I13: =G13-H13 -> 48365.949 | J13: 0 | K13: =G13-H13 -> 48365.949 | L13: Increase in number of burden hours due to program change due to final rule.
A14: 246.7(i) | B14: Cert. data for children | C14: =1810*0.7 -> 1267 | D14: =(3400090*0.7)/1267 -> 1878.5028 | E14: =C14*D14 -> 2380063 | F14: 0.4676 | G14: =E14*F14 -> 1112917.5 | H14: 993676.3 | I14: =G14-H14 -> 119241.16 | J14: 0 | K14: =G14-H14 -> 119241.16 | L14: Increase in number of burden hours due to program change due to final rule.
A15: 246.7(i) | B15: Certification data for infants | C15: =1810*0.7 -> 1267 | D15: =1*(1464744*0.7/1267) -> 809.25083 | E15: =C15*D15 -> 1025320.8 | F15: 0.4676 | G15: =E15*F15 -> 479440.01 | H15: 428071.43 | I15: =G15-H15 -> 51368.572 | J15: 0 | K15: =G15-H15 -> 51368.572 | L15: Increase in number of burden hours due to program change due to final rule.
A16: 246.7(i) | B16: Explaining food package updates | C16: =1810*0.7 -> 1267 | D16: =(6243960*0.7)/1267 -> 3449.7017 | E16: =C16*D16 -> 4370772 | F16: 0.0835 | G16: =E16*F16 -> 364959.46 | H16: 0 | I16: =G16-H16 -> 364959.46 | J16: 0 | K16: =G16-H16 -> 364959.46 | L16: One-time burden to explain program changes in the final rule to participants.
A17: 246.7(j)(9) | B17: SA notification re funding shortfall | C17: 4 | D17: 1 | E17: =C17*D17 -> 4 | F17: 0.0835 | G17: =E17*F17 -> 0.334 | H17: 0.334 | I17: =G17-H17 -> 0 | J17: =G17-H17 -> 0 | K17: =G17-H17 -> 0 | L17: N/A
A18: 246.7(k) | B18: Verification of Certification cards | C18: =1810*0.7 -> 1267 | D18: =((0.03*6243960*0.7)/1267) -> 103.49105 | E18: =C18*D18 -> 131123.16 | F18: 0.0835 | G18: =E18*F18 -> 10948.784 | H18: 10948.784 | I18: =G18-H18 -> 0 | J18: 0 | K18: =G18-H18 -> 0 | L18: N/A
A19: 246.8 | B19: Provision of Non-English Materials | C19: 79 | D19: 1 | E19: =C19*D19 -> 79 | F19: 3 | G19: =E19*F19 -> 237 | H19: 237 | I19: =G19-H19 -> 0 | J19: 0 | K19: =G19-H19 -> 0 | L19: N/A
A20: 246.9 (c) | B20: Informing WIC participants of the details of the appeal process and their individual rights. | C20: 89 | D20: =(6243960*0.02)/89 -> 1403.1371 | E20: =C20*D20 -> 124879.2 | F20: 0.0835 | G20: =E20*F20 -> 10427.413 | H20: 10427.413 | I20: =G20-H20 -> 0 | J20: 0 | K20: =G20-H20 -> 0 | L20: N/A
A21: 246.9 (h) | B21: Fair hearing procedures for participants | C21: 89 | D21: =(6243960*0.02*0.02)/89 -> 28.062742 | E21: =C21*D21 -> 2497.584 | F21: 3 | G21: =E21*F21 -> 7492.752 | H21: 7492.752 | I21: =G21-H21 -> 0 | J21: 0 | K21: =G21-H21 -> 0 | L21: N/A
A22: 246.10(b)(1) | B22: Identification of acceptable foods | C22: 89 | D22: 1 | E22: =C22*D22 -> 89 | F22: 43 | G22: =E22*F22 -> 3827 | H22: 3560 | I22: =G22-H22 -> 267 | J22: 0 | K22: =G22-H22 -> 267 | L22: Increase in burden hours due to program change due to final rule.
A23: 246.10(b)(2) | B23: Submit APL as food list | C23: 54 | D23: 4 | E23: =C23*D23 -> 216 | F23: 0.0083 | G23: =E23*F23 -> 1.7928 | H23: 1.7928 | I23: =G23-H23 -> 0 | J23: =G23-H23 -> 0 | K23: =G23-H23 -> 0 | L23: N/A
A24: 246.10(b)(2)(i); 246.10(e) | B24: Revised food list & food packages training/implementation | C24: 89 | D24: 1 | E24: =C24*D24 -> 89 | F24: 8 | G24: =E24*F24 -> 712 | H24: 0 | I24: =G24-H24 -> 712 | J24: 0 | K24: =G24-H24 -> 712 | L24: State agency burden for implementation and training activities related to the revised food lists and food packages in the final rule.
A25: 246.10(b)(2)(i) | B25: LA training on revised food list | C25: =1810*0.7 -> 1267 | D25: 1 | E25: =C25*D25 -> 1267 | F25: 1 | G25: =E25*F25 -> 1267 | H25: 0 | I25: =G25-H25 -> 1267 | J25: 0 | K25: =G25-H25 -> 1267 | L25: One-time burden for SLT local agencies to attend training on revised food list.
A26: 246.10(d)(1) | B26: Medical documentation, 1% of infants | C26: =1810*0.7 -> 1267 | D26: =(1464744*0.7*0.01)/1267 -> 8.0925083 | E26: =C26*D26 -> 10253.208 | F26: 0.0334 | G26: =E26*F26 -> 342.45715 | H26: 342.45715 | I26: =G26-H26 -> 0 | J26: 0 | K26: =G26-H26 -> 0 | L26: N/A
A27: 246.10(i) | B27: Plans for Substitutions | C27: =(1/5) -> 0.2 | D27: 1 | E27: =C27*D27 -> 0.2 | F27: 2 | G27: =E27*F27 -> 0.4 | H27: 0.4 | I27: =G27-H27 -> 0 | J27: 0 | K27: =G27-H27 -> 0 | L27: N/A
A28: 246.11(d)(1), 246.7(b) | B28: LA nutrition education provision | C28: =1810*0.7 -> 1267 | D28: =((6243960*0.7)/1267) -> 3449.7017 | E28: =C28*D28 -> 4370772 | F28: 0.25 | G28: =E28*F28 -> 1092693 | H28: 1092693 | I28: =G28-H28 -> 0 | J28: 0 | K28: =G28-H28 -> 0 | L28: N/A
A29: 246.11(d)(2) | B29: LA nutrition education plan | C29: =0.7*1810 -> 1267 | D29: 1 | E29: =C29*D29 -> 1267 | F29: 40 | G29: =E29*F29 -> 50680 | H29: 50680 | I29: =G29-H29 -> 0 | J29: 0 | K29: =G29-H29 -> 0 | L29: N/A
A30: 246.12(f)(3) | B30: Vendor identification | C30: 89 | D30: 1 | E30: =C30*D30 -> 89 | F30: 3 | G30: =E30*F30 -> 267 | H30: 267 | I30: =G30-H30 -> 0 | J30: 0 | K30: =G30-H30 -> 0 | L30: N/A
A31: 246.12(f)(4) | B31: Split tender transactions | C31: 89 | D31: 1 | E31: =C31*D31 -> 89 | F31: 3 | G31: =E31*F31 -> 267 | H31: 267 | I31: =G31-H31 -> 0 | J31: 0 | K31: =G31-H31 -> 0 | L31: N/A
A32: 246.12(g)(4)(i) | B32: Vendor food sales data | C32: 89 | D32: =(840)/89 -> 9.4382022 | E32: =C32*D32 -> 840 | F32: 4 | G32: =E32*F32 -> 3360 | H32: 3360 | I32: 0 | J32: =G32-H32 -> 0 | K32: =G32-H32 -> 0 | L32: N/A
A33: 246.12(g)(4)(ii)(B) | B33: Vendor shelf prices | C33: 79 | D33: =2*((37417-150)/79) -> 943.46835 | E33: =C33*D33 -> 74534 | F33: 2 | G33: =E33*F33 -> 149068 | H33: 149668 | I33: =G33-H33 -> -600 | J33: 0 | K33: =G33-H33 -> -600 | L33: Decrease in number of retail vendors due to program change due to final rule.
A34: 246.12(g)(4)(ii)(B) | B34: Vendor shelf prices exemption | C34: 5 | D34: 1 | E34: =C34*D34 -> 5 | F34: 8 | G34: =E34*F34 -> 40 | H34: 40 | I34: =G34-H34 -> 0 | J34: =G34-H34 -> 0 | K34: =G34-H34 -> 0 | L34: N/A
A35: 246.12(g)(4)(iii) | B35: Price Increases | C35: 89 | D35: 1 | E35: =C35*D35 -> 89 | F35: 3 | G35: =E35*F35 -> 267 | H35: 267 | I35: =G35-H35 -> 0 | J35: 0 | K35: =G35-H35 -> 0 | L35: N/A
A36: 246.12(g)(5) | B36: Vendor initial preauthorization visits | C36: 89 | D36: 17 | E36: =C36*D36 -> 1513 | F36: 1 | G36: =E36*F36 -> 1513 | H36: 1513 | I36: =G36-H36 -> 0 | J36: 0 | K36: =G36-H36 -> 0 | L36: N/A
A37: 246.12(g)(8) | B37: Application periods | C37: 89 | D37: 1 | E37: =C37*D37 -> 89 | F37: 3 | G37: =E37*F37 -> 267 | H37: 267 | I37: =G37-H37 -> 0 | J37: 0 | K37: =G37-H37 -> 0 | L37: N/A
A38: 246.12(h) | B38: Review Vendor applications/agreements | C38: 89 | D38: =(0.33*(37417-150))/89 -> 138.18101 | E38: =C38*D38 -> 12298.11 | F38: 0.668 | G38: =E38*F38 -> 8215.1375 | H38: 8248.2035 | I38: =G38-H38 -> -33.066 | J38: 0 | K38: =G38-H38 -> -33.066 | L38: Decrease in number of retail vendors due to program change due to final rule.
A39: 246.12(i)(1) | B39: Vendor training development | C39: 89 | D39: 1 | E39: =C39*D39 -> 89 | F39: 8 | G39: =E39*F39 -> 712 | H39: 712 | I39: =G39-H39 -> 0 | J39: =G39-H39 -> 0 | K39: =G39-H39 -> 0 | L39: N/A
A40: 246.12(i)(1) | B40: Vendor training | C40: 89 | D40: =((37417-150)/89) -> 418.73034 | E40: =C40*D40 -> 37267 | F40: 2 | G40: =E40*F40 -> 74534 | H40: 74834 | I40: =G40-H40 -> -300 | J40: 0 | K40: =G40-H40 -> -300 | L40: Decrease in number of retail vendors due to program change due to final rule.
A41: 246.12(j)(2),(6) | B41: Routine vendor monitoring | C41: 89 | D41: =(0.05*(37417-150))/89 -> 20.936517 | E41: =C41*D41 -> 1863.35 | F41: 1.334 | G41: =E41*F41 -> 2485.7089 | H41: 2495.7139 | I41: =G41-H41 -> -10.005 | J41: 0 | K41: =G41-H41 -> -10.005 | L41: Decrease in number of retail vendors due to program change due to final rule.
A42: 246.12(j)(4),(6) | B42: Vendor compliance investigations | C42: 89 | D42: =((37417-150)*0.05)/89 -> 20.936517 | E42: =C42*D42 -> 1863.35 | F42: 2.334 | G42: =E42*F42 -> 4349.0589 | H42: 4366.5639 | I42: =G42-H42 -> -17.505 | J42: 0 | K42: =G42-H42 -> -17.505 | L42: Decrease in number of retail vendors due to program change due to final rule.
A43: 246.12(k)(5) | B43: FI and CVV redeemed after the specified period. | C43: 2 | D43: 1 | E43: =C43*D43 -> 2 | F43: 3 | G43: =E43*F43 -> 6 | H43: 6 | I43: =G43-H43 -> 0 | J43: 0 | K43: =G43-H43 -> 0 | L43: N/A
A44: 246.12(l)(3) | B44: Notification of vendor violations | C44: 89 | D44: =1048/89 -> 11.775281 | E44: =C44*D44 -> 1048 | F44: 0.0835 | G44: =E44*F44 -> 87.508 | H44: 87.508 | I44: =G44-H44 -> 0 | J44: 0 | K44: =G44-H44 -> 0 | L44: N/A
A45: 246.12(m) | B45: Home food delivery systems | C45: 1 | D45: 12 | E45: =C45*D45 -> 12 | F45: 40 | G45: =E45*F45 -> 480 | H45: 480 | I45: =G45-H45 -> 0 | J45: 0 | K45: =G45-H45 -> 0 | L45: N/A
A46: 246.12(o) | B46: Complaints | C46: 89 | D46: =10000/89 -> 112.35955 | E46: =C46*D46 -> 10000 | F46: 1 | G46: =E46*F46 -> 10000 | H46: 10000 | I46: =G46-H46 -> 0 | J46: =G46-H46 -> 0 | K46: =G46-H46 -> 0 | L46: N/A
A47: 246.12(p) | B47: Food instrument and cash-value voucher security | C47: 89 | D47: 1 | E47: =C47*D47 -> 89 | F47: 2 | G47: =E47*F47 -> 178 | H47: 178 | I47: =G47-H47 -> 0 | J47: 0 | K47: =G47-H47 -> 0 | L47: N/A
A48: 246.12(q) | B48: Disposition of food instruments | C48: 89 | D48: 1 | E48: =C48*D48 -> 89 | F48: 40 | G48: =E48*F48 -> 3560 | H48: 3560 | I48: =G48-H48 -> 0 | J48: =G48-H48 -> 0 | K48: =G48-H48 -> 0 | L48: N/A
A49: 246.12(u) | B49: Participant Sanctions | C49: 89 | D49: =(6243960*0.02)/89 -> 1403.1371 | E49: =C49*D49 -> 124879.2 | F49: 0.0835 | G49: =E49*F49 -> 10427.413 | H49: 10427.413 | I49: =G49-H49 -> 0 | J49: 0 | K49: =G49-H49 -> 0 | L49: N/A
A50: 246.12(v) | B50: Farmers' Market applications/agreements | C50: 89 | D50: =(0.33*3289)/89 -> 12.195169 | E50: =C50*D50 -> 1085.37 | F50: 0.668 | G50: =E50*F50 -> 725.02716 | H50: 725.02716 | I50: =G50-H50 -> 0 | J50: 0 | K50: =G50-H50 -> 0 | L50: N/A
A51: 246.12(v)(6) | B51: Farmers' Market Disqualifications | C51: 89 | D51: =(3289*0.02)/89 -> 0.73910112 | E51: =C51*D51 -> 65.78 | F51: 0.0835 | G51: =E51*F51 -> 5.49263 | H51: 5.49263 | I51: =G51-H51 -> 0 | J51: 0 | K51: =G51-H51 -> 0 | L51: N/A
A52: 246.12(bb) | B52: EBT Technical standards and requirements | C52: 89 | D52: 1 | E52: =C52*D52 -> 89 | F52: 3 | G52: =E52*F52 -> 267 | H52: 267 | I52: =G52-H52 -> 0 | J52: 0 | K52: =G52-H52 -> 0 | L52: N/A
A53: 246.14(d) | B53: ADP proposals | C53: 20 | D53: 1 | E53: =C53*D53 -> 20 | F53: 160 | G53: =E53*F53 -> 3200 | H53: 3200 | I53: =G53-H53 -> 0 | J53: =G53-H53 -> 0 | K53: =G53-H53 -> 0 | L53: N/A
A54: 246.16(b)(3)(i)&(ii) | B54: Food backspend and NSA spendforward authority | C54: 27 | D54: 1 | E54: =C54*D54 -> 27 | F54: 2 | G54: =E54*F54 -> 54 | H54: 54 | I54: =G54-H54 -> 0 | J54: 0 | K54: =G54-H54 -> 0 | L54: N/A
A55: 246.16(d) | B55: Distribution of funds to LAs | C55: 89 | D55: =(1810*4)/89 -> 81.348315 | E55: =C55*D55 -> 7240 | F55: 2 | G55: =E55*F55 -> 14480 | H55: 14480 | I55: 0 | J55: =G55-H55 -> 0 | K55: =G55-H55 -> 0 | L55: N/A
A56: 246.16(e)(2)(i) & (ii) | B56: Food expenditure requirement waiver; NSA expenditure requirement good cause justification | C56: 30 | D56: 1 | E56: =C56*D56 -> 30 | F56: 1.5 | G56: =E56*F56 -> 45 | H56: 45 | I56: =G56-H56 -> 0 | J56: 0 | K56: =G56-H56 -> 0 | L56: N/A
A57: 246.16a | B57: Infant Formula Cost Containment Procedures | C57: =79/5 -> 15.8 | D57: 1 | E57: =C57*D57 -> 15.8 | F57: 1968 | G57: =E57*F57 -> 31094.4 | H57: 31094.4 | I57: =G57-H57 -> 0 | J57: 0 | K57: =G57-H57 -> 0 | L57: N/A
A58: 246.16a(f) | B58: Postponement Request | C58: 2 | D58: 1 | E58: =C58*D58 -> 2 | F58: 8 | G58: =E58*F58 -> 16 | H58: 16 | I58: =G58-H58 -> 0 | J58: 0 | K58: =G58-H58 -> 0 | L58: N/A
A59: 246.16a(g)(1)-(4) | B59: Cost containment Procedures for other supplemental foods | C59: 2 | D59: 1 | E59: =C59*D59 -> 2 | F59: 480 | G59: =E59*F59 -> 960 | H59: 960 | I59: =G59-H59 -> 0 | J59: 0 | K59: =G59-H59 -> 0 | L59: N/A
A60: 246.16a(j) | B60: Infant formula cost containment contracts remedies | C60: 74 | D60: 1 | E60: =C60*D60 -> 74 | F60: 40 | G60: =E60*F60 -> 2960 | H60: 2960 | I60: =G60-H60 -> 0 | J60: 0 | K60: =G60-H60 -> 0 | L60: N/A
A61: 246.17(c)(1) | B61: Termination of SAs & LAs | C61: 89 | D61: =(10/89) -> 0.11235955 | E61: =C61*D61 -> 10 | F61: 8 | G61: =E61*F61 -> 80 | H61: 80 | I61: =G61-H61 -> 0 | J61: =G61-H61 -> 0 | K61: =G61-H61 -> 0 | L61: N/A
A62: 246.18 | B62: Administrative Review of State agency actions | C62: 89 | D62: =((1048+65.78)*0.02)/89 -> 0.25028764 | E62: =C62*D62 -> 22.2756 | F62: 2 | G62: =E62*F62 -> 44.5512 | H62: 44.5512 | I62: =G62-H62 -> 0 | J62: 0 | K62: =G62-H62 -> 0 | L62: N/A
A63: 246.19(a)(2) | B63: SA corrective action plans to FNS | C63: =89*0.33 -> 29.37 | D63: 1 | E63: =C63*D63 -> 29.37 | F63: 30 | G63: =E63*F63 -> 881.1 | H63: 881.1 | I63: =G63-H63 -> 0 | J63: =G63-H63 -> 0 | K63: =G63-H63 -> 0 | L63: N/A
A64: 246.19(a)(2) | B64: Observations | C64: 17 | D64: 1 | E64: =C64*D64 -> 17 | F64: 3 | G64: =E64*F64 -> 51 | H64: 51 | I64: =G64-H64 -> 0 | J64: 0 | K64: =G64-H64 -> 0 | L64: N/A
A65: 246.19(b)(3) | B65: LA Monitoring | C65: 89 | D65: =(1810/2)/89 -> 10.168539 | E65: =C65*D65 -> 905 | F65: 2 | G65: =E65*F65 -> 1810 | H65: 1810 | I65: =G65-H65 -> 0 | J65: 0 | K65: =G65-H65 -> 0 | L65: N/A
A66: 246.19(b)(5) | B66: Targeted LA reviews | C66: 89 | D66: =(1810/89)*0.5*0.25 -> 2.5421348 | E66: =C66*D66 -> 226.25 | F66: 2 | G66: =E66*F66 -> 452.5 | H66: 452.5 | I66: 0 | J66: =G66-H66 -> 0 | K66: =G66-H66 -> 0 | L66: N/A
A67: 246.20(a)(2) | B67: SA response to OIG audits | C67: 1 | D67: 1 | E67: =C67*D67 -> 1 | F67: 40 | G67: =E67*F67 -> 40 | H67: 40 | I67: =G67-H67 -> 0 | J67: =G67-H67 -> 0 | K67: =G67-H67 -> 0 | L67: N/A
A68: 246.20(b) | B68: SA Annual Audits | C68: 89 | D68: 1 | E68: =C68*D68 -> 89 | F68: 8 | G68: =E68*F68 -> 712 | H68: 712 | I68: =G68-H68 -> 0 | J68: 0 | K68: =G68-H68 -> 0 | L68: N/A
A69: 246.22(b)(2) | B69: Administrative appeal | C69: 1 | D69: 1 | E69: =C69*D69 -> 1 | F69: 2 | G69: =E69*F69 -> 2 | H69: 2 | I69: =G69-H69 -> 0 | J69: 0 | K69: =G69-H69 -> 0 | L69: N/A
A70: 246.23(a)(3) | B70: Claims against State agencies | C70: 1 | D70: 1 | E70: =C70*D70 -> 1 | F70: 2 | G70: =E70*F70 -> 2 | H70: 2 | I70: =G70-H70 -> 0 | J70: 0 | K70: =G70-H70 -> 0 | L70: N/A
A71: 246.26(h)(3) | B71: Written agreements with public organization | C71: =(89*0.25) -> 22.25 | D71: 1 | E71: =C71*D71 -> 22.25 | F71: 0.25 | G71: =E71*F71 -> 5.5625 | H71: 5.5625 | I71: =G71-H71 -> 0 | J71: 0 | K71: =G71-H71 -> 0 | L71: N/A
A72: Subtotal Reporting: State and Local Agencies | C72: =C5+1267 -> 1356 | D72: =E72/C72 -> 10076.845 | E72: =SUM(E5:E71) -> 13664201 | F72: =G72/E72 -> 0.28793802 | G72: =SUM(G5:G71) -> 3934443 | H72: =SUM(H5:H71) -> 3349222.5 | I72: =SUM(I5:I71) -> 585220.56 | J72: =SUM(J5:J12)+SUM(J13:J71) -> 0 | K72: =G72-H72 -> 585220.56
A73: Affected Public: Individuals and Households: Applicants for Program Benefits
A74: 246.7(i) | B74: Cert. data for women | C74: 1379126 | D74: 1 | E74: =C74*D74 -> 1379126 | F74: 0.4676 | G74: =E74*F74 -> 644879.32 | H74: 575785.1 | I74: =G74-H74 -> 69094.213 | J74: 0 | K74: =G74-H74 -> 69094.213 | L74: Increase in burden hours due to program change due to final rule.
A75: 246.7(i) | B75: Cert. data for children | C75: 3400090 | D75: 1 | E75: =C75*D75 -> 3400090 | F75: 0.4676 | G75: =E75*F75 -> 1589882.1 | H75: 1419537.6 | I75: =G75-H75 -> 170344.51 | J75: 0 | K75: =G75-H75 -> 170344.51 | L75: Increase in burden hours due to program change due to final rule.
A76: 246.7(i) | B76: Certification data for infants | C76: 1464744 | D76: 1 | E76: =C76*D76 -> 1464744 | F76: 0.4676 | G76: =E76*F76 -> 684914.29 | H76: 611530.62 | I76: =G76-H76 -> 73383.674 | J76: 0 | K76: =G76-H76 -> 73383.674 | L76: Increase in burden hours due to program change due to final rule.
A77: 246.7(i) | B77: Explaining food package updates | C77: 6243960 | D77: 1 | E77: =C77*D77 -> 6243960 | F77: 0.0835 | G77: =E77*F77 -> 521370.66 | H77: 0 | I77: =G77-H77 -> 521370.66 | J77: 0 | K77: =G77-H77 -> 521370.66 | L77: One-time burden to explain program changes in the final rule to participants.
A78: 246.7(o) | B78: Travel time for certification appointments | C78: 6243960 | D78: 1 | E78: =C78*D78 -> 6243960 | F78: 0.334 | G78: =E78*F78 -> 2085482.6 | H78: 2085482.6 | I78: =G78-H78 -> 0 | J78: 0 | K78: =G78-H78 -> 0 | L78: N/A
A79: 246.7(o) | B79: Certification appointments | C79: 6243960 | D79: 1 | E79: =C79*D79 -> 6243960 | F79: 0.334 | G79: =E79*F79 -> 2085482.6 | H79: 2085482.6 | I79: =G79-H79 -> 0 | J79: 0 | K79: =G79-H79 -> 0 | L79: N/A
A80: 246.9 | B80: Participant Appeals | C80: =(6243960*0.02*0.02) -> 2497.584 | D80: 1 | E80: =C80*D80 -> 2497.584 | F80: 2 | G80: =E80*F80 -> 4995.168 | H80: 4995.168 | I80: =G80-H80 -> 0 | J80: 0 | K80: =G80-H80 -> 0 | L80: N/A
A81: 246.10(d)(1) | B81: Medical documentation, 1% of infants | C81: =1464744*0.01 -> 14647.44 | D81: 1 | E81: =C81*D81 -> 14647.44 | F81: 0.0334 | G81: =E81*F81 -> 489.2245 | H81: 489.2245 | I81: 0 | J81: =G81-H81 -> 0 | K81: =G81-H81 -> 0 | L81: N/A
A82: 246.10(d)(1) | B82: Medical documentation | C82: =(3400090*0.01)+(6243960 *0.01)+(1379126*0.01) -> 110231.76 | D82: 2 | E82: =C82*D82 -> 220463.52 | F82: 0.0501 | G82: =E82*F82 -> 11045.222 | H82: 11045.222 | I82: 0 | J82: =G82-H82 -> 0 | K82: =G82-H82 -> 0 | L82: N/A
A83: 246.11(e) | B83: Nutrition Education | C83: 6243960 | D83: 1 | E83: =C83*D83 -> 6243960 | F83: 0.25 | G83: =E83*F83 -> 1560990 | H83: 1560990 | I83: =G83-H83 -> 0 | J83: 0 | K83: =G83-H83 -> 0 | L83: N/A
A84: 246.12(r)(4) | B84: Offline EBT State agencies: Food instrument and cash-value voucher pick up (non-certification clinic visits) | C84: =((6243960/89)/2)*17 -> 596333.26 | D84: 3 | E84: =C84*D84 -> 1788999.8 | F84: 0.5 | G84: =E84*F84 -> 894499.89 | H84: 894499.89 | I84: =G84-H84 -> 0 | J84: 0 | K84: =G84-H84 -> 0 | L84: N/A
A85: 246.12(r)(4) | B85: Online EBT State agencies: Food instrument and cash-value voucher pick up (non-certification clinic visits) | C85: =((6243960/89)/2)*72 -> 2525646.7 | D85: 1 | E85: =C85*D85 -> 2525646.7 | F85: 0.5 | G85: =E85*F85 -> 1262823.4 | H85: 1262823.4 | I85: =G85-H85 -> 0 | J85: 0 | K85: =G85-H85 -> 0 | L85: N/A
A86: Subtotal Reporting: Applicants | C86: =C74+C75+C76 -> 6243960 | D86: =E86/C86 -> 5.7290654 | E86: =SUM(E74:E85) -> 35772055 | F86: =G86/E86 -> 0.31719884 | G86: =SUM(G74:G85) -> 11346855 | H86: =SUM(H74:H85) -> 10512661 | I86: =SUM(I74:I85) -> 834193.06 | J86: =SUM(J74:J85) -> 0 | K86: =G86-H86 -> 834193.06
A87: Affected Public: Business: Retail Vendors (WIC-Authorized Food Stores) and Nonprofit Businesses
A88: 246.5(b) | B88: Nonprofit Applications | C88: =543*0.5 -> 271.5 | D88: 1 | E88: =C88*D88 -> 271.5 | F88: 2 | G88: =E88*F88 -> 543 | H88: 543 | I88: =G88-H88 -> 0 | J88: 0 | K88: =G88-H88 -> 0 | L88: N/A
A89: 246.6 | B89: Local Agency Agreements | C89: =1810*0.5*0.3 -> 271.5 | D89: 1 | E89: =C89*D89 -> 271.5 | F89: 1.5 | G89: =E89*F89 -> 407.25 | H89: 407.25 | I89: =G89-H89 -> 0 | J89: 0 | K89: =G89-H89 -> 0 | L89: N/A
A90: 246.7(f)(2)(iii)(A) | B90: LA requests for notice extension | C90: =(1810*0.3)/6 -> 90.5 | D90: 1 | E90: =C90*D90 -> 90.5 | F90: 0.25 | G90: =E90*F90 -> 22.625 | H90: 22.625 | I90: =G90-H90 -> 0 | J90: 0 | K90: =G90-H90 -> 0 | L90: N/A
A91: 246.7(i) | B91: Cert. data for women | C91: =1810*0.3 -> 543 | D91: =(0.3*1379126)/543 -> 761.94807 | E91: =C91*D91 -> 413737.8 | F91: 0.4676 | G91: =E91*F91 -> 193463.8 | H91: 172735.53 | I91: =G91-H91 -> 20728.264 | J91: 0 | K91: =G91-H91 -> 20728.264 | L91: Increase in burden hours due to program change due to final rule.
A92: 246.7(i) | B92: Cert. data for children | C92: =1810*0.3 -> 543 | D92: =(0.3*3400090)/543 -> 1878.5028 | E92: =C92*D92 -> 1020027 | F92: 0.4676 | G92: =E92*F92 -> 476964.63 | H92: 425861.27 | I92: =G92-H92 -> 51103.353 | J92: 0 | K92: =G92-H92 -> 51103.353 | L92: Increase in burden hours due to program change due to final rule.
A93: 246.7(i) | B93: Certification data for infants | C93: =1810*0.3 -> 543 | D93: =(1*0.3*1464744)/543 -> 809.25083 | E93: =C93*D93 -> 439423.2 | F93: 0.4676 | G93: =E93*F93 -> 205474.29 | H93: 183459.19 | I93: =G93-H93 -> 22015.102 | J93: 0 | K93: =G93-H93 -> 22015.102 | L93: Increase in burden hours due to program change due to final rule.
A94: 246.7(i) | B94: Explaining food package updates | C94: =1810*0.3 -> 543 | D94: =(0.3*6243960)/543 -> 3449.7017 | E94: =C94*D94 -> 1873188 | F94: 0.0835 | G94: =E94*F94 -> 156411.2 | H94: 0 | I94: =G94-H94 -> 156411.2 | J94: 0 | K94: =G94-H94 -> 156411.2 | L94: One-time burden to explain program changes in the final rule to participants.
A95: 246.7(k) | B95: Verification of Certification cards | C95: =0.3*1810 -> 543 | D95: =(0.03*6243960/543)*0.3 -> 103.49105 | E95: =C95*D95 -> 56195.64 | F95: 0.0835 | G95: =E95*F95 -> 4692.3359 | H95: 4692.3359 | I95: =G95-H95 -> 0 | J95: 0 | K95: =G95-H95 -> 0 | L95: N/A
A96: 246.10(b)(2)(i) | B96: LA training on revised food list | C96: =1810*0.3 -> 543 | D96: 1 | E96: =C96*D96 -> 543 | F96: 1 | G96: =E96*F96 -> 543 | H96: 0 | I96: =G96-H96 -> 543 | J96: 0 | K96: =G96-H96 -> 543 | L96: One-time burden for non-profit local agencies to attend training on revised food list.
A97: 246.10(d)(1) | B97: Medical documentation, 1% of infants | C97: =0.3*1810 -> 543 | D97: =(1464744*0.3*0.01)/543 -> 8.0925083 | E97: =C97*D97 -> 4394.232 | F97: 0.0334 | G97: =E97*F97 -> 146.76735 | H97: 146.76735 | I97: =G97-H97 -> 0 | J97: 0 | K97: =G97-H97 -> 0 | L97: N/A
A98: 246.11(d)(1), 246.7(b) | B98: LA nutrition education provision | C98: =0.3*1810 -> 543 | D98: =(6243960*0.3)/543 -> 3449.7017 | E98: =C98*D98 -> 1873188 | F98: 0.25 | G98: =E98*F98 -> 468297 | H98: 468297 | I98: =G98-H98 -> 0 | J98: 0 | K98: =G98-H98 -> 0 | L98: N/A
A99: 246.11(d)(2) | B99: LA nutrition education plan | C99: =0.3*1810 -> 543 | D99: 1 | E99: =C99*D99 -> 543 | F99: 40 | G99: =E99*F99 -> 21720 | H99: 21720 | I99: =G99-H99 -> 0 | J99: 0 | K99: =G99-H99 -> 0 | L99: N/A
A100: 246.12(g)(4)(i) | B100: Vendor food sales data for A50s | C100: 840 | D100: 1 | E100: =C100*D100 -> 840 | F100: 2 | G100: =E100*F100 -> 1680 | H100: 1680 | I100: 0 | J100: =G100-H100 -> 0 | K100: =G100-H100 -> 0 | L100: N/A
...

Sheet WIC + Proposed Rule ICR
A1: APPENDIX F: WIC Burden Table OMB #0584-0043
A2: Regulatory Section | B2: Information Collected | C2: Estimated Number of Respondents | D2: Annual Responses per Respondent | E2: Total Annual Responses | F2: Number of Burden Hours per Request | G2: Estimated Total Burden Hours | H2: Previous Submission: Total Hours Requested*** | I2: Difference Due to Program Changes | J2: Difference Due to Adjustments | K2: Total Difference | L2: Explanation of Differences
A3: REPORTING BURDEN ESTIMATES
A4: Affected Public: State and Local Agencies (including Indian Tribal Organizations and U.S. Territories)
A5: 246.4 | B5: State Plan | C5: 89 | D5: 1 | E5: =C5*D5 -> 89 | F5: 134.62 | G5: =E5*F5 -> 11981.18 | H5: 11981.18 | I5: =G5-H5 -> 0 | J5: =G5-H5 -> 0 | K5: =SUM(I5:J5) -> 0
A6: 246.5(b) | B6: Local Agency (LA) applications | C6: 904 | D6: 1 | E6: =C6*D6 -> 904 | F6: 2 | G6: =E6*F6 -> 1808 | H6: 1808 | I6: =G6-H6 -> 0 | J6: =G6-H6 -> 0 | K6: =SUM(I6:J6) -> 0
A7: 246.6 | B7: LA Agreements | C7: 904 | D7: 1 | E7: =C7*D7 -> 904 | F7: 1.5 | G7: =E7*F7 -> 1356 | H7: 1356 | I7: =G7-H7 -> 0 | J7: =G7-H7 -> 0 | K7: =SUM(I7:J7) -> 0
A8: 246.7(f)(2)(iii)(A) | B8: LA requests for notice extension | C8: 301.3 | D8: 1 | E8: =C8*D8 -> 301.3 | F8: 0.25 | G8: =ROUND(E8*F8, 2) -> 75.33 | H8: 75.33 | I8: =G8-H8 -> 0 | J8: =G8-H8 -> 0 | K8: =SUM(I8:J8) -> 0
A9: 246.7(i) | B9: Cert. data for women | C9: =1808*0.7 -> 1265.6 | D9: =(2*1633864)/1808 -> 1807.3717 | E9: =C9*D9 -> 2287409.6 | F9: =ROUND(13/60, 4) -> 0.2167 | G9: =E9*F9 -> 495681.66 | H9: 545711 | I9: =C9*D9*(F9-(10/60)) -> 114446.73 | J9: =C9*D9*(10/60)-H9 -> -164476.07 | K9: =SUM(I9:J9) -> -50029.34 | L9: Increase in number of burden hours per request due to program change due to proposed rule. Decrease due to program adjustment from excluding estimate of non-profit businesses from SLT.
A10: 246.7(i) | B10: Cert. data for children | C10: =1808*0.7 -> 1265.6 | D10: =(1.5*3523863)/1808 -> 2923.5589 | E10: =C10*D10 -> 3700056.1 | F10: =ROUND(13/60, 4) -> 0.2167 | G10: =E10*F10 -> 801802.17 | H10: 882728 | I10: =C10*D10*(F10-(10/60)) -> 185126.14 | J10: =C10*D10*(10/60)-H10 -> -266051.98 | K10: =SUM(I10:J10) -> -80925.832 | L10: Increase in number of burden hours per request due to program change due to proposed rule. Decrease due to program adjustment from excluding estimate of non-profit businesses from SLT.
A11: 246.7(i) | B11: Certification data for infants | C11: =1808*0.7 -> 1265.6 | D11: =1*(1712401/1808) -> 947.12445 | E11: =C11*D11 -> 1198680.7 | F11: =ROUND(13/60, 4) -> 0.2167 | G11: =E11*F11 -> 259754.11 | H11: 285970.97 | I11: =C11*D11*(F11-(10/60)) -> 59973.991 | J11: =C11*D11*(10/60)-H11 -> -86190.853 | K11: =SUM(I11:J11) -> -26216.862 | L11: Increase in number of burden hours per request due to program change due to proposed rule. Decrease due to program adjustment from excluding estimate of non-profit businesses from SLT.
A12: 246.7(i) | B12: Explaining food package updates | C12: =1808*0.7 -> 1265.6 | D12: =6870128/1808 -> 3799.8496 | E12: =C12*D12 -> 4809089.6 | F12: =ROUND(5/60, 4) -> 0.0833 | G12: =E12*F12 -> 400597.16 | H12: 0 | I12: =G12-H12 -> 400597.16 | J12: 0 | K12: =SUM(I12:J12) -> 400597.16 | L12: One-time burden to explain program changes in the proposed rule to participants.
A13: 246.7(j)(9) | B13: SA notification re funding shortfall | C13: 4 | D13: 1 | E13: =C13*D13 -> 4 | F13: 0.0835 | G13: =ROUND(E13*F13, 2) -> 0.33 | H13: 0.33 | I13: =G13-H13 -> 0 | J13: =G13-H13 -> 0 | K13: =SUM(I13:J13) -> 0
A14: 246.7(k) | B14: Verification of Certification cards | C14: 1808 | D14: =((0.03*6870128)/1808) -> 113.99549 | E14: =C14*D14 -> 206103.84 | F14: 0.0835 | G14: 17210 | H14: 17210 | I14: =G14-H14 -> 0 | J14: =G14-H14 -> 0 | K14: =SUM(I14:J14) -> 0
A15: 246.10(b)(1) | B15: Identification of acceptable foods | C15: 89 | D15: 1 | E15: =C15*D15 -> 89 | F15: 43 | G15: =E15*F15 -> 3827 | H15: 3560 | I15: =G15-H15 -> 267 | J15: 0 | K15: =SUM(I15:J15) -> 267 | L15: Increase in burden hours due to program change due to proposed rule.
A16: 246.10(b)(2) | B16: Submit APL as food list | C16: 54 | D16: 4 | E16: =C16*D16 -> 216 | F16: 0.0083 | G16: =ROUND(E16*F16, 2) -> 1.79 | H16: 1.79 | I16: =G16-H16 -> 0 | J16: =G16-H16 -> 0 | K16: =SUM(I16:J16) -> 0
A17: 246.10(b)(2)(i) | B17: Develop and provide LAs training on revised food list | C17: 89 | D17: 1 | E17: =C17*D17 -> 89 | F17: 5 | G17: =E17*F17 -> 445 | H17: 0 | I17: =G17-H17 -> 445 | J17: 0 | K17: =SUM(I17:J17) -> 445 | L17: One-time burden for State agencies to attend training (1 hour), and develop (3 hours) and provide training (1 hour) to local agencies, on revised food list.
A18: 246.10(b)(2)(i) | B18: LA training on revised food list | C18: =1808*0.7 -> 1265.6 | D18: 1 | E18: =C18*D18 -> 1265.6 | F18: 1 | G18: =E18*F18 -> 1265.6 | H18: 0 | I18: =G18-H18 -> 1265.6 | J18: 0 | K18: =SUM(I18:J18) -> 1265.6 | L18: One-time burden for SLT local agencies to attend training on revised food list.
A19: 246.10(d)(1) | B19: Medical documentation, 1% of infants | C19: 1808 | D19: =(1712401*0.01)/1808 -> 9.4712445 | E19: =C19*D19 -> 17124.01 | F19: 0.0334 | G19: 572 | H19: 572 | I19: =G19-H19 -> 0 | J19: =G19-H19 -> 0 | K19: =SUM(I19:J19) -> 0
A20: 246.11(d)(2) | B20: LA nutrition education plan | C20: 1808 | D20: 1 | E20: =C20*D20 -> 1808 | F20: 40 | G20: =E20*F20 -> 72320 | H20: 72320 | I20: =G20-H20 -> 0 | J20: =G20-H20 -> 0 | K20: =SUM(I20:J20) -> 0
A21: 246.12(g)(4)(i) | B21: Vendor food sales data | C21: 89 | D21: =(3691)/89 -> 41.47191 | E21: =C21*D21 -> 3691 | F21: 4 | G21: =E21*F21 -> 14764 | H21: 14764 | I21: =G21-H21 -> 0 | J21: =G21-H21 -> 0 | K21: =SUM(I21:J21) -> 0
A22: 246.12(g)(4)(ii)(B) | B22: Vendor shelf prices | C22: 79 | D22: =2*(41164/79) -> 1042.1266 | E22: =C22*D22 -> 82328 | F22: 2 | G22: =E22*F22 -> 164656 | H22: 164656 | I22: =G22-H22 -> 0 | J22: =G22-H22 -> 0 | K22: =SUM(I22:J22) -> 0
A23: 246.12(g)(4)(ii)(B) | B23: Vendor shelf prices exemption | C23: 5 | D23: 1 | E23: =C23*D23 -> 5 | F23: 8 | G23: =E23*F23 -> 40 | H23: 40 | I23: =G23-H23 -> 0 | J23: =G23-H23 -> 0 | K23: =SUM(I23:J23) -> 0
A24: 246.12(h)(1)(i) | B24: Vendor applications & agreements | C24: 89 | D24: =((41164-150)*0.33)/89 -> 152.07438 | E24: =C24*D24 -> 13534.62 | F24: 0.75 | G24: =E24*F24 -> 10150.965 | H24: =(41164*0.33)*0.75 -> 10188.09 | I24: =G24-H24 -> -37.125 | J24: 0 | K24: =SUM(I24:J24) -> -37.125 | L24: Decrease in number of retail vendors due to program change due to proposed rule.
A25: 246.12(i)(1) | B25: Vendor training development | C25: 89 | D25: 1 | E25: =C25*D25 -> 89 | F25: 8 | G25: =E25*F25 -> 712 | H25: 712 | I25: =G25-H25 -> 0 | J25: =G25-H25 -> 0 | K25: =SUM(I25:J25) -> 0
A26: 246.12(i)(1) | B26: Vendor training | C26: 89 | D26: =(41164/89) -> 462.51685 | E26: =C26*D26 -> 41164 | F26: 2 | G26: =E26*F26 -> 82328 | H26: 82328 | I26: =G26-H26 -> 0 | J26: =G26-H26 -> 0 | K26: =SUM(I26:J26) -> 0
A27: 246.12(j)(4) | B27: Vendor compliance investigations | C27: 89 | D27: =(41164*0.05)/89 -> 23.125843 | E27: =C27*D27 -> 2058.2 | F27: 2 | G27: =E27*F27 -> 4116.4 | H27: 4116.4 | I27: =G27-H27 -> 0 | J27: =G27-H27 -> 0 | K27: =SUM(I27:J27) -> 0
A28: 246.12(o) | B28: Complaints | C28: 89 | D28: =10000/89 -> 112.35955 | E28: =C28*D28 -> 10000 | F28: 1 | G28: =E28*F28 -> 10000 | H28: =G28 -> 10000 | I28: =G28-H28 -> 0 | J28: =G28-H28 -> 0 | K28: =SUM(I28:J28) -> 0
A29: 246.12(q) | B29: Disposition of food instruments | C29: 89 | D29: 1 | E29: =C29*D29 -> 89 | F29: 40 | G29: =E29*F29 -> 3560 | H29: 3560 | I29: =G29-H29 -> 0 | J29: =G29-H29 -> 0 | K29: =SUM(I29:J29) -> 0
A30: 246.14(d) | B30: ADP proposals | C30: 20 | D30: 1 | E30: =C30*D30 -> 20 | F30: 160 | G30: =E30*F30 -> 3200 | H30: 3200 | I30: =G30-H30 -> 0 | J30: =G30-H30 -> 0 | K30: =SUM(I30:J30) -> 0
A31: 246.16(d) | B31: Distribution of funds to LAs | C31: 89 | D31: =(1808*4)/89 -> 81.258427 | E31: =C31*D31 -> 7232 | F31: 2 | G31: =E31*F31 -> 14464 | H31: 14464 | I31: =G31-H31 -> 0 | J31: =G31-H31 -> 0 | K31: =SUM(I31:J31) -> 0
A32: 246.17(c)(1) | B32: Termination of SAs & LAs | C32: 89 | D32: =(10/89) -> 0.11235955 | E32: =C32*D32 -> 10 | F32: 8 | G32: =E32*F32 -> 80 | H32: =G32 -> 80 | I32: =G32-H32 -> 0 | J32: =G32-H32 -> 0 | K32: =SUM(I32:J32) -> 0
A33: 246.19(a)(2) | B33: SA corrective action plans to FNS | C33: =89*0.33 -> 29.37 | D33: 1 | E33: =C33*D33 -> 29.37 | F33: 30 | G33: =E33*F33 -> 881.1 | H33: 881.1 | I33: =G33-H33 -> 0 | J33: =G33-H33 -> 0 | K33: =SUM(I33:J33) -> 0
A34: 246.19(b)(5) | B34: Targeted LA reviews | C34: 89 | D34: =(1808/89)*0.5*0.25 -> 2.5393258 | E34: =C34*D34 -> 226 | F34: 2 | G34: =E34*F34 -> 452 | H34: 452 | I34: =G34-H34 -> 0 | J34: =G34-H34 -> 0 | K34: =SUM(I34:J34) -> 0
A35: 246.20(a)(2) | B35: SA response to OIG audits | C35: 1 | D35: 1 | E35: =C35*D35 -> 1 | F35: 40 | G35: =E35*F35 -> 40 | H35: 40 | I35: =G35-H35 -> 0 | J35: =G35-H35 -> 0 | K35: =SUM(I35:J35) -> 0
A36: Subtotal Reporting: State and Local Agencies | C36: =C5+1808 -> 1897 | D36: =E36/C36 -> 6528.5245 | E36: =SUM(E5:E35) -> 12384611 | F36: =G36/E36 -> 0.19202394 | G36: =SUM(G5:G35) -> 2378141.8 | H36: =SUM(H5:H35) -> 2132776.2 | I36: =SUM(I5:I35) -> 762084.5 | J36: =SUM(J5:J35) -> -516718.9 | K36: =SUM(K5:K35) -> 245365.6
A37: Affected Public: Individuals and Households: Applicants for Program Benefits
A38: 246.7(i) | B38: Cert. data for women | C38: 1633864 | D38: 2 | E38: =C38*D38 -> 3267728 | F38: =ROUND(13/60, 4) -> 0.2167 | G38: =E38*F38 -> 708116.66 | H38: 545710.58 | I38: =G38-H38 -> 162406.08 | J38: 0 | K38: =SUM(I38:J38) -> 162406.08 | L38: Increase in burden hours due to program change due to proposed rule.
A39: 246.7(i) | B39: Cert. data for children | C39: 3523863 | D39: 1.5 | E39: =C39*D39 -> 5285794.5 | F39: =ROUND(13/60, 4) -> 0.2167 | G39: =E39*F39 -> 1145431.7 | H39: 882727.68 | I39: =G39-H39 -> 262703.99 | J39: 0 | K39: =SUM(I39:J39) -> 262703.99 | L39: Increase in burden hours due to program change due to proposed rule.
A40: 246.7(i) | B40: Certification data for infants | C40: 1712401 | D40: 1 | E40: =C40*D40 -> 1712401 | F40: =ROUND(13/60, 4) -> 0.2167 | G40: =E40*F40 -> 371077.3 | H40: 285970.97 | I40: =G40-H40 -> 85106.327 | J40: 0 | K40: =SUM(I40:J40) -> 85106.327 | L40: Increase in burden hours due to program change due to proposed rule.
A41: 246.7(i) | B41: Explaining food package updates | C41: =SUM(C38:C40) -> 6870128 | D41: 1 | E41: =C41*D41 -> 6870128 | F41: =ROUND(5/60, 4) -> 0.0833 | G41: =E41*F41 -> 572281.66 | H41: 0 | I41: =G41-H41 -> 572281.66 | J41: 0 | K41: =SUM(I41:J41) -> 572281.66 | L41: One-time burden to explain program changes in the proposed rule to participants.
A42: 246.10(d)(1) | B42: Medical documentation, 1% of infants | C42: =1712401*0.01 -> 17124.01 | D42: 1 | E42: =C42*D42 -> 17124.01 | F42: 0.0334 | G42: 572 | H42: 572 | I42: =G42-H42 -> 0 | J42: =G42-H42 -> 0 | K42: =SUM(I42:J42) -> 0
A43: 246.10(d)(1) | B43: Medical documentation | C43: =(6870128*0.01)+(1633864*0.01)+(3523863*0.01) -> 120278.55 | D43: 2 | E43: =C43*D43 -> 240557.1 | F43: 0.0501 | G43: =E43*F43 -> 12051.911 | H43: 12051.91 | I43: =G43-H43 -> 0.00071 | J43: =G43-H43 -> 0.00071 | K43: =SUM(I43:J43) -> 0.00142
A44: Subtotal Reporting: Applicants | C44: =C38+C39+C40 -> 6870128 | D44: =E44/C44 -> 2.5317916 | E44: =SUM(E38:E43) -> 17393733 | F44: =G44/E44 -> 0.16152549 | G44: =SUM(G38:G43) -> 2809531.2 | H44: =SUM(H38:H43) -> 1727033.1 | I44: =SUM(I38:I43) -> 1082498.1 | J44: =SUM(J38:J43) -> 0.00071 | K44: =SUM(K38:K43) -> 1082498.1
A45: Affected Public: Retail Vendors (WIC-Authorized Food Stores) and Businesses (Non-Profit WIC Local Agencies)
A46: 246.7(i) | B46: Cert. data for women | C46: =1808*0.3 -> 542.4 | D46: =(2*1633864)/1808 -> 1807.3717 | E46: =C46*D46 -> 980318.4 | F46: =ROUND(13/60, 4) -> 0.2167 | G46: =E46*F46 -> 212435 | H46: 0 | I46: =C46*D46*(F46-(10/60)) -> 49048.597 | J46: =C46*D46*(10/60) -> 163386.4 | K46: =SUM(I46:J46) -> 212435 | L46: Increase due to program change due to proposed rule and program adjustment from separating out estimate of non-profit local agencies.
A47: 246.7(i) | B47: Cert. data for children | C47: =1808*0.3 -> 542.4 | D47: =(1.5*3523863)/1808 -> 2923.5589 | E47: =C47*D47 -> 1585738.4 | F47: =ROUND(13/60, 4) -> 0.2167 | G47: =E47*F47 -> 343629.5 | H47: 0 | I47: =C47*D47*(F47-(10/60)) -> 79339.775 | J47: =C47*D47*(10/60) -> 264289.72 | K47: =SUM(I47:J47) -> 343629.5 | L47: Increase due to program change due to proposed rule and program adjustment from separating out estimate of non-profit local agencies.
A48: 246.7(i) | B48: Certification data for infants | C48: =1808*0.3 -> 542.4 | D48: =1*(1712401/1808) -> 947.12445 | E48: =C48*D48 -> 513720.3 | F48: =ROUND(13/60, 4) -> 0.2167 | G48: =E48*F48 -> 111323.19 | H48: 0 | I48: =C48*D48*(F48-(10/60)) -> 25703.139 | J48: =C48*D48*(10/60) -> 85620.05 | K48: =SUM(I48:J48) -> 111323.19 | L48: Increase due to program change due to proposed rule and program adjustment from separating out estimate of non-profit local agencies.
A49: 246.7(i) | B49: Explaining food package updates | C49: =1808*0.3 -> 542.4 | D49: =6870128/1808 -> 3799.8496 | E49: =C49*D49 -> 2061038.4 | F49: =ROUND(5/60, 4) -> 0.0833 | G49: =E49*F49 -> 171684.5 | H49: 0 | I49: =G49-H49 -> 171684.5 | J49: 0 | K49: =SUM(I49:J49) -> 171684.5 | L49: One-time burden to explain program changes in the proposed rule to participants.
A50: 246.10(b)(2)(i) | B50: LA training on revised food list | C50: =1808*0.3 -> 542.4 | D50: 1 | E50: =C50*D50 -> 542.4 | F50: 1 | G50: =E50*F50 -> 542.4 | H50: 0 | I50: =G50-H50 -> 542.4 | J50: 0 | K50: =SUM(I50:J50) -> 542.4 | L50: One-time burden for non-profit local agencies to attend training on revised food list.
A51: 246.12(g)(4)(i) | B51: Vendor food sales data for A50s | C51: 3691 | D51: 1 | E51: =C51*D51 -> 3691 | F51: 2 | G51: =E51*F51 -> 7382 | H51: 7382 | I51: =G51-H51 -> 0 | J51: =G51-H51 -> 0 | K51: =SUM(I51:J51) -> 0
A52: 246.12(g)(4)(ii)(B) | B52: Vendor shelf prices | C52: =(79/89)*41164 -> 36538.831 | D52: 2 | E52: =C52*D52 -> 73077.663 | F52: 2 | G52: =ROUND(E52*F52, 2) -> 146155.33 | H52: 146155.33 | I52: =G52-H52 -> 0 | J52: =G52-H52 -> 0 | K52: =SUM(I52:J52) -> 0
A53: 246.12(h)(1)(i) | B53: Vendor applications & Agreements | C53: =(41164-150)*0.33 -> 13534.62 | D53: 1 | E53: =C53*D53 -> 13534.62 | F53: 1 | G53: =E53*F53 -> 13534.62 | H53: 13584.12 | I53: =G53-H53 -> -49.5 | J53: 0 | K53: =SUM(I53:J53) -> -49.5 | L53: Decrease in number of retail vendors due to program change due to proposed rule.
A54: 246.12(h)(8)(i) | B54: Vendor incentive items | C54: =(4/10)*973 -> 389.2 | D54: 1 | E54: =C54*D54 -> 389.2 | F54: 1 | G54: =E54*F54 -> 389.2 | H54: 389.2 | I54: =G54-H54 -> 0 | J54: =G54-H54 -> 0 | K54: =SUM(I54:J54) -> 0
A55: Subtotal Reporting: Retail Vendors and Businesses * | C55: =(41164-150)+(1808*0.3) -> 41556.4 | D55: =+E55/C55 -> 125.9024 | E55: =SUM(E46:E54) -> 5232050.3 | F55: =+G55/E55 -> 0.19248204 | G55: =SUM(G46:G54) -> 1007075.7 | H55: =SUM(H46:H54) -> 167510.65 | I55: =SUM(I46:I54) -> 326268.91 | J55: =SUM(J46:J54) -> 513296.17 | K55: =SUM(K46:K54) -> 839565.09
A56: GRAND SUBTOTAL: REPORTING** | C56: =SUM(C36,C44,(C55-(1808*0.3))) -> 6913039 | D56: =E56/C56 -> 5.0643999 | E56: =SUM(E36,E44,E55) -> 35010394 | F56: =+G56/E56 -> 0.17694027 | G56: =SUM(G36,G44,G55) -> 6194748.7 | H56: =SUM(H36,H44,H55) -> 4027320 | I56: =SUM(I36,I44,I55) -> 2170851.5 | J56: =SUM(J36,J44,J55) -> -3422.7193 | K56: =SUM(K36,K44,K55) -> 2167428.7
A57: RECORDKEEPING BURDEN ESTIMATES
A58: Affected Public: State and Local Agencies (including Indian Tribal Organizations and U.S. Territories)
A59: 246.10(d)(1) | B59: Medical documentation | C59: 10000 | D59: 2 | E59: =C59*D59 -> 20000 | F59: 0.0167 | G59: =E59*F59 -> 334 | H59: 334 | I59: =G59-H59 -> 0 | J59: =G59-H59 -> 0 | K59: =SUM(I59:J59) -> 0
A60: 246.12(g)(10) | B60: Vendor infant formula suppliers | C60: 89 | D60: 1 | E60: =C60*D60 -> 89 | F60: 50 | G60: =E60*F60 -> 4450 | H60: 4450 | I60: =G60-H60 -> 0 | J60: =G60-H60 -> 0 | K60: =SUM(I60:J60) -> 0
A61: 246.12(h)(1)(i) | B61: Vendor applications & agreements | C61: 89 | D61: =(41164-150)*0.33/89 -> 152.07438 | E61: =C61*D61 -> 13534.62 | F61: 1 | G61: =E61*F61 -> 13534.62 | H61: 13584.12 | I61: =G61-H61 -> -49.5 | J61: 0 | K61: =SUM(I61:J61) -> -49.5 | L61: Decrease in number of retail vendors due to program change due to proposed rule.
A62: 246.12(h)(8)(i) | B62: Vendor incentive items | C62: =(4/10)*973 -> 389.2 | D62: 1 | E62: =C62*D62 -> 389.2 | F62: 1 | G62: =E62*F62 -> 389.2 | H62: 389.2 | I62: =G62-H62 -> 0 | J62: =G62-H62 -> 0 | K62: =SUM(I62:J62) -> 0
A63: 246.12(i)(4) | B63: Vendor training content | C63: 89 | D63: 1 | E63: =C63*D63 -> 89 | F63: 2 | G63: =E63*F63 -> 178 | H63: 178 | I63: =G63-H63 -> 0 | J63: =G63-H63 -> 0 | K63: =SUM(I63:J63) -> 0
A64: 246.12(j)(6) | B64: Routine vendor monitoring | C64: 89 | D64: =(41164/89)*0.05 -> 23.125843 | E64: =C64*D64 -> 2058.2 | F64: 0.5 | G64: =E64*F64 -> 1029.1 | H64: 1029.1 | I64: =G64-H64 -> 0 | J64: =G64-H64 -> 0 | K64: =SUM(I64:J64) -> 0
A65: 246.12(j)(6)(ii) | B65: Vendor compliance Investigations | C65: 89 | D65: =(41164/89)*0.05 -> 23.125843 | E65: =C65*D65 -> 2058.2 | F65: 2 | G65: =E65*F65 -> 4116.4 | H65: 4116.4 | I65: =G65-H65 -> 0 | J65: =G65-H65 -> 0 | K65: =SUM(I65:J65) -> 0
A66: 246.12(l)(3) | B66: Vendor notice of violations | C66: 89 | D66: =514/89 -> 5.7752809 | E66: =C66*D66 -> 514 | F66: 1 | G66: =E66*F66 -> 514 | H66: 514 | I66: =G66-H66 -> 0 | J66: =G66-H66 -> 0 | K66: =SUM(I66:J66) -> 0
A67: 246.23(c)(1) | B67: Disposition of participant claims | C67: 89 | D67: 1 | E67: =C67*D67 -> 89 | F67: 5 | G67: =E67*F67 -> 445 | H67: 445 | I67: =G67-H67 -> 0 | J67: =G67-H67 -> 0 | K67: =SUM(I67:J67) -> 0
A68: 246.25(a) | B68: Financial ops. & food delivery sys. | C68: =89+1808 -> 1897 | D68: 12 | E68: =C68*D68 -> 22764 | F68: 2 | G68: =E68*F68 -> 45528 | H68: 45528 | I68: =G68-H68 -> 0 | J68: =G68-H68 -> 0 | K68: =SUM(I68:J68) -> 0
A69: 246.25(a) | B69: Nutrition ed. for women & children | C69: 1808 | D69: =((1633864+3523863)/1808)*4 -> 11410.9 | E69: =C69*D69 -> 20630908 | F69: 0.0167 | G69: =ROUND(E69*F69, 2) -> 344536.16 | H69: 344536.16 | I69: =G69-H69 -> 0 | J69: =G69-H69 -> 0 | K69: =SUM(I69:J69) -> 0
A70: 246.25(a) | B70: Nutrition education for infants | C70: 1808 | D70: =(1712401/1808)*4 -> 3788.4978 | E70: =C70*D70 -> 6849604 | F70: 0.0167 | G70: =ROUND(E70*F70, 2) -> 114388.39 | H70: 114388.39 | I70: =G70-H70 -> 0 | J70: =G70-H70 -> 0 | K70: =SUM(I70:J70) -> 0
A71: 246.25(a) | B71: Fair hearings | C71: =89+1808 -> 1897 | D71: 1 | E71: =C71*D71 -> 1897 | F71: 0.25 | G71: =E71*F71 -> 474.25 | H71: 474.25 | I71: =G71-H71 -> 0 | J71: =G71-H71 -> 0 | K71: =SUM(I71:J71) -> 0
A72: SUBTOTAL: RECORDKEEPING | C72: =10000+1808+89 -> 11897 | D72: =+E72/C72 -> 2315.205 | E72: =SUM(E59:E71) -> 27543994 | F72: =+G72/E72 -> 0.019238935 | G72: =SUM(G59:G71) -> 529917.12 | H72: =SUM(H59:H71) -> 529966.62 | I72: =SUM(I59:I71) -> -49.5 | J72: =SUM(J59:J71) -> 0 | K72: =SUM(K59:K71) -> -49.5
A73: GRAND TOTAL: REPORTING AND RECORDKEEPING | C73: =SUM(C56) -> 6913039 | D73: =E73/C73 -> 9.0487538 | E73: =SUM(E56,E72) -> 62554388 | F73: =G73/E73 -> 0.1075011 | G73: =SUM(G56,G72) -> 6724665.8 | H73: =SUM(H56,H72) -> 4557286.6 | I73: =SUM(I56,I72) -> 2170802 | J73: =SUM(J56,J72) -> -3422.7193 | K73: =SUM(K56,K72) -> 2167379.2
A75: SUMMARY OF REPORTING BURDEN (OMB #0584-0043)
A76: TOTAL NO. RESPONDENTS | C76: =+C56 -> 6913039 | F76: *Total retail vendor data provided from The Integrity Profile (TIP) database on WIC vendor population.
A77: AVERAGE NO. RESPONSES PER RESPONDENT | C77: =+C78/C76 -> 5.0643999
A78: TOTAL ANNUAL RESPONSES | C78: =+E56 -> 35010394
A79: AVERAGE HOURS PER RESPONSE | C79: =+C80/C78 -> 0.17694027 | F79: **In the Grand Subtotal: Reporting for the previous submission total burden hours was adjusted to 3,165,043 to match the ROCIS calculatuions. In the Excel calculations, this total is actually 3,165,043.8, which Excel rounds to 3,165,044. ROCIS, however, did not round this total so
A80: TOTAL ANNUAL BURDEN HOURS REQUESTED | C80: =+G56 -> 6194748.7 | F80: the total previously submitted hours were adjusted to match.
A81: CURRENT OMB INVENTORY*** | C81: =H56 -> 4027320
A82: DIFFERENCE | C82: =C80-C81 -> 2167428.7 | F82: ***Previous Submission: Total Hours Requested reflects the currently approved burden hours from 2020 and hours identified as in use without OMB approval (10,188 for SA review of vendor agreements; 246.12(h)(1)(i)), which FNS is currently seeking approval for through a revision to OMB Control Number 0584-0043.
A84: SUMMARY OF RECORDKEEPING BURDEN (OMB #0584-0043)
A85: TOTAL NO. RECORDKEEPERS | C85: =+C72 -> 11897
A86: AVERAGE NO. RESPONSES PER RESPONDENT | C86: =+C87/C85 -> 2315.205
A87: TOTAL ANNUAL RESPONSES | C87: =+E72 -> 27543994
A88: AVERAGE HOURS PER RESPONSE | C88: =+C89/C87 -> 0.019238935
A89: TOTAL ANNUAL BURDEN HOURS REQUESTED | C89: =+G72 -> 529917.12
A90: CURRENT OMB INVENTORY | C90: =+H72 -> 529966.62
A91: DIFFERENCE | C91: =C89-C90 -> -49.5
A93: ANNUAL REPORTING & RECORDKEEPING BURDEN (OMB #0584-0043)
A94: GRAND TOTAL - RESPONSES | C94: =+C78+C87 -> 62554388
A95: GRAND TOTAL - ANNUAL BURDEN HOURS | C95: =+C80+C89 -> 6724665.8
A96: CURRENT OMB INVENTORY*** | C96: =H73 -> 4557286.6
A97: DIFFERENCE | C97: =C82+C91 -> 2167379.2

Sheet 2023 - LA
A1: APPENDIX I: WIC Burden Table | M1: Number of respondents per category
A2: Regulatory Section | B2: Information Collected | C2: Estimated Number of Respondents | D2: Annual Responses per Respondent | E2: Total Annual Responses | F2: Number of Burden Hours per Request | G2: Estimated Total Burden Hours | H2: Previous Sumbission: Total Hours per Person | I2: Difference Due to Program Changes | J2: Difference Due to Adjustments | K2: Explanation of Differences/Comments | M2: State Agencies | N2: Local Agencies | O2: Participants- Total | P2: Participants- Women | Q2: Participants- Infants | R2: Participants- Children | S2: Vendors | T2: Farmers/Markets
A3: REPORTING BURDEN ESTIMATES | M3: 89 | N3: 1810 | O3: 6243960 | P3: 1379126 | Q3: 1464744 | R3: 3400090 | S3: 37417 | T3: 3289
A4: Affected Public: State and Local Agencies (including Indian Tribal Organizations and U.S. Territories) | M4: No Change | N4: Increase | O4: decrease | P4: decrease | Q4: decrease | R4: decrease | S4: decrease | T4: N/A
A5: 246.4 | B5: State Plan | C5: 89 | D5: 1 | E5: =C5*D5 -> 89 | F5: 134.62 | G5: =E5*F5 -> 11981.18 | H5: ='2020'!G5 -> 11981.18 | I5: =G5-H5 -> 0 | J5: =G5-H5 -> 0 | K5: N/A
A6: 246.5(b) | B6: Local Agency (LA) applications | C6: =1810*0.5 -> 905 | D6: 1 | E6: =C6*D6 -> 905 | F6: 2 | G6: =E6*F6 -> 1810 | H6: ='2020'!G6 -> 1808 | I6: 0 | J6: =G6-H6 -> 2 | K6: Increase in number of local agencies.
A7: 246.5(c)(2) | B7: SA notification re not funding LA | C7: 4 | D7: 1 | E7: =C7*D7 -> 4 | F7: 0.167 | G7: =E7*F7 -> 0.668 | H7: 0 | I7: =G7-H7 -> 0.668 | J7: 0 | K7: Increase due to not being reported in previous submission
A8: 246.5(d)(2) | B8: SA Public Notice for new LA | C8: =(89*0.33) -> 29.37 | D8: 1 | E8: =C8*D8 -> 29.37 | F8: 0.5 | G8: =E8*F8 -> 14.685 | H8: 0 | I8: =G8-H8 -> 14.685 | J8: 0 | K8: Increase due to not being reported in previous submission
A9: 246.5(e)(3)(ii) | B9: SA notification of LA disqualification | C9: 4 | D9: =(1810/89)*0.02 -> 0.40674157 | E9: =C9*D9 -> 1.6269663 | F9: 0.5 | G9: =E9*F9 -> 0.81348315 | H9: 0 | I9: =G9-H9 -> 0.81348315 | J9: 0 | K9: Increase due to not being reported in previous submission
A10: 246.6 | B10: LA Agreements | C10: =1810*0.5 -> 905 | D10: 1 | E10: =C10*D10 -> 905 | F10: 1.5 | G10: =E10*F10 -> 1357.5 | H10: ='2020'!G7 -> 1356 | I10: 0 | J10: =G10-H10 -> 1.5 | K10: Increase in number of local agencies.
A11: 246.7(d) | B11: Provision of income eligibility determinations | C11: 89 | D11: =(1810/89) -> 20.337079 | E11: =C11*D11 -> 1810 | F11: 0.25 | G11: =E11*F11 -> 452.5 | H11: 0 | I11: =G11-H11 -> 452.5 | J11: 0 | K11: Increase due to not being reported in previous submission
A12: 246.7(f)(2)(iii)(A) | B12: LA requests for notice extension | C12: =1810/6 -> 301.66667 | D12: 1 | E12: =C12*D12 -> 301.66667 | F12: 0.25 | G12: =E12*F12 -> 75.416667 | H12: ='2020'!G8 -> 75.325 | I12: 0 | J12: =G12-H12 -> 0.091666667 | K12: Increase in number of local agencies.
A13: 246.7(i) | B13: Cert. data for women and children | E13: =C13*D13 -> 0 | G13: =E13*F13 -> 0 | H13: ='2020'!G9 -> 1428439 | I13: =G13-H13 -> -1428439 | J13: =G13-H13 -> -1428439 | K13: N/A
A14: 246.7(b),(i),(n) | B14: Cert. data for women | C14: =1810*0.7 -> 1267 | D14: =(1379126*0.7)/1267 -> 761.94807 | E14: =C14*D14 -> 965388.2 | F14: 0.4175 | G14: =E14*F14 -> 403049.57 | H14: ='2020'!G10 -> 545711 | I14: 0 | J14: =G14-H14 -> -142661.43 | K14: Decrease in number of women certifications.
A15: 246.7(i) | B15: Cert. data for children | C15: =1810*0.7 -> 1267 | D15: =(3400090*0.7)/1267 -> 1878.5028 | E15: =C15*D15 -> 2380063 | F15: 0.4175 | G15: =E15*F15 -> 993676.3 | H15: ='2020'!G11 -> 882728 | I15: 0 | J15: =G15-H15 -> 110948.3 | K15: Decrease in the number of children certifications but overall increase due to an increase in number of buden hours per request.
A16: 246.7(i) | B16: Certification data for infants | C16: =1810*0.7 -> 1267 | D16: =1*(1464744*0.7/1267) -> 809.25083 | E16: =C16*D16 -> 1025320.8 | F16: 0.4175 | G16: =E16*F16 -> 428071.43 | H16: ='2020'!G12 -> 285970.97 | I16: 0 | J16: =G16-H16 -> 142100.47 | K16: Decrease in the number of infant certifications but overall increase due to an increase in number of buden hours per request.
A17: 246.7(j)(9) | B17: SA notification re funding shortfall | C17: 4 | D17: 1 | E17: =C17*D17 -> 4 | F17: 0.0835 | G17: =E17*F17 -> 0.334 | H17: ='2020'!G13 -> 0.334 | I17: =G17-H17 -> 0 | J17: =G17-H17 -> 0 | K17: N/A
A18: 246.7(k) | B18: Verification of Certification cards | C18: =1810*0.7 -> 1267 | D18: =((0.03*6243960*0.7)/1267) -> 103.49105 | E18: =C18*D18 -> 131123.16 | F18: 0.0835 | G18: =E18*F18 -> 10948.784 | H18: ='2020'!G14 -> 17210 | I18: 0 | J18: =G18-H18 -> -6261.2161 | K18: Decrease in number of total certifications.
A19: 246.8 | B19: Provision of Non-English Materials | C19: 79 | D19: 1 | E19: =C19*D19 -> 79 | F19: 3 | G19: =E19*F19 -> 237 | H19: 0 | I19: =G19-H19 -> 237 | J19: 0 | K19: Increase due to not being reported in previous submission
A20: 246.9 (c) | B20: Informing WIC participants of the details of the appeal process and their individual rights. | C20: 89 | D20: =(6243959*0.02)/89 -> 1403.1369 | E20: =C20*D20 -> 124879.18 | F20: 0.0835 | G20: =E20*F20 -> 10427.412 | H20: 0 | I20: =G20-H20 -> 10427.412 | J20: 0 | K20: Increase due to not being reported in previous submission
A21: 246.9 (h) | B21: Fair hearing procedures for participants | C21: 89 | D21: =(6243959*0.02*0.02)/89 -> 28.062737 | E21: =C21*D21 -> 2497.5836 | F21: 3 | G21: =E21*F21 -> 7492.7508 | H21: 0 | I21: =G21-H21 -> 7492.7508 | J21: 0 | K21: Increase due to not being reported in previous submission
A22: 246.10(b)(1) | B22: Identification of acceptable foods | C22: 89 | D22: 1 | E22: =C22*D22 -> 89 | F22: 40 | G22: =E22*F22 -> 3560 | H22: ='2020'!G15 -> 3560 | I22: =G22-H22 -> 0 | J22: =G22-H22 -> 0 | K22: N/A
A23: 246.10(b(2) | B23: Submit APL as food list | C23: 54 | D23: 4 | E23: =C23*D23 -> 216 | F23: 0.0083 | G23: =E23*F23 -> 1.7928 | H23: ='2020'!G16 -> 1.7928 | I23: =G23-H23 -> 0 | J23: =G23-H23 -> 0 | K23: N/A
A24: 246.10(d)(1) | B24: Medical documentation, 1% of infants | C24: =1810*0.7 -> 1267 | D24: =(1464744*0.7*0.01)/1267 -> 8.0925083 | E24: =C24*D24 -> 10253.208 | F24: 0.0334 | G24: =E24*F24 -> 342.45715 | H24: ='2020'!G17 -> 572 | I24: 0 | J24: =G24-H24 -> -229.54285 | K24: Decrease in number of infant certifications. (1% of infants)
A25: 246.10(i) | B25: Plans for Substitutions | C25: =(1/5) -> 0.2 | D25: 1 | E25: =C25*D25 -> 0.2 | F25: 2 | G25: =E25*F25 -> 0.4 | I25: =G25-H25 -> 0.4 | J25: =G25-H25 -> 0.4 | K25: Increase due to not being reported in previous submission
A26: 246.11(d)(1), 246.7(b) | B26: LA nutrition education provision | C26: =1810*0.7 -> 1267 | D26: =((6243960*0.7)/1267) -> 3449.7017 | E26: =C26*D26 -> 4370772 | F26: 0.25 | G26: =E26*F26 -> 1092693 | H26: 0 | I26: =G26-H26 -> 1092693 | J26: 0 | K26: Increase due to not being reported in previous submission
A27: 246.11(d)(2) | B27: LA nutrition education plan | C27: =0.7*1810 -> 1267 | D27: 1 | E27: =C27*D27 -> 1267 | F27: 40 | G27: =E27*F27 -> 50680 | H27: ='2020'!G18 -> 72320 | I27: 0 | J27: =G27-H27 -> -21640 | K27: Decrease due to nonprofit local agencies being reported as businesses
A28: 246.12(f)(3) | B28: Vendor identification | C28: 89 | D28: 1 | E28: =C28*D28 -> 89 | F28: 3 | G28: =E28*F28 -> 267 | H28: 0 | I28: =G28-H28 -> 267 | J28: 0 | K28: Increase due to not being reported in previous submission
A29: 246.12(f)(4) | B29: Split tender transactions | C29: 89 | D29: 1 | E29: =C29*D29 -> 89 | F29: 3 | G29: =E29*F29 -> 267 | H29: 0 | I29: =G29-H29 -> 267 | J29: 0 | K29: Increase due to not being reported in previous submission
A30: 246.12(g)(4)(i) | B30: Vendor food sales data | C30: 89 | D30: =(840)/89 -> 9.4382022 | E30: =C30*D30 -> 840 | F30: 4 | G30: =E30*F30 -> 3360 | H30: ='2020'!G19 -> 14764 | I30: =G30-H30 -> -11404 | J30: =G30-H30 -> -11404 | K30: Decrease in the number of above-50-percent vendors.
A31: 246.12(g)(4)(ii)(B) | B31: Vendor shelf prices | C31: 79 | D31: =2*(37417/79) -> 947.26582 | E31: =C31*D31 -> 74834 | F31: 2 | G31: =E31*F31 -> 149668 | H31: ='2020'!G20 -> 164656 | I31: 0 | J31: =G31-H31 -> -14988 | K31: Decrease in the number of vendors.
A32: 246.12(g)(4)(ii)(B) | B32: Vendor shelf prices exemption | C32: 5 | D32: 1 | E32: =C32*D32 -> 5 | F32: 8 | G32: =E32*F32 -> 40 | H32: ='2020'!G21 -> 40 | I32: =G32-H32 -> 0 | J32: =G32-H32 -> 0 | K32: N/A
A33: 246.12(g)(4)(iii) | B33: Price Increases | C33: 89 | D33: 1 | E33: =C33*D33 -> 89 | F33: 3 | G33: =E33*F33 -> 267 | H33: 0 | I33: =G33-H33 -> 267 | J33: 0 | K33: Increase due to not being reported in previous submission
A34: 246.12(g)(5) | B34: Vendor initial preauthorization visits | C34: 89 | D34: 17 | E34: =C34*D34 -> 1513 | F34: 1 | G34: =E34*F34 -> 1513 | H34: 0 | I34: =G34-H34 -> 1513 | J34: 0 | K34: Increase due to not being reported in previous submission
A35: 246.12(g)(8) | B35: Application periods | C35: 89 | D35: 1 | E35: =C35*D35 -> 89 | F35: 3 | G35: =E35*F35 -> 267 | H35: 0 | I35: =G35-H35 -> 267 | J35: 0 | K35: Increase due to not being reported in previous submission
A36: 246.12(h) | B36: Review Vendor applicaitons/agreements | C36: 89 | D36: =(0.33*37417)/89 -> 138.73719 | E36: =C36*D36 -> 12347.61 | F36: 0.678 | G36: =E36*F36 -> 8371.6796 | H36: 0 | I36: =G36-H36 -> 8371.6796 | J36: 0 | K36: Increase due to not being reported in previous submission
A37: 246.12(i)(1) | B37: Vendor training development | C37: 89 | D37: 1 | E37: =C37*D37 -> 89 | F37: 8 | G37: =E37*F37 -> 712 | H37: ='2020'!G22 -> 712 | I37: =G37-H37 -> 0 | J37: =G37-H37 -> 0 | K37: N/A
A38: 246.12(i)(1) | B38: Vendor training | C38: 89 | D38: =(S3/89) -> 420.41573 | E38: =C38*D38 -> 37417 | F38: 2 | G38: =E38*F38 -> 74834 | H38: ='2020'!G23 -> 82328 | I38: 0 | J38: =G38-H38 -> -7494 | K38: Decrease in the number of vendors.
A39: 246.12(j)(2),(6) | B39: Routine vendor monitoring | C39: 89 | D39: =(0.05*37417)/89 -> 21.020787 | E39: =C39*D39 -> 1870.85 | F39: 1.334 | G39: =E39*F39 -> 2495.7139 | H39: 0 | I39: =G39-H39 -> 2495.7139 | J39: 0 | K39: Increase due to not being reported in previous submission
A40: 246.12(j)(4),(6) | B40: Vendor compliance investigations | C40: 89 | D40: =(37417*0.05)/89 -> 21.020787 | E40: =C40*D40 -> 1870.85 | F40: 2.334 | G40: =E40*F40 -> 4366.5639 | H40: ='2020'!G24 -> 4116.4 | I40: 0 | J40: =G40-H40 -> 250.1639 | K40: Decrease in the number of vendors.
A41: 246.12(k)(5) | B41: FI and CVV redeemed after the specified period. | C41: 2 | D41: 1 | E41: =C41*D41 -> 2 | F41: 3 | G41: =E41*F41 -> 6 | H41: 0 | I41: =G41-H41 -> 6 | J41: 0 | K41: Increase due to not being reported in previous submission
A42: 246.12(l)(3) | B42: Notification of vendor violations | C42: 89 | D42: =(37417*0.02)/89 -> 8.4083146 | E42: =C42*D42 -> 748.34 | F42: 0.05 | G42: =E42*F42 -> 37.417 | H42: 0 | I42: =G42-H42 -> 37.417 | J42: 0 | K42: Increase due to not being reported in previous submission
A43: 246.12(m) | B43: Home food delivery systems | C43: 1 | D43: 12 | E43: =C43*D43 -> 12 | F43: 40 | G43: =E43*F43 -> 480 | H43: 0 | I43: =G43-H43 -> 480 | J43: 0 | K43: Increase due to not being reported in previous submission
A44: 246.12(o) | B44: Complaints | C44: 89 | D44: =10000/89 -> 112.35955 | E44: =C44*D44 -> 10000 | F44: 1 | G44: =E44*F44 -> 10000 | H44: ='2020'!G25 -> 10000 | I44: =G44-H44 -> 0 | J44: =G44-H44 -> 0 | K44: N/A
A45: 246.12(p) | B45: Food instrument and cash-value voucher security | C45: 89 | D45: 1 | E45: =C45*D45 -> 89 | F45: 2 | G45: =E45*F45 -> 178 | H45: 0 | I45: =G45-H45 -> 178 | J45: 0 | K45: Increase due to not being reported in previous submission
A46: 246.12(q) | B46: Disposition of food instruments | C46: 89 | D46: 1 | E46: =C46*D46 -> 89 | F46: 40 | G46: =E46*F46 -> 3560 | H46: ='2020'!G26 -> 3560 | I46: =G46-H46 -> 0 | J46: =G46-H46 -> 0 | K46: N/A
A47: 246.12(u) | B47: Participant Sanctions | C47: 89 | D47: =(6243959*0.02)/89 -> 1403.1369 | E47: =C47*D47 -> 124879.18 | F47: 0.0835 | G47: =E47*F47 -> 10427.412 | H47: 0 | I47: =G47-H47 -> 10427.412 | J47: 0 | K47: Increase due to not being reported in previous submission
A48: 246.12(v) | B48: Farmers Market applications/agreements | C48: 89 | D48: =(0.3*3289)/89 -> 11.086517 | E48: =C48*D48 -> 986.7 | F48: 0.678 | G48: =E48*F48 -> 668.9826 | H48: 0 | I48: =G48-H48 -> 668.9826 | J48: 0 | K48: Increase due to not being reported in previous submission
A49: 246.12(v)(6) | B49: Farmers Market Disqualificaitons | C49: 89 | D49: =(3289*0.02)/89 -> 0.73910112 | E49: =C49*D49 -> 65.78 | F49: 0.0835 | G49: =E49*F49 -> 5.49263 | H49: 0 | I49: =G49-H49 -> 5.49263 | J49: 0 | K49: Increase due to not being reported in previous submission
A50: 246.12(bb) | B50: EBT Technical standards and requirements | C50: 89 | D50: 1 | E50: =C50*D50 -> 89 | F50: 3 | G50: =E50*F50 -> 267 | H50: 0 | I50: =G50-H50 -> 267 | J50: 0 | K50: Increase due to not being reported in previous submission
A51: 246.14(d) | B51: ADP proposals | C51: 20 | D51: 1 | E51: =C51*D51 -> 20 | F51: 160 | G51: =E51*F51 -> 3200 | H51: ='2020'!G27 -> 3200 | I51: =G51-H51 -> 0 | J51: =G51-H51 -> 0 | K51: N/A
A52: 246.16(b)(3)(i)&(ii) | B52: Food backspend and NSA spendforward authority | C52: 27 | D52: 1 | E52: =C52*D52 -> 27 | F52: 2 | G52: =E52*F52 -> 54 | H52: 0 | I52: =G52-H52 -> 54 | J52: 0 | K52: Increase due to not being reported in previous submission
A53: 246.16(d) | B53: Distribution of funds to LAs | C53: 89 | D53: =(1810*4)/89 -> 81.348315 | E53: =C53*D53 -> 7240 | F53: 2 | G53: =E53*F53 -> 14480 | H53: ='2020'!G28 -> 14464 | I53: 0 | J53: =G53-H53 -> 16 | K53: Increase in the number of local agencies.
A54: 246.16(e)(2)(i) & (ii) | B54: Food expenditure requirement waiver; NSA expenditure requirement good cause justification | C54: 30 | D54: 1 | E54: =C54*D54 -> 30 | F54: 1.5 | G54: =E54*F54 -> 45 | H54: 0 | I54: =G54-H54 -> 45 | J54: 0 | K54: Increase due to not being reported in previous submission
A55: 246.16a | B55: Infant Formula Cost Containment Procedures | C55: =79/5 -> 15.8 | D55: 1 | E55: =C55*D55 -> 15.8 | F55: 1968 | G55: =E55*F55 -> 31094.4 | H55: 0 | I55: =G55-H55 -> 31094.4 | J55: 0 | K55: Increase due to not being reported in previous submission
A56: 246.16a(f) | B56: Postponement Request | C56: 2 | D56: 1 | E56: =C56*D56 -> 2 | F56: 8 | G56: =E56*F56 -> 16 | H56: 0 | I56: =G56-H56 -> 16 | J56: 0 | K56: Increase due to not being reported in previous submission
A57: 246.16a(g)(1)-(4) | B57: Cost containment Procedures for other supplemental foods | C57: 2 | D57: 1 | E57: =C57*D57 -> 2 | F57: 480 | G57: =E57*F57 -> 960 | H57: 0 | I57: =G57-H57 -> 960 | J57: 0 | K57: Increase due to not being reported in previous submission
A58: 246.17(c)(1) | B58: Termination of SAs & LAs | C58: 89 | D58: =(10/89) -> 0.11235955 | E58: =C58*D58 -> 10 | F58: 8 | G58: =E58*F58 -> 80 | H58: ='2020'!G29 -> 80 | I58: =G58-H58 -> 0 | J58: =G58-H58 -> 0 | K58: N/A
A59: 246.18 | B59: Administrative Review of State agency actions | C59: 89 | D59: =((37417+3289)*0.02)/89 -> 9.1474157 | E59: =C59*D59 -> 814.12 | F59: 2 | G59: =E59*F59 -> 1628.24 | H59: 0 | I59: =G59-H59 -> 1628.24 | J59: 0 | K59: Increase due to not being reported in previous submission
A60: 246.19 | B60: Observations | C60: 17 | D60: 1 | E60: =C60*D60 -> 17 | F60: 3 | G60: =E60*F60 -> 51 | H60: 0 | I60: =G60-H60 -> 51 | J60: 0 | K60: Increase due to not being reported in previous submission
A61: 246.19(a)(2) | B61: SA corrective action plans to FNS | C61: =89*0.33 -> 29.37 | D61: 1 | E61: =C61*D61 -> 29.37 | F61: 30 | G61: =E61*F61 -> 881.1 | H61: ='2020'!G30 -> 881.1 | I61: =G61-H61 -> 0 | J61: =G61-H61 -> 0 | K61: N/A
A62: 246.19(b)(3) | B62: LA Monitoring | C62: 89 | D62: =(1810/2)/89 -> 10.168539 | E62: =C62*D62 -> 905 | F62: 2 | G62: =E62*F62 -> 1810 | H62: 0 | I62: =G62-H62 -> 1810 | J62: 0 | K62: Increase due to not being reported in previous submission
A63: 246.19(b)(5) | B63: Targeted LA reviews | C63: 89 | D63: =(1810/89)*0.5*0.25 -> 2.5421348 | E63: =C63*D63 -> 226.25 | F63: 2 | G63: =E63*F63 -> 452.5 | H63: ='2020'!G31 -> 452 | I63: 0 | J63: =G63-H63 -> 0.5 | K63: Increase in the number of local agencies.
A64: 246.20(a)(2) | B64: SA response to OIG audits | C64: 1 | D64: 1 | E64: =C64*D64 -> 1 | F64: 40 | G64: =E64*F64 -> 40 | H64: ='2020'!G32 -> 40 | I64: =G64-H64 -> 0 | J64: =G64-H64 -> 0 | K64: N/A
A65: 246.20(b) | B65: SA Annual Audits | C65: 89 | D65: 1 | E65: =C65*D65 -> 89 | F65: 8 | G65: =E65*F65 -> 712 | H65: 0 | I65: =G65-H65 -> 712 | J65: 0 | K65: Increase due to not being reported in previous submission
A66: 246.22(b)(2) | B66: Administrative appeal | C66: 1 | D66: 1 | E66: =C66*D66 -> 1 | F66: 2 | G66: =E66*F66 -> 2 | H66: 0 | I66: =G66-H66 -> 2 | J66: 0 | K66: Increase due to not being reported in previous submission
A67: 246.23(a)(3) | B67: Claims against State agencies | C67: 1 | D67: 1 | E67: =C67*D67 -> 1 | F67: 2 | G67: =E67*F67 -> 2 | H67: 0 | I67: =G67-H67 -> 2 | J67: 0 | K67: Increase due to not being reported in previous submission
A68: 246.26(h)(3) | B68: Written agreements with public organization | C68: =(89*0.25) -> 22.25 | D68: 1 | E68: =C68*D68 -> 22.25 | F68: 0.25 | G68: =E68*F68 -> 5.5625 | H68: 0 | I68: =G68-H68 -> 5.5625 | J68: 0 | K68: Increase due to not being reported in previous submission
A69: Subtotal Reporting: State and Local Agencies | C69: =C5+1267 -> 1356 | D69: =E69/C69 -> 6853.6542 | E69: =SUM(E5:E68) -> 9293555.1 | F69: =G69/E69 -> 0.35986735 | G69: =SUM(G5:G68) -> 3344447.1 | H69: 2122588 | I69: =SUM(I5:I68) -> -266624.87 | J69: =SUM(J5:J68) -> -1379797.8
A70: Affected Public: Individuals and Households: Applicants for Program Benefits
A71: 246.7(i) | B71: Cert. data for women | C71: 1379126 | D71: 1 | E71: =C71*D71 -> 1379126 | F71: 0.4175 | G71: =E71*F71 -> 575785.1 | H71: ='2020'!G35 -> 545710.58 | I71: 0 | J71: =G71-H71 -> 30074.529 | K71: Decrease in the number of women certificaitons, but an overall increase in the number of burden hours per request.
A72: 246.7(i) | B72: Cert. data for children | C72: 3400090 | D72: 1 | E72: =C72*D72 -> 3400090 | F72: 0.4175 | G72: =E72*F72 -> 1419537.6 | H72: ='2020'!G36 -> 882727.68 | I72: 0 | J72: =G72-H72 -> 536809.89 | K72: Decrease in the number of children certificaitons, but an overall increase in the number of burden hours per request.
A73: 246.7(i) | B73: Certification data for infants | C73: 1464744 | D73: 1 | E73: =C73*D73 -> 1464744 | F73: 0.4175 | G73: =E73*F73 -> 611530.62 | H73: ='2020'!G37 -> 285970.97 | I73: 0 | J73: =G73-H73 -> 325559.65 | K73: Decrease in the number of infant certificaitons, but an overall increase in the number of burden hours per request.
A74: 246.7 | B74: Travel time for certification appointments | C74: 6243960 | D74: 1 | E74: =C74*D74 -> 6243960 | F74: 0.334 | G74: =E74*F74 -> 2085482.6 | H74: 0 | I74: =G74-H74 -> 2085482.6 | J74: 0 | K74: Increase due to not being reported in previous submission
A75: 246.7(o) | B75: Certification appointments | C75: 6243960 | D75: 1 | E75: =C75*D75 -> 6243960 | F75: 0.334 | G75: =E75*F75 -> 2085482.6 | H75: 0 | I75: =G75-H75 -> 2085482.6 | J75: 0 | K75: Increase due to not being reported in previous submission
A76: 246.9 | B76: Participant Appeals | C76: =(6243959*0.02*0.02) -> 2497.5836 | D76: 1 | E76: =C76*D76 -> 2497.5836 | F76: 2 | G76: =E76*F76 -> 4995.1672 | H76: 0 | I76: =G76-H76 -> 4995.1672 | J76: 0 | K76: Increase due to not being reported in previous submission
A77: 246.10(d)(1) | B77: Medical documentation, 1% of infants | C77: =1464744*0.01 -> 14647.44 | D77: 1 | E77: =C77*D77 -> 14647.44 | F77: 0.0334 | G77: =E77*F77 -> 489.2245 | H77: ='2020'!G38 -> 572 | I77: 0 | J77: =G77-H77 -> -82.775504 | K77: Decrease in the number of infants.
A78: 246.10(d)(1) | B78: Medical documentation | C78: =(3400090*0.01)+(1464744*0.01)+(1379126*0.01) -> 62439.6 | D78: 2 | E78: =C78*D78 -> 124879.2 | F78: 0.0501 | G78: =E78*F78 -> 6256.4479 | H78: ='2020'!G39 -> 12051.911 | I78: 0 | J78: =G78-H78 -> -5795.4628 | K78: Decrease in number of participants.
A79: 246.11(e) | B79: Nutrition Education | C79: 6243960 | D79: 1 | E79: =C79*D79 -> 6243960 | F79: 0.25 | G79: =E79*F79 -> 1560990 | H79: 0 | I79: =G79-H79 -> 1560990 | J79: 0 | K79: Increase due to not being reported in previous submission
A80: 246.12(r)(4) | B80: Offline EBT State agencies: Food instrument and cash-value voucher pick up (non-certification clinic visits) | C80: =((6243959/89)/2)*17 -> 596333.16 | D80: 3 | E80: =C80*D80 -> 1788999.5 | F80: 0.5 | G80: =E80*F80 -> 894499.74 | H80: 0 | I80: =G80-H80 -> 894499.74 | J80: 0 | K80: Increase due to not being reported in previous submission
A81: 246.12(r)(4) | B81: Online EBT State agencies: Food instrument and cash-value voucher pick up (non-certification clinic visits) | C81: =((6243960/89)/2)*72 -> 2525646.7 | D81: 1 | E81: =C81*D81 -> 2525646.7 | F81: 0.5 | G81: =E81*F81 -> 1262823.4 | H81: 0 | I81: =G81-H81 -> 1262823.4 | J81: 0 | K81: Increase due to not being reported in previous submission
A82: Subtotal Reporting: Applicants | C82: =C71+C72+C73 -> 6243960 | D82: =E82/C82 -> 4.713757 | E82: =SUM(E71:E81) -> 29432510 | F82: =G82/E82 -> 0.35701584 | G82: =SUM(G71:G81) -> 10507873 | H82: =SUM(H71:H81) -> 1727033.1 | I82: =SUM(I71:I81) -> 7894273.6 | J82: =SUM(J71:J81) -> 886565.84
A83: Affected Public: Business: Retail Vendors (WIC-Authorized Food Stores) and Nonprofit Businesses
A84: 246.5(b) | B84: Nonprofit Applicaitons | C84: =543*0.5 -> 271.5 | D84: 1 | E84: =C84*D84 -> 271.5 | F84: 2 | G84: =E84*F84 -> 543 | H84: 0 | I84: =G84-H84 -> 543 | J84: 0 | K84: Increase due to not being reported in previous submission
A85: 246.7(i) | B85: Cert. data for women | C85: =1810*0.3 -> 543 | D85: =(0.3*1379126)/543 -> 761.94807 | E85: =C85*D85 -> 413737.8 | F85: 0.4175 | G85: =E85*F85 -> 172735.53 | H85: 0 | I85: =G85-H85 -> 172735.53 | J85: 0 | K85: Increase due to not being reported in previous submission
A86: 246.7(i) | B86: Cert. data for children | C86: =1810*0.3 -> 543 | D86: =(0.3*3400090)/543 -> 1878.5028 | E86: =C86*D86 -> 1020027 | F86: 0.4175 | G86: =E86*F86 -> 425861.27 | H86: 0 | I86: =G86-H86 -> 425861.27 | J86: 0 | K86: Increase due to not being reported in previous submission
A87: 246.7(i) | B87: Certification data for infants | C87: =1810*0.3 -> 543 | D87: =(1*0.3*1464744)/543 -> 809.25083 | E87: =C87*D87 -> 439423.2 | F87: 0.4175 | G87: =E87*F87 -> 183459.19 | H87: 0 | I87: =G87-H87 -> 183459.19 | J87: 0 | K87: Increase due to not being reported in previous submission
A88: 246.7(k) | B88: Verification of Certification cards | C88: =0.3*1810 -> 543 | D88: =(0.03*6243960/543)*0.3 -> 103.49105 | E88: =C88*D88 -> 56195.64 | F88: 0.0835 | G88: =E88*F88 -> 4692.3359 | H88: ='2020'!G84 -> 0 | I88: 0 | J88: =G88-H88 -> 4692.3359 | K88: Decrease in number of total certifications.
A89: 246.10(d)(1) | B89: Medical documentation, 1% of infants | C89: =0.3*1810 -> 543 | D89: =(1464744*0.3*0.01)/543 -> 8.0925083 | E89: =C89*D89 -> 4394.232 | F89: 0.0334 | G89: =E89*F89 -> 146.76735 | H89: ='2020'!G82 -> 0 | I89: 0 | J89: =G89-H89 -> 146.76735 | K89: Increase in number of infant certifications. (1% of infants)
A90: 246.11(d)(1), 246.7(b) | B90: LA nutrition education provision | C90: =0.3*1810 -> 543 | D90: =(6243960*0.3)/543 -> 3449.7017 | E90: =C90*D90 -> 1873188 | F90: 0.25 | G90: =E90*F90 -> 468297 | H90: 0 | I90: =G90-H90 -> 468297 | J90: 0 | K90: Increase due to not being reported in previous submission
A91: 246.11(d)(2) | B91: LA nutrition education plan | C91: =0.3*1810 -> 543 | D91: 1 | E91: =C91*D91 -> 543 | F91: 40 | G91: =E91*F91 -> 21720 | H91: ='2020'!G82 -> 0 | I91: 0 | J91: =G91-H91 -> 21720 | K91: Increase in number of local agencies.
A92: 246.12(g)(4)(i) | B92: Vendor food sales data for A50s | C92: 840 | D92: 1 | E92: =C92*D92 -> 840 | F92: 2 | G92: =E92*F92 -> 1680 | H92: ='2020'!G42 -> 7382 | I92: =G92-H92 -> -5702 | J92: =G92-H92 -> -5702 | K92: Decrease in the number of above-50-percent vendors.
A93: 246.12(g)(4)(ii)(B) | B93: Vendor shelf prices | C93: =(79/89)*37417 -> 33212.843 | D93: 2 | E93: =C93*D93 -> 66425.685 | F93: 2 | G93: =E93*F93 -> 132851.37 | H93: ='2020'!G43 -> 146155.33 | I93: 0 | J93: =G93-H93 -> -13303.955 | K93: Decrease in number of retail vendors.
A94: 246.12(g)(5) | B94: Vendor initial preauthorization visits | C94: =89*17 -> 1513 | D94: 1 | E94: =C94*D94 -> 1513 | F94: 1 | G94: =E94*F94 -> 1513 | H94: 0 | I94: =G94-H94 -> 1513 | J94: 0 | K94: Increase due to not being reported in previous submission
A95: 246.12(h) | B95: Vendor applications & Agreements | C95: =0.33*37417 -> 12347.61 | D95: 1 | E95: =C95*D95 -> 12347.61 | F95: 1 | G95: =E95*F95 -> 12347.61 | H95: ='2020'!G44 -> 13584.12 | I95: 0 | J95: =G95-H95 -> -1236.51 | K95: Decrease in number of retail vendors.
A96: 246.12(h)(3)(viii) | B96: Vendor training of staff | C96: 37417 | D96: 1 | E96: =C96*D96 -> 37417 | F96: 1 | G96: =E96*F96 -> 37417 | H96: 0 | I96: 0 | J96: =G96-H96 -> 37417 | K96: Increase in the number of local agencies.
A97: 246.12(h)(8)(i) | B97: Vendor incentive items | C97: =(4/10)*973 -> 389.2 | D97: 1 | E97: =C97*D97 -> 389.2 | F97: 1 | G97: =E97*F97 -> 389.2 | H97: ='2020'!G45 -> 389.2 | I97: =G97-H97 -> 0 | J97: =G97-H97 -> 0 | K97: N/A
A98: 246.12(i) | B98: Vendor Training | C98: 37417 | D98: 1 | E98: =C98*D98 -> 37417 | F98: 2 | G98: =E98*F98 -> 74834 | H98: 0 | I98: 0 | J98: =G98-H98 -> 74834 | K98: Increase in the number of local agencies.
A99: 246.12(v) | B99: Farmer/Market applications & agreements | C99: =3289*0.33 -> 1085.37 | D99: 1 | E99: =C99*D99 -> 1085.37 | F99: 1 | G99: =E99*F99 -> 1085.37 | H99: 0 | I99: =G99-H99 -> 1085.37 | J99: 0 | K99: Increase due to not being reported in previous submission
A100: 246.12(v)(1)(v) | B100: Farmer/Market Training | C100: 3289 | D100: 1 | E100: =C100*D100 -> 3289 | F100: 2 | G100: =E100*F100 -> 6578 | H100: 0 | I100: =G100-H100 -> 6578 | J100: 0 | K100: Increase due to not being reported in previous submission
...

Sheet 2023
A1: APPENDIX I: WIC Burden Table | M1: Number of respondents per category
A2: Regulatory Section | B2: Information Collected | C2: Estimated Number of Respondents | D2: Annual Responses per Respondent | E2: Total Annual Responses | F2: Number of Burden Hours per Request | G2: Estimated Total Burden Hours | H2: Previous Sumbission: Total Hours per Person | I2: Difference Due to Program Changes | J2: Difference Due to Adjustments | K2: Explanation of Differences/Comments | M2: State Agencies | N2: Local Agencies | O2: Participants- Total | P2: Participants- Women | Q2: Participants- Infants | R2: Participants- Children | S2: Vendors | T2: Farmers/Markets
A3: REPORTING BURDEN ESTIMATES | M3: 89 | N3: 1810 | O3: 6243959 | P3: 1379126 | Q3: 1464744 | R3: 3400090 | S3: 37417 | T3: 3289
A4: Affected Public: State and Local Agencies (including Indian Tribal Organizations and U.S. Territories) | M4: No Change | N4: Increase | O4: decrease | P4: decrease | Q4: decrease | R4: decrease | S4: decrease | T4: N/A
A5: 246.4 | B5: State Plan | C5: 89 | D5: 1 | E5: =C5*D5 -> 89 | F5: 134.62 | G5: =E5*F5 -> 11981.18 | H5: ='2020'!G5 -> 11981.18 | I5: =G5-H5 -> 0 | J5: =G5-H5 -> 0 | K5: N/A
A6: 246.5(b) | B6: Local Agency (LA) applications | C6: =1810*0.5 -> 905 | D6: 1 | E6: =C6*D6 -> 905 | F6: 2 | G6: =E6*F6 -> 1810 | H6: ='2020'!G6 -> 1808 | I6: 0 | J6: =G6-H6 -> 2 | K6: Increase in number of local agencies.
A7: 246.5(c)(2) | B7: SA notification re not funding LA | C7: 4 | D7: 1 | E7: =C7*D7 -> 4 | F7: 0.167 | G7: =E7*F7 -> 0.668 | H7: 0 | I7: =G7-H7 -> 0.668 | J7: 0 | K7: Increase due to not being reported in previous submission
A8: 246.5(d)(2) | B8: SA Public Notice for new LA | C8: =(89*0.33) -> 29.37 | D8: 1 | E8: =C8*D8 -> 29.37 | F8: 0.5 | G8: =E8*F8 -> 14.685 | H8: 0 | I8: =G8-H8 -> 14.685 | J8: 0 | K8: Increase due to not being reported in previous submission
A9: 246.5(e)(3)(ii) | B9: SA notification of LA disqualification | C9: 4 | D9: =(1810/89)*0.02 -> 0.40674157 | E9: =C9*D9 -> 1.6269663 | F9: 0.5 | G9: =E9*F9 -> 0.81348315 | I9: =G9-H9 -> 0.81348315 | J9: 0 | K9: Increase due to not being reported in previous submission
A10: 246.6 | B10: LA Agreements | C10: =1810*0.5 -> 905 | D10: 1 | E10: =C10*D10 -> 905 | F10: 1.5 | G10: =E10*F10 -> 1357.5 | H10: ='2020'!G7 -> 1356 | I10: 0 | J10: =G10-H10 -> 1.5 | K10: Increase in number of local agencies.
A11: 246.7(d) | B11: Provision of income eligibility determinations | C11: 89 | D11: =(1810/89) -> 20.337079 | E11: =C11*D11 -> 1810 | F11: 0.25 | G11: =E11*F11 -> 452.5 | H11: 0 | I11: =G11-H11 -> 452.5 | J11: 0 | K11: Increase due to not being reported in previous submission
A12: 246.7(f)(2)(iii)(A) | B12: LA requests for notice extension | C12: =1810/6 -> 301.66667 | D12: 1 | E12: =C12*D12 -> 301.66667 | F12: 0.25 | G12: =E12*F12 -> 75.416667 | H12: ='2020'!G8 -> 75.325 | I12: 0 | J12: =G12-H12 -> 0.091666667 | K12: Increase in number of local agencies.
A13: 246.7(i) | B13: Cert. data for women and children | E13: =C13*D13 -> 0 | G13: =E13*F13 -> 0 | H13: ='2020'!G9 -> 1428439 | I13: =G13-H13 -> -1428439 | J13: =G13-H13 -> -1428439 | K13: N/A
A14: 246.7(b),(i),(n) | B14: Cert. data for women | C14: =1810*0.7 -> 1267 | D14: =(1379126*0.7)/1267 -> 761.94807 | E14: =C14*D14 -> 965388.2 | F14: 0.4175 | G14: =E14*F14 -> 403049.57 | H14: ='2020'!G10 -> 545711 | I14: 0 | J14: =G14-H14 -> -142661.43 | K14: Decrease in number of women certifications.
A15: 246.7(i) | B15: Cert. data for children | C15: =1810*0.7 -> 1267 | D15: =(3400090*0.7)/1267 -> 1878.5028 | E15: =C15*D15 -> 2380063 | F15: 0.4175 | G15: =E15*F15 -> 993676.3 | H15: ='2020'!G11 -> 882728 | I15: 0 | J15: =G15-H15 -> 110948.3 | K15: Decrease in the number of children certifications but overall increase due to an increase in number of buden hours per request.
A16: 246.7(i) | B16: Certification data for infants | C16: =1810*0.7 -> 1267 | D16: =1*(1464744*0.7/1267) -> 809.25083 | E16: =C16*D16 -> 1025320.8 | F16: 0.4175 | G16: =E16*F16 -> 428071.43 | H16: ='2020'!G12 -> 285970.97 | I16: 0 | J16: =G16-H16 -> 142100.47 | K16: Decrease in the number of infant certifications but overall increase due to an increase in number of buden hours per request.
A17: 246.7(j)(9) | B17: SA notification re funding shortfall | C17: 4 | D17: 1 | E17: =C17*D17 -> 4 | F17: 0.0835 | G17: =E17*F17 -> 0.334 | H17: ='2020'!G13 -> 0.334 | I17: =G17-H17 -> 0 | J17: =G17-H17 -> 0 | K17: N/A
A18: 246.7(k) | B18: Verification of Certification cards | C18: 1810 | D18: =((0.03*6243959)/1810) -> 103.49103 | E18: =C18*D18 -> 187318.77 | F18: 0.0835 | G18: =E18*F18 -> 15641.117 | H18: ='2020'!G14 -> 17210 | I18: 0 | J18: =G18-H18 -> -1568.8827 | K18: Decrease in number of total certifications.
A19: 246.8 | B19: Provision of Non-English Materials | C19: 79 | D19: 1 | E19: =C19*D19 -> 79 | F19: 3 | G19: =E19*F19 -> 237 | H19: 0 | I19: =G19-H19 -> 237 | J19: 0 | K19: Increase due to not being reported in previous submission
A20: 246.9 (c) | B20: Informing WIC participants of the details of the appeal process and their individual rights. | C20: 89 | D20: =(6243959*0.02)/89 -> 1403.1369 | E20: =C20*D20 -> 124879.18 | F20: 0.0835 | G20: =E20*F20 -> 10427.412 | H20: 0 | I20: =G20-H20 -> 10427.412 | J20: 0 | K20: Increase due to not being reported in previous submission
A21: 246.9 (h) | B21: Fair hearing procedures for participants | C21: 89 | D21: =(6243959*0.02*0.02)/89 -> 28.062737 | E21: =C21*D21 -> 2497.5836 | F21: 3 | G21: =E21*F21 -> 7492.7508 | H21: 0 | I21: =G21-H21 -> 7492.7508 | J21: 0 | K21: Increase due to not being reported in previous submission
A22: 246.10(b)(1) | B22: Identification of acceptable foods | C22: 89 | D22: 1 | E22: =C22*D22 -> 89 | F22: 40 | G22: =E22*F22 -> 3560 | H22: ='2020'!G15 -> 3560 | I22: =G22-H22 -> 0 | J22: =G22-H22 -> 0 | K22: N/A
A23: 246.10(b(2) | B23: Submit APL as food list | C23: 54 | D23: 4 | E23: =C23*D23 -> 216 | F23: 0.0083 | G23: =E23*F23 -> 1.7928 | H23: ='2020'!G16 -> 1.7928 | I23: =G23-H23 -> 0 | J23: =G23-H23 -> 0 | K23: N/A
A24: 246.10(d)(1) | B24: Medical documentation, 1% of infants | C24: 1810 | D24: =(1464744*0.01)/1810 -> 8.0925083 | E24: =C24*D24 -> 14647.44 | F24: 0.0334 | G24: =E24*F24 -> 489.2245 | H24: ='2020'!G17 -> 572 | I24: 0 | J24: =G24-H24 -> -82.775504 | K24: Increase in number of infant certifications. (1% of infants)
A25: 246.10(i) | B25: Plans for Substitutions | C25: =(1/5) -> 0.2 | D25: 1 | E25: =C25*D25 -> 0.2 | F25: 2 | G25: =E25*F25 -> 0.4 | I25: =G25-H25 -> 0.4 | J25: =G25-H25 -> 0.4 | K25: Increase due to not being reported in previous submission
A26: 246.11(d)(1), 246.7(b) | B26: LA nutrition education provision | C26: 1810 | D26: =(6243960/1810) -> 3449.7017 | E26: =C26*D26 -> 6243960 | F26: 0.25 | G26: =E26*F26 -> 1560990 | H26: 0 | I26: =G26-H26 -> 1560990 | J26: 0 | K26: Increase due to not being reported in previous submission
A27: 246.11(d)(2) | B27: LA nutrition education plan | C27: 1810 | D27: 1 | E27: =C27*D27 -> 1810 | F27: 40 | G27: =E27*F27 -> 72400 | H27: ='2020'!G18 -> 72320 | I27: 0 | J27: =G27-H27 -> 80 | K27: Increase in number of local agencies.
A28: 246.12(f)(3) | B28: Vendor identification | C28: 89 | D28: 1 | E28: =C28*D28 -> 89 | F28: 3 | G28: =E28*F28 -> 267 | H28: 0 | I28: =G28-H28 -> 267 | J28: 0 | K28: Increase due to not being reported in previous submission
A29: 246.12(f)(4) | B29: Split tender transactions | C29: 89 | D29: 1 | E29: =C29*D29 -> 89 | F29: 3 | G29: =E29*F29 -> 267 | H29: 0 | I29: =G29-H29 -> 267 | J29: 0 | K29: Increase due to not being reported in previous submission
A30: 246.12(g)(4)(i) | B30: Vendor food sales data | C30: 89 | D30: =(840)/89 -> 9.4382022 | E30: =C30*D30 -> 840 | F30: 4 | G30: =E30*F30 -> 3360 | H30: ='2020'!G19 -> 14764 | I30: =G30-H30 -> -11404 | J30: =G30-H30 -> -11404 | K30: Decrease in the number of above-50-percent vendors.
A31: 246.12(g)(4)(ii)(B) | B31: Vendor shelf prices | C31: 79 | D31: =2*(37417/79) -> 947.26582 | E31: =C31*D31 -> 74834 | F31: 2 | G31: =E31*F31 -> 149668 | H31: ='2020'!G20 -> 164656 | I31: 0 | J31: =G31-H31 -> -14988 | K31: Decrease in the number of vendors.
A32: 246.12(g)(4)(ii)(B) | B32: Vendor shelf prices exemption | C32: 5 | D32: 1 | E32: =C32*D32 -> 5 | F32: 8 | G32: =E32*F32 -> 40 | H32: ='2020'!G21 -> 40 | I32: =G32-H32 -> 0 | J32: =G32-H32 -> 0 | K32: N/A
A33: 246.12(g)(4)(iii) | B33: Price Increases | C33: 89 | D33: 1 | E33: =C33*D33 -> 89 | F33: 3 | G33: =E33*F33 -> 267 | H33: 0 | I33: =G33-H33 -> 267 | J33: 0 | K33: Increase due to not being reported in previous submission
A34: 246.12(g)(5) | B34: Vendor initial preauthorization visits | C34: 89 | D34: 17 | E34: =C34*D34 -> 1513 | F34: 1 | G34: =E34*F34 -> 1513 | H34: 0 | I34: =G34-H34 -> 1513 | J34: 0 | K34: Increase due to not being reported in previous submission
A35: 246.12(g)(8) | B35: Application periods | C35: 89 | D35: 1 | E35: =C35*D35 -> 89 | F35: 3 | G35: =E35*F35 -> 267 | H35: 0 | I35: =G35-H35 -> 267 | J35: 0 | K35: Increase due to not being reported in previous submission
A36: 246.12(h) | B36: Review Vendor applicaitons/agreements | C36: 89 | D36: =(0.33*37417)/89 -> 138.73719 | E36: =C36*D36 -> 12347.61 | F36: 0.678 | G36: =E36*F36 -> 8371.6796 | H36: 0 | I36: =G36-H36 -> 8371.6796 | J36: 0 | K36: Increase due to not being reported in previous submission
A37: 246.12(i)(1) | B37: Vendor training development | C37: 89 | D37: 1 | E37: =C37*D37 -> 89 | F37: 8 | G37: =E37*F37 -> 712 | H37: ='2020'!G22 -> 712 | I37: =G37-H37 -> 0 | J37: =G37-H37 -> 0 | K37: N/A
A38: 246.12(i)(1) | B38: Vendor training | C38: 89 | D38: =(S3/89) -> 420.41573 | E38: =C38*D38 -> 37417 | F38: 2 | G38: =E38*F38 -> 74834 | H38: ='2020'!G23 -> 82328 | I38: 0 | J38: =G38-H38 -> -7494 | K38: Decrease in the number of vendors.
A39: 246.12(j)(2),(6) | B39: Routine vendor monitoring | C39: 89 | D39: =(0.05*37417)/89 -> 21.020787 | E39: =C39*D39 -> 1870.85 | F39: 1.334 | G39: =E39*F39 -> 2495.7139 | H39: 0 | I39: =G39-H39 -> 2495.7139 | J39: 0 | K39: Increase due to not being reported in previous submission
A40: 246.12(j)(4),(6) | B40: Vendor compliance investigations | C40: 89 | D40: =(37417*0.05)/89 -> 21.020787 | E40: =C40*D40 -> 1870.85 | F40: 2.334 | G40: =E40*F40 -> 4366.5639 | H40: ='2020'!G24 -> 4116.4 | I40: 0 | J40: =G40-H40 -> 250.1639 | K40: Decrease in the number of vendors.
A41: 246.12(k)(5) | B41: FI and CVV redeemed after the specified period. | C41: 2 | D41: 1 | E41: =C41*D41 -> 2 | F41: 3 | G41: =E41*F41 -> 6 | H41: 0 | I41: =G41-H41 -> 6 | J41: 0 | K41: Increase due to not being reported in previous submission
A42: 246.12(l)(3) | B42: Notification of vendor violations | C42: 89 | D42: =(37417*0.02)/89 -> 8.4083146 | E42: =C42*D42 -> 748.34 | F42: 0.05 | G42: =E42*F42 -> 37.417 | H42: 0 | I42: =G42-H42 -> 37.417 | J42: 0 | K42: Increase due to not being reported in previous submission
A43: 246.12(m) | B43: Home food delivery systems | C43: 1 | D43: 12 | E43: =C43*D43 -> 12 | F43: 40 | G43: =E43*F43 -> 480 | H43: 0 | I43: =G43-H43 -> 480 | J43: 0 | K43: Increase due to not being reported in previous submission
A44: 246.12(o) | B44: Complaints | C44: 89 | D44: =10000/89 -> 112.35955 | E44: =C44*D44 -> 10000 | F44: 1 | G44: =E44*F44 -> 10000 | H44: ='2020'!G25 -> 10000 | I44: =G44-H44 -> 0 | J44: =G44-H44 -> 0 | K44: N/A
A45: 246.12(p) | B45: Food instrument and cash-value voucher security | C45: 89 | D45: 1 | E45: =C45*D45 -> 89 | F45: 2 | G45: =E45*F45 -> 178 | H45: 0 | I45: =G45-H45 -> 178 | J45: 0 | K45: Increase due to not being reported in previous submission
A46: 246.12(q) | B46: Disposition of food instruments | C46: 89 | D46: 1 | E46: =C46*D46 -> 89 | F46: 40 | G46: =E46*F46 -> 3560 | H46: ='2020'!G26 -> 3560 | I46: =G46-H46 -> 0 | J46: =G46-H46 -> 0 | K46: N/A
A47: 246.12(u) | B47: Participant Sanctions | C47: 89 | D47: =(6243959*0.02)/89 -> 1403.1369 | E47: =C47*D47 -> 124879.18 | F47: 0.0835 | G47: =E47*F47 -> 10427.412 | H47: 0 | I47: =G47-H47 -> 10427.412 | J47: 0 | K47: Increase due to not being reported in previous submission
A48: 246.12(v) | B48: Farmers Market applications/agreements | C48: 89 | D48: =(0.3*3289)/89 -> 11.086517 | E48: =C48*D48 -> 986.7 | F48: 0.678 | G48: =E48*F48 -> 668.9826 | H48: 0 | I48: =G48-H48 -> 668.9826 | J48: 0 | K48: Increase due to not being reported in previous submission
A49: 246.12(v)(6) | B49: Farmers Market Disqualificaitons | C49: 89 | D49: =(3289*0.02)/89 -> 0.73910112 | E49: =C49*D49 -> 65.78 | F49: 0.0835 | G49: =E49*F49 -> 5.49263 | H49: 0 | I49: =G49-H49 -> 5.49263 | J49: 0 | K49: Increase due to not being reported in previous submission
A50: 246.12(bb) | B50: EBT Technical standards and requirements | C50: 89 | D50: 1 | E50: =C50*D50 -> 89 | F50: 3 | G50: =E50*F50 -> 267 | H50: 0 | I50: =G50-H50 -> 267 | J50: 0 | K50: Increase due to not being reported in previous submission
A51: 246.14(d) | B51: ADP proposals | C51: 20 | D51: 1 | E51: =C51*D51 -> 20 | F51: 160 | G51: =E51*F51 -> 3200 | H51: ='2020'!G27 -> 3200 | I51: =G51-H51 -> 0 | J51: =G51-H51 -> 0 | K51: N/A
A52: 246.16(b)(3)(i)&(ii) | B52: Food backspend and NSA spendforward authority | C52: 27 | D52: 1 | E52: =C52*D52 -> 27 | F52: 2 | G52: =E52*F52 -> 54 | H52: 0 | I52: =G52-H52 -> 54 | J52: 0 | K52: Increase due to not being reported in previous submission
A53: 246.16(d) | B53: Distribution of funds to LAs | C53: 89 | D53: =(1810*4)/89 -> 81.348315 | E53: =C53*D53 -> 7240 | F53: 2 | G53: =E53*F53 -> 14480 | H53: ='2020'!G28 -> 14464 | I53: 0 | J53: =G53-H53 -> 16 | K53: Increase in the number of local agencies.
A54: 246.16(e)(2)(i) & (ii) | B54: Food expenditure requirement waiver; NSA expenditure requirement good cause justification | C54: 30 | D54: 1 | E54: =C54*D54 -> 30 | F54: 1.5 | G54: =E54*F54 -> 45 | H54: 0 | I54: =G54-H54 -> 45 | J54: 0 | K54: Increase due to not being reported in previous submission
A55: 246.16a | B55: Infant Formula Cost Containment Procedures | C55: =79/5 -> 15.8 | D55: 1 | E55: =C55*D55 -> 15.8 | F55: 1968 | G55: =E55*F55 -> 31094.4 | H55: 0 | I55: =G55-H55 -> 31094.4 | J55: 0 | K55: Increase due to not being reported in previous submission
A56: 246.16a(f) | B56: Postponement Request | C56: 2 | D56: 1 | E56: =C56*D56 -> 2 | F56: 8 | G56: =E56*F56 -> 16 | H56: 0 | I56: =G56-H56 -> 16 | J56: 0 | K56: Increase due to not being reported in previous submission
A57: 246.16a(g)(1)-(4) | B57: Cost containment Procedures for other supplemental foods | C57: 2 | D57: 1 | E57: =C57*D57 -> 2 | F57: 480 | G57: =E57*F57 -> 960 | H57: 0 | I57: =G57-H57 -> 960 | J57: 0 | K57: Increase due to not being reported in previous submission
A58: 246.17(c)(1) | B58: Termination of SAs & LAs | C58: 89 | D58: =(10/89) -> 0.11235955 | E58: =C58*D58 -> 10 | F58: 8 | G58: =E58*F58 -> 80 | H58: ='2020'!G29 -> 80 | I58: =G58-H58 -> 0 | J58: =G58-H58 -> 0 | K58: N/A
A59: 246.18 | B59: Administrative Review of State agency actions | C59: 89 | D59: =((37417+3289)*0.02)/89 -> 9.1474157 | E59: =C59*D59 -> 814.12 | F59: 2 | G59: =E59*F59 -> 1628.24 | H59: 0 | I59: =G59-H59 -> 1628.24 | J59: 0 | K59: Increase due to not being reported in previous submission
A60: 246.19 | B60: Observations | C60: 17 | D60: 1 | E60: =C60*D60 -> 17 | F60: 3 | G60: =E60*F60 -> 51 | H60: 0 | I60: =G60-H60 -> 51 | J60: 0 | K60: Increase due to not being reported in previous submission
A61: 246.19(a)(2) | B61: SA corrective action plans to FNS | C61: =89*0.33 -> 29.37 | D61: 1 | E61: =C61*D61 -> 29.37 | F61: 30 | G61: =E61*F61 -> 881.1 | H61: ='2020'!G30 -> 881.1 | I61: =G61-H61 -> 0 | J61: =G61-H61 -> 0 | K61: N/A
A62: 246.19(b)(3) | B62: LA Monitoring | C62: 89 | D62: =(1810/2)/89 -> 10.168539 | E62: =C62*D62 -> 905 | F62: 2 | G62: =E62*F62 -> 1810 | H62: 0 | I62: =G62-H62 -> 1810 | J62: 0 | K62: Increase due to not being reported in previous submission
A63: 246.19(b)(5) | B63: Targeted LA reviews | C63: 89 | D63: =(1810/89)*0.5*0.25 -> 2.5421348 | E63: =C63*D63 -> 226.25 | F63: 2 | G63: =E63*F63 -> 452.5 | H63: ='2020'!G31 -> 452 | I63: 0 | J63: =G63-H63 -> 0.5 | K63: Increase in the number of local agencies.
A64: 246.20(a)(2) | B64: SA response to OIG audits | C64: 1 | D64: 1 | E64: =C64*D64 -> 1 | F64: 40 | G64: =E64*F64 -> 40 | H64: ='2020'!G32 -> 40 | I64: =G64-H64 -> 0 | J64: =G64-H64 -> 0 | K64: N/A
A65: 246.20(b) | B65: SA Annual Audits | C65: 89 | D65: 1 | E65: =C65*D65 -> 89 | F65: 8 | G65: =E65*F65 -> 712 | H65: 0 | I65: =G65-H65 -> 712 | J65: 0 | K65: Increase due to not being reported in previous submission
A66: 246.22(b)(2) | B66: Administrative appeal | C66: 1 | D66: 1 | E66: =C66*D66 -> 1 | F66: 2 | G66: =E66*F66 -> 2 | H66: 0 | I66: =G66-H66 -> 2 | J66: 0 | K66: Increase due to not being reported in previous submission
A67: 246.23(a)(3) | B67: Claims against State agencies | C67: 1 | D67: 1 | E67: =C67*D67 -> 1 | F67: 2 | G67: =E67*F67 -> 2 | H67: 0 | I67: =G67-H67 -> 2 | J67: 0 | K67: Increase due to not being reported in previous submission
A68: 246.26(h)(3) | B68: Written agreements with public organization | C68: =(89*0.25) -> 22.25 | D68: 1 | E68: =C68*D68 -> 22.25 | F68: 0.25 | G68: =E68*F68 -> 5.5625 | H68: 0 | I68: =G68-H68 -> 5.5625 | J68: 0 | K68: Increase due to not being reported in previous submission
A69: Subtotal Reporting: State and Local Agencies | C69: =C5+1810 -> 1899 | D69: =E69/C69 -> 5912.5202 | E69: =SUM(E5:E68) -> 11227876 | F69: =G69/E69 -> 0.34194385 | G69: =SUM(G5:G68) -> 3839303.2 | H69: 2122588 | I69: =SUM(I5:I68) -> 201672.13 | J69: =SUM(J5:J68) -> -1353238.7
A70: Affected Public: Individuals and Households: Applicants for Program Benefits
A71: 246.7(i) | B71: Cert. data for women | C71: 1379126 | D71: 1 | E71: =C71*D71 -> 1379126 | F71: 0.4175 | G71: =E71*F71 -> 575785.1 | H71: ='2020'!G35 -> 545710.58 | I71: 0 | J71: =G71-H71 -> 30074.529 | K71: Decrease in the number of women certificaitons, but an overall increase in the number of burden hours per request.
A72: 246.7(i) | B72: Cert. data for children | C72: 3400090 | D72: 1 | E72: =C72*D72 -> 3400090 | F72: 0.4175 | G72: =E72*F72 -> 1419537.6 | H72: ='2020'!G36 -> 882727.68 | I72: 0 | J72: =G72-H72 -> 536809.89 | K72: Decrease in the number of children certificaitons, but an overall increase in the number of burden hours per request.
A73: 246.7(i) | B73: Certification data for infants | C73: 1464744 | D73: 1 | E73: =C73*D73 -> 1464744 | F73: 0.4175 | G73: =E73*F73 -> 611530.62 | H73: ='2020'!G37 -> 285970.97 | I73: 0 | J73: =G73-H73 -> 325559.65 | K73: Decrease in the number of infant certificaitons, but an overall increase in the number of burden hours per request.
A74: 246.7 | B74: Travel time for certification appointments | C74: 6243960 | D74: 1 | E74: =C74*D74 -> 6243960 | F74: 0.334 | G74: =E74*F74 -> 2085482.6 | H74: 0 | I74: =G74-H74 -> 2085482.6 | J74: 0 | K74: Increase due to not being reported in previous submission
A75: 246.7(o) | B75: Certification appointments | C75: 6243960 | D75: 1 | E75: =C75*D75 -> 6243960 | F75: 0.334 | G75: =E75*F75 -> 2085482.6 | H75: 0 | I75: =G75-H75 -> 2085482.6 | J75: 0 | K75: Increase due to not being reported in previous submission
A76: 246.9 | B76: Participant Appeals | C76: =(6243959*0.02*0.02) -> 2497.5836 | D76: 1 | E76: =C76*D76 -> 2497.5836 | F76: 2 | G76: =E76*F76 -> 4995.1672 | H76: 0 | I76: =G76-H76 -> 4995.1672 | J76: 0 | K76: Increase due to not being reported in previous submission
A77: 246.10(d)(1) | B77: Medical documentation, 1% of infants | C77: =1464744*0.01 -> 14647.44 | D77: 1 | E77: =C77*D77 -> 14647.44 | F77: 0.0334 | G77: =E77*F77 -> 489.2245 | H77: ='2020'!G38 -> 572 | I77: 0 | J77: =G77-H77 -> -82.775504 | K77: Decrease in the number of infants.
A78: 246.10(d)(1) | B78: Medical documentation | C78: =(3400090*0.01)+(1464744*0.01)+(1379126*0.01) -> 62439.6 | D78: 2 | E78: =C78*D78 -> 124879.2 | F78: 0.0501 | G78: =E78*F78 -> 6256.4479 | H78: ='2020'!G39 -> 12051.911 | I78: 0 | J78: =G78-H78 -> -5795.4628 | K78: Decrease in number of participants.
A79: 246.11(e) | B79: Nutrition Education | C79: 6243960 | D79: 1 | E79: =C79*D79 -> 6243960 | F79: 0.25 | G79: =E79*F79 -> 1560990 | H79: 0 | I79: =G79-H79 -> 1560990 | J79: 0 | K79: Increase due to not being reported in previous submission
A80: 246.12(r)(4) | B80: Offline EBT State agencies: Food instrument and cash-value voucher pick up (non-certification clinic visits) | C80: =((6243959/89)/2)*17 -> 596333.16 | D80: 3 | E80: =C80*D80 -> 1788999.5 | F80: 0.5 | G80: =E80*F80 -> 894499.74 | H80: 0 | I80: =G80-H80 -> 894499.74 | J80: 0 | K80: Increase due to not being reported in previous submission
A81: 246.12(r)(4) | B81: Online EBT State agencies: Food instrument and cash-value voucher pick up (non-certification clinic visits) | C81: =((6243960/89)/2)*72 -> 2525646.7 | D81: 1 | E81: =C81*D81 -> 2525646.7 | F81: 0.5 | G81: =E81*F81 -> 1262823.4 | H81: 0 | I81: =G81-H81 -> 1262823.4 | J81: 0 | K81: Increase due to not being reported in previous submission
A82: Subtotal Reporting: Applicants | C82: =C71+C72+C73 -> 6243960 | D82: =E82/C82 -> 4.713757 | E82: =SUM(E71:E81) -> 29432510 | F82: =G82/E82 -> 0.35701584 | G82: =SUM(G71:G81) -> 10507873 | H82: =SUM(H71:H81) -> 1727033.1 | I82: =SUM(I71:I81) -> 7894273.6 | J82: =SUM(J71:J81) -> 886565.84
A83: Affected Public: Business: Retail Vendors (WIC-Authorized Food Stores) and Nonprofit Businesses
A84: 246.5(b) | B84: Nonprofit Applicaitons | C84: =543*0.5 -> 271.5 | D84: 1 | E84: =C84*D84 -> 271.5 | F84: 2 | G84: =E84*F84 -> 543 | H84: 0 | I84: =G84-H84 -> 543 | J84: 0 | K84: Increase due to not being reported in previous submission
A85: 246.7(i) | B85: Cert. data for women | C85: =1810*0.3 -> 543 | D85: =(0.3*1379126)/543 -> 761.94807 | E85: =C85*D85 -> 413737.8 | F85: 0.4175 | G85: =E85*F85 -> 172735.53 | H85: 0 | I85: =G85-H85 -> 172735.53 | J85: 0 | K85: Increase due to not being reported in previous submission
A86: 246.7(i) | B86: Cert. data for children | C86: =1810*0.3 -> 543 | D86: =(0.3*3400090)/543 -> 1878.5028 | E86: =C86*D86 -> 1020027 | F86: 0.4175 | G86: =E86*F86 -> 425861.27 | H86: 0 | I86: =G86-H86 -> 425861.27 | J86: 0 | K86: Increase due to not being reported in previous submission
A87: 246.7(i) | B87: Certification data for infants | C87: =1810*0.3 -> 543 | D87: =(1*0.3*1464744)/543 -> 809.25083 | E87: =C87*D87 -> 439423.2 | F87: 0.4175 | G87: =E87*F87 -> 183459.19 | H87: 0 | I87: =G87-H87 -> 183459.19 | J87: 0 | K87: Increase due to not being reported in previous submission
A88: 246.12(g)(4)(i) | B88: Vendor food sales data for A50s | C88: 840 | D88: 1 | E88: =C88*D88 -> 840 | F88: 2 | G88: =E88*F88 -> 1680 | H88: ='2020'!G42 -> 7382 | I88: =G88-H88 -> -5702 | J88: =G88-H88 -> -5702 | K88: Decrease in the number of above-50-percent vendors.
A89: 246.12(g)(4)(ii)(B) | B89: Vendor shelf prices | C89: =(79/89)*37417 -> 33212.843 | D89: 2 | E89: =C89*D89 -> 66425.685 | F89: 2 | G89: =E89*F89 -> 132851.37 | H89: ='2020'!G43 -> 146155.33 | I89: 0 | J89: =G89-H89 -> -13303.955 | K89: Decrease in number of retail vendors.
A90: 246.12(g)(5) | B90: Vendor initial preauthorization visits | C90: =89*17 -> 1513 | D90: 1 | E90: =C90*D90 -> 1513 | F90: 1 | G90: =E90*F90 -> 1513 | H90: 0 | I90: =G90-H90 -> 1513 | J90: 0 | K90: Increase due to not being reported in previous submission
A91: 246.12(h) | B91: Vendor applications & Agreements | C91: =0.33*37417 -> 12347.61 | D91: 1 | E91: =C91*D91 -> 12347.61 | F91: 1 | G91: =E91*F91 -> 12347.61 | H91: ='2020'!G44 -> 13584.12 | I91: 0 | J91: =G91-H91 -> -1236.51 | K91: Decrease in number of retail vendors.
A92: 246.12(h)(3)(viii) | B92: Vendor training of staff | C92: 37417 | D92: 1 | E92: =C92*D92 -> 37417 | F92: 1 | G92: =E92*F92 -> 37417 | H92: 0 | I92: 0 | J92: =G92-H92 -> 37417 | K92: Increase in the number of local agencies.
A93: 246.12(h)(8)(i) | B93: Vendor incentive items | C93: =(4/10)*973 -> 389.2 | D93: 1 | E93: =C93*D93 -> 389.2 | F93: 1 | G93: =E93*F93 -> 389.2 | H93: ='2020'!G45 -> 389.2 | I93: =G93-H93 -> 0 | J93: =G93-H93 -> 0 | K93: N/A
A94: 246.12(i) | B94: Vendor Training | C94: 37417 | D94: 1 | E94: =C94*D94 -> 37417 | F94: 2 | G94: =E94*F94 -> 74834 | H94: 0 | I94: 0 | J94: =G94-H94 -> 74834 | K94: Increase in the number of local agencies.
A95: 246.12(v) | B95: Farmer/Market applications & agreements | C95: =3289*0.33 -> 1085.37 | D95: 1 | E95: =C95*D95 -> 1085.37 | F95: 1 | G95: =E95*F95 -> 1085.37 | H95: 0 | I95: =G95-H95 -> 1085.37 | J95: 0 | K95: Increase due to not being reported in previous submission
A96: 246.12(v)(1)(v) | B96: Farmer/Market Training | C96: 3289 | D96: 1 | E96: =C96*D96 -> 3289 | F96: 2 | G96: =E96*F96 -> 6578 | H96: 0 | I96: =G96-H96 -> 6578 | J96: 0 | K96: Increase due to not being reported in previous submission
A97: 246.18(a)(1),(3) | B97: Vendor Appeals | C97: =(37417*0.02*0.02) -> 14.9668 | D97: 1 | E97: =C97*D97 -> 14.9668 | F97: 2 | G97: =E97*F97 -> 29.9336 | H97: 0 | I97: =G97-H97 -> 29.9336 | J97: 0 | K97: Increase due to not being reported in previous submission
A98: 246.18(a)(4) | B98: Farmers Market Appeals | C98: =(3289*0.02*0.02) -> 1.3156 | D98: 1 | E98: =C98*D98 -> 1.3156 | F98: 2 | G98: =E98*F98 -> 2.6312 | H98: 0 | I98: =G98-H98 -> 2.6312 | J98: 0 | K98: Increase due to not being reported in previous submission
A99: Subtotal Reporting: Retail Vendors | C99: 37417 | D99: =+E99/C99 -> 54.365653 | E99: =SUM(E84:E98) -> 2034199.6 | F99: =+G99/E99 -> 0.51682592 | G99: =SUM(G84:G98) -> 1051327.1 | H99: =SUM(H84:H98) -> 167510.65 | I99: =SUM(I84:I98) -> 786105.92 | J99: =SUM(J84:J98) -> 92008.535
A100: GRAND SUBTOTAL: REPORTING | C100: =SUM(C69,C82,C99) -> 6283276 | D100: =E100/C100 -> 6.7949563 | E100: =SUM(E69,E82,E99) -> 42694586 | F100: =+G100/E100 -> 0.3606664 | G100: =SUM(G69+G82+G99) -> 15398503 | H100: =SUM(H99+H82+H69) -> 4017131.8 | I100: =SUM(I69,I82,I99) -> 8882051.6 | J100: =(G100-H100-I100) -> 2499319.4
...

Sheet 2020
A1: APPENDIX I: WIC Burden Table
A2: Regulatory Section | B2: Information Collected | C2: Estimated Number of Respondents | D2: Annual Responses per Respondent | E2: Total Annual Responses | F2: Number of Burden Hours per Request | G2: Estimated Total Burden Hours | H2: Previous Sumbission: Total Hours per Person | I2: Difference Due to Program Changes | J2: Difference Due to Adjustments | K2: Explanation of Differences
A3: REPORTING BURDEN ESTIMATES
A4: Affected Public: State and Local Agencies (including Indian Tribal Organizations and U.S. Territories)
A5: 246.4 | B5: State Plan | C5: 89 | D5: 1 | E5: =C5*D5 -> 89 | F5: 134.62 | G5: =E5*F5 -> 11981.18 | H5: 12115.8 | J5: -134.62 | K5: Change in number of State agencies
A6: 246.5(b) | B6: Local Agency (LA) applications | C6: 904 | D6: 1 | E6: =C6*D6 -> 904 | F6: 2 | G6: =E6*F6 -> 1808 | H6: 1837 | J6: =G6-H6 -> -29 | K6: Change in number of local agencies.
A7: 246.6 | B7: LA Agreements | C7: 904 | D7: 1 | E7: =C7*D7 -> 904 | F7: 1.5 | G7: =E7*F7 -> 1356 | H7: 1377.75 | J7: =G7-H7 -> -21.75 | K7: Change in number of local agencies.
A8: 246.7(f)(2)(iii)(A) | B8: LA requests for notice extension | C8: 301.3 | D8: 1 | E8: =C8*D8 -> 301.3 | F8: 0.25 | G8: =E8*F8 -> 75.325 | H8: 76.5 | J8: =G8-H8 -> -1.175 | K8: Change in number of local agencies.
A9: 246.7(i) | B9: Cert. data for women and children | G9: =+G10+G11 -> 1428439 | H9: =G9 -> 1428439 | J9: =H9-G9 -> 0 | K9: N/A
A10: 246.7(i) | B10: Cert. data for women | C10: 1808 | D10: =(2*1633864)/1808 -> 1807.3717 | E10: =C10*D10 -> 3267728 | F10: 0.167 | G10: 545711 | H10: 624927.82 | J10: =G10-H10 -> -79216.82 | K10: Decrease in number of women certifications.
A11: 246.7(i) | B11: Cert. data for children | C11: 1808 | D11: =(1.5*3523863)/1808 -> 2923.5589 | E11: =C11*D11 -> 5285794.5 | F11: 0.167 | G11: 882728 | H11: 1015270 | J11: =G11-H11 -> -132542.01 | K11: Decrease in number of child certifications.
A12: 246.7(i) | B12: Certification data for infants | C12: 1808 | D12: =1*(1712401/1808) -> 947.12445 | E12: =C12*D12 -> 1712401 | F12: 0.167 | G12: =E12*F12 -> 285970.97 | H12: 318553.65 | J12: =G12-H12 -> -32582.683 | K12: Decrease in number of infant certifciations.
A13: 246.7(j)(9) | B13: SA notification re funding shortfall | C13: 4 | D13: 1 | E13: =C13*D13 -> 4 | F13: 0.0835 | G13: =E13*F13 -> 0.334 | H13: 0.36 | J13: =G13-H13 -> -0.026 | K13: Decrease due to use of minutes to hours conversion chart
A14: 246.7(k) | B14: Verification of Certification cards | C14: 1808 | D14: =((0.03*6870128)/1808) -> 113.99549 | E14: =C14*D14 -> 206103.84 | F14: 0.0835 | G14: 17210 | H14: 20771.96 | J14: =G14-H14 -> -3561.96 | K14: Decrease in number of total certifications.
A15: 246.10(b)(1) | B15: Identification of acceptable foods | C15: 89 | D15: 1 | E15: =C15*D15 -> 89 | F15: 40 | G15: =E15*F15 -> 3560 | H15: 3600 | J15: -40 | K15: Decrease in number of State agencies.
A16: 246.10(b(2) | B16: Submit APL as food list | C16: 54 | D16: 4 | E16: =C16*D16 -> 216 | F16: 0.0083 | G16: =E16*F16 -> 1.7928 | H16: 1.79 | J16: 0 | K16: N/A
A17: 246.10(d)(1) | B17: Medical documentation, 1% of infants | C17: 1808 | D17: =(1712401*0.01)/1808 -> 9.4712445 | E17: =C17*D17 -> 17124.01 | F17: 0.0334 | G17: 572 | H17: 562.15 | J17: =G17-H17 -> 9.85 | K17: Increase in number of infant certifications. (1% of infants)
A18: 246.11(d)(2) | B18: LA nutrition education plan | C18: 1808 | D18: 1 | E18: =C18*D18 -> 1808 | F18: 40 | G18: =E18*F18 -> 72320 | H18: 73480 | J18: =G18-H18 -> -1160 | K18: Change in number of local agencies
A19: 246.12(g)(4)(i) | B19: Vendor food sales data | C19: 89 | D19: =(3691)/89 -> 41.47191 | E19: =C19*D19 -> 3691 | F19: 4 | G19: =E19*F19 -> 14764 | H19: 10308 | J19: =G19-H19 -> 4456 | K19: Respondent group = the number of vendors that derive more of their revenue from WIC than from SNAP. The number of respondents increased.
A20: 246.12(g)(4)(ii)(B) | B20: Vendor shelf prices | C20: 79 | D20: =2*(41164/79) -> 1042.1266 | E20: =C20*D20 -> 82328 | F20: 2 | G20: =E20*F20 -> 164656 | H20: 178896 | J20: =G20-H20 -> -14240 | K20: Decrease in number of vendors and State agencies results in proportionate decrease in reporting for vendor shelf prices.
A21: 246.12(g)(4)(ii)(B) | B21: Vendor shelf prices exemption | C21: 5 | D21: 1 | E21: =C21*D21 -> 5 | F21: 8 | G21: =E21*F21 -> 40 | H21: 16 | I21: -8 | J21: 32 | K21: Decrease of 8 hours due to program change from streamlining the process. Increase in adjustment hours due to an expected increase in State agencies requesting this exemption (due to reduced hours to respond).
A22: 246.12(i)(1) | B22: Vendor training development | C22: 89 | D22: 1 | E22: =C22*D22 -> 89 | F22: 8 | G22: =E22*F22 -> 712 | H22: 720 | J22: -8 | K22: Change in number of State agencies.
A23: 246.12(i)(1) | B23: Vendor training | C23: 89 | D23: =(41164/89) -> 462.51685 | E23: =C23*D23 -> 41164 | F23: 2 | G23: =E23*F23 -> 82328 | H23: 89448 | J23: =G23-H23 -> -7120 | K23: Decrease in number of vendors results in proportionate decrease in training.
A24: 246.12(j)(4) | B24: Vendor compliance investigations | C24: 89 | D24: =(41164*0.05)/89 -> 23.125843 | E24: =C24*D24 -> 2058.2 | F24: 2 | G24: =E24*F24 -> 4116.4 | H24: 4472.4 | J24: =G24-H24 -> -356 | K24: Decrease in number of vendors results in proportionate decrease in estimated compliance investigations.
A25: 246.12(o) | B25: Complaints | C25: 89 | D25: =10000/89 -> 112.35955 | E25: =C25*D25 -> 10000 | F25: 1 | G25: =E25*F25 -> 10000 | H25: =G25 -> 10000 | J25: =H25-G25 -> 0 | K25: N/A
A26: 246.12(q) | B26: Disposition of food instruments | C26: 89 | D26: 1 | E26: =C26*D26 -> 89 | F26: 40 | G26: =E26*F26 -> 3560 | H26: 3600 | J26: -40 | K26: Decrease in number of State agencies.
A27: 246.14(d) | B27: ADP proposals | C27: 20 | D27: 1 | E27: =C27*D27 -> 20 | F27: 160 | G27: =E27*F27 -> 3200 | H27: 11200 | J27: -8000 | K27: Increase in the number of State agencies that have already transitioned to EBT due to the legislative mandate of state-wide EBT by October 1, 2020. Thus, fewer ADP proposals are anticipated.
A28: 246.16(d) | B28: Distribution of funds to LAs | C28: 89 | D28: =(1808*4)/89 -> 81.258427 | E28: =C28*D28 -> 7232 | F28: 2 | G28: =E28*F28 -> 14464 | H28: 14696 | J28: =G28-H28 -> -232 | K28: Change in number of local agencies.
A29: 246.17(c)(1) | B29: Termination of SAs & LAs | C29: 89 | D29: =(10/89) -> 0.11235955 | E29: =C29*D29 -> 10 | F29: 8 | G29: =E29*F29 -> 80 | H29: =G29 -> 80 | J29: =H29-G29 -> 0 | K29: N/A
A30: 246.19(a)(2) | B30: SA corrective action plans to FNS | C30: =89*0.33 -> 29.37 | D30: 1 | E30: =C30*D30 -> 29.37 | F30: 30 | G30: =E30*F30 -> 881.1 | H30: 900 | I30: -10 | J30: -8.9 | K30: Program change decrease in 10 hours to develop action plan due to streamlining process. Decrease in 8.90 hours due to change in number of State agencies and ME cycle.
A31: 246.19(b)(5) | B31: Targeted LA reviews | C31: 89 | D31: =(1808/89)*0.5*0.25 -> 2.5393258 | E31: =C31*D31 -> 226 | F31: 2 | G31: =E31*F31 -> 452 | H31: 459.25 | J31: =G31-H31 -> -7.25 | K31: Change in number of local agencies.
A32: 246.20(a)(2) | B32: SA response to OIG audits | C32: 1 | D32: 1 | E32: =C32*D32 -> 1 | F32: 40 | G32: =E32*F32 -> 40 | H32: 40 | J32: =G32-H32 -> 0 | K32: N/A
A33: Subtotal Reporting: State and Local Agencies | C33: =C5+1808 -> 1897 | D33: =E33/C33 -> 5609.0718 | E33: =SUM(E5:E32) -> 10640409 | F33: =G33/E33 -> 0.19948369 | G33: =SUM(G5:G8,G10:G32) -> 2122588.1 | H33: =SUM(H5:H8,H10:H32) -> 2397410.4 | I33: =SUM(I5:I32) -> -18 | J33: =SUM(J5:J32) -> -274804.34
A34: Affected Public: Individuals and Households: Applicants for Program Benefits
A35: 246.7(i) | B35: Cert. data for women | C35: 1633864 | D35: 2 | E35: =C35*D35 -> 3267728 | F35: 0.167 | G35: =E35*F35 -> 545710.58 | H35: 183802.3 | I35: =(G35-H35)-J35 -> 381997.41 | J35: -20089.13 | K35: Increase due to items not previously included in estimate. Decrease in number of women certifications.
A36: 246.7(i) | B36: Cert. data for children | C36: 3523863 | D36: 1.5 | E36: =C36*D36 -> 5285794.5 | F36: 0.167 | G36: =E36*F36 -> 882727.68 | H36: 298608.83 | I36: =(G36-H36)-J36 -> 617909.38 | J36: -33790.53 | K36: Increase due to items not previously included in estimate. Decrease in number of children certifications.
A37: 246.7(i) | B37: Certification data for infants | C37: 1712401 | D37: 1 | E37: =C37*D37 -> 1712401 | F37: 0.167 | G37: =E37*F37 -> 285970.97 | H37: 93692.25 | I37: =(G37-H37)-J37 -> 200179.68 | J37: -7900.96 | K37: Increase due to items not previously included in estimate. Decrease in number of infant certifications.
A38: 246.10(d)(1) | B38: Medical documentation, 1% of infants | C38: =1712401*0.01 -> 17124.01 | D38: 1 | E38: =C38*D38 -> 17124.01 | F38: 0.0334 | G38: 572 | H38: 562.15 | J38: 10 | K38: Increase in number of infant certifications. (1% of infants)
A39: 246.10(d)(1) | B39: Medical documentation | C39: =(6870128*0.01)+(1633864*0.01)+(3523863*0.01) -> 120278.55 | D39: 2 | E39: =C39*D39 -> 240557.1 | F39: 0.0501 | G39: =E39*F39 -> 12051.911 | H39: 13512.79 | J39: =G39-H39 -> -1460.8793 | K39: Decrease in number of participants.
A40: Subtotal Reporting: Applicants | C40: =C35+C36+C37 -> 6870128 | D40: =E40/C40 -> 1.5317916 | E40: =SUM(E35:E39) -> 10523605 | F40: =G40/E40 -> 0.16411042 | G40: =SUM(G35:G39) -> 1727033.1 | H40: =SUM(H35:H39) -> 590178.32 | I40: =SUM(I35:I39) -> 1200086.5 | J40: =SUM(J35:J39) -> -63231.499
A41: Affected Public: Business: Retail Vendors (WIC-Authorized Food Stores)
A42: 246.12(g)(4)(i) | B42: Vendor food sales data for A50s | C42: 3691 | D42: 1 | E42: =C42*D42 -> 3691 | F42: 2 | G42: =E42*F42 -> 7382 | H42: 5154 | J42: =G42-H42 -> 2228 | K42: Respondent group = the number of vendors that derive more of their revenue from WIC than from SNAP. The number of respondents increased.
A43: 246.12(g)(4)(ii)(B) | B43: Vendor shelf prices | C43: =(79/89)*41164 -> 36538.831 | D43: 2 | E43: =C43*D43 -> 73077.663 | F43: 2 | G43: =E43*F43 -> 146155.33 | H43: 149080 | J43: =G43-H43 -> -2924.6742 | K43: Decrease in number of retail vendors.
A44: 246.12(h) | B44: Vendor applications & Agreements | C44: =41164*0.33 -> 13584.12 | D44: 1 | E44: =C44*D44 -> 13584.12 | F44: 1 | G44: =E44*F44 -> 13584.12 | H44: 22362 | J44: =G44-H44 -> -8777.88 | K44: Decrease in number of retail vendors (% of total).
A45: 246.12(h)(8)(i) | B45: Vendor incentive items | C45: =(4/10)*973 -> 389.2 | D45: 1 | E45: =C45*D45 -> 389.2 | F45: 1 | G45: =E45*F45 -> 389.2 | H45: 859 | J45: =G45-H45 -> -469.8 | K45: Decrease in the number of above 50 percent vendors.
A46: Subtotal Reporting: Retail Vendors * | C46: 41164 | D46: =+E46/C46 -> 2.2044015 | E46: =SUM(E42:E45) -> 90741.983 | F46: =+G46/E46 -> 1.8460104 | G46: =SUM(G42:G45) -> 167510.65 | H46: =SUM(H42:H45) -> 177455 | I46: =SUM(I42:I45) -> 0 | J46: =SUM(J42:J45) -> -9944.3542
A47: GRAND SUBTOTAL: REPORTING** | C47: =SUM(C33,C40,C46) -> 6913189 | D47: =E47/C47 -> 3.0745226 | E47: =SUM(E33,E40,E46) -> 21254756 | F47: =+G47/E47 -> 0.1889992 | G47: =SUM(G33+G40+G46) -> 4017131.9 | H47: 3165043 | I47: =SUM(I33,I40,I46) -> 1200068.5 | J47: =(G47-H47-I47) -> -347979.58
A48: RECORDKEEPING BURDEN ESTIMATES
A49: Affected Public: State and Local Agencies (including Indian Tribal Organizations and U.S. Territories)
A50: 246.10(d)(1) | B50: Medical documentation | C50: 10000 | D50: 2 | E50: =C50*D50 -> 20000 | F50: 0.0167 | G50: =E50*F50 -> 334 | H50: 320 | J50: =G50-H50 -> 14 | K50: increase due to use of minutes to hours conversion chart
A51: 246.12(g)(10) | B51: Vendor infant formula suppliers | C51: 89 | D51: 1 | E51: =C51*D51 -> 89 | F51: 50 | G51: =E51*F51 -> 4450 | H51: =4500 -> 4500 | J51: -50 | K51: Decrease due to change in number of State agencies.
A52: 246.12(h)(1)(i) | B52: Vendor applications & agreements | C52: =41164*0.33 -> 13584.12 | D52: 1 | E52: =C52*D52 -> 13584.12 | F52: 1 | G52: =E52*F52 -> 13584.12 | H52: 22362 | J52: =G52-H52 -> -8777.88 | K52: Decrease in number of retail vendors results in proportionate decrease in applications and agreements
A53: 246.12(h)(8)(i) | B53: Vendor incentive items | C53: =(4/10)*973 -> 389.2 | D53: 1 | E53: =C53*D53 -> 389.2 | F53: 1 | G53: =E53*F53 -> 389.2 | H53: 859 | J53: =G53-H53 -> -469.8 | K53: Decrease in the number of above 50 percent vendors.
A54: 246.12(i)(4) | B54: Vendor training content | C54: 89 | D54: 1 | E54: =C54*D54 -> 89 | F54: 2 | G54: =E54*F54 -> 178 | H54: 180 | J54: -2 | K54: Decrease in number of State agencies.
A55: 246.12(j)(6) | B55: Routine vendor monitoring | C55: 89 | D55: =(41164/89)*0.05 -> 23.125843 | E55: =C55*D55 -> 2058.2 | F55: 0.5 | G55: =E55*F55 -> 1029.1 | H55: 2236.2 | I55: -1029.1 | J55: -178 | K55: Program change decrease in 1,029.1 hours due use of technology to streamline process. Decrease in 178 hours due to change in number of State agencies and vendors
A56: 246.12(j)(6)(ii) | B56: Vendor compliance Investigations | C56: 89 | D56: =(41164/89)*0.05 -> 23.125843 | E56: =C56*D56 -> 2058.2 | F56: 2 | G56: =E56*F56 -> 4116.4 | H56: 4472.4 | J56: =G56-H56 -> -356 | K56: Decrease in number of retail vendors results in proportionate decrease in vendor compliance investigations
A57: 246.12(l)(3) | B57: Vendor notice of violations | C57: 89 | D57: =514/89 -> 5.7752809 | E57: =C57*D57 -> 514 | F57: 1 | G57: =E57*F57 -> 514 | H57: 2300 | J57: -1786 | K57: Decrease due to a decrease in the n umber of vendor violations.
A58: 246.23(c)(1) | B58: Disposition of participant claims | C58: 89 | D58: 1 | E58: =C58*D58 -> 89 | F58: 5 | G58: =E58*F58 -> 445 | H58: 450 | J58: -5 | K58: Decrease in number of State agencies.
A59: 246.25(a) | B59: Financial ops. & food delivery sys. | C59: =89+1808 -> 1897 | D59: 12 | E59: =C59*D59 -> 22764 | F59: 2 | G59: =E59*F59 -> 45528 | H59: 46248 | J59: =G59-H59 -> -720 | K59: Decrease in number of local agencies.
A60: 246.25(a) | B60: Nutrition ed. for women & children | C60: 1808 | D60: =((1633864+3523863)/1808)*4 -> 11410.9 | E60: =C60*D60 -> 20630908 | F60: 0.0167 | G60: =E60*F60 -> 344536.16 | H60: 395724.23 | J60: =G60-H60 -> -51188.066 | K60: Decrease due to a decrease in women and child participants.
A61: 246.25(a) | B61: Nutrition education for infants | C61: 1808 | D61: =(1712401/1808)*4 -> 3788.4978 | E61: =C61*D61 -> 6849604 | F61: 0.0167 | G61: =E61*F61 -> 114388.39 | H61: 127421.46 | J61: =G61-H61 -> -13033.073 | K61: Decrease in infant participants.
A62: 246.25(a) | B62: Fair hearings | C62: =89+1808 -> 1897 | D62: 1 | E62: =C62*D62 -> 1897 | F62: 0.25 | G62: =E62*F62 -> 474.25 | H62: 481.75 | J62: =G62-H62 -> -7.5 | K62: Change in number of local agencies.
A63: SUBTOTAL: RECORDKEEPING | C63: =10000+1808+89 -> 11897 | D63: =+E63/C63 -> 2315.2092 | E63: =SUM(E50:E62) -> 27544044 | F63: =+G63/E63 -> 0.019240698 | G63: =SUM(G50:G62) -> 529966.62 | H63: =SUM(H50:H62) -> 607555.04 | I63: =SUM(I50:I62) -> -1029.1 | J63: =SUM(J50:J62) -> -76559.32
A64: GRAND TOTAL: REPORTING AND RECORDKEEPING | C64: =SUM(C47) -> 6913189 | D64: =E64/C64 -> 7.0587973 | E64: =SUM(E47,E63) -> 48798800 | F64: =G64/E64 -> 0.09318054 | G64: =SUM(G47,G63) -> 4547098.5 | H64: =SUM(H47,H63) -> 3772598 | I64: =SUM(I47,I63) -> 1199039.4 | J64: =SUM(J47,J63)+1 -> -424537.9
A66: SUMMARY OF REPORTING BURDEN (OMB #0584-0043)
A67: TOTAL NO. RESPONDENTS | C67: =+C47 -> 6913189 | F67: *Total retail vendor data provided from The Integrity Profile (TIP) database on WIC vendor population.
A68: AVERAGE NO. RESPONSES PER RESPONDENT | C68: =+C69/C67 -> 3.0745226
A69: TOTAL ANNUAL RESPONSES | C69: =+E47 -> 21254756
A70: AVERAGE HOURS PER RESPONSE | C70: =+C71/C69 -> 0.1889992 | F70: **In the Grand Subtotal: Reporting for the previous submission total burden hours was adjusted to 3,165,043 to match the ROCIS calculatuions. In the Excel calculations, this total is actually 3,165,043.8, which Excel rounds to 3,165,044. ROCIS, however, did not round this total so
A71: TOTAL ANNUAL BURDEN HOURS REQUESTED | C71: =+G47 -> 4017131.9 | F71: the total previously submitted hours were adjusted to match.
A72: CURRENT OMB INVENTORY | C72: =H47 -> 3165043
A73: DIFFERENCE | C73: 852088
A75: SUMMARY OF RECORDKEEPING BURDEN (OMB #0584-0043)
A76: TOTAL NO. RECORDKEEPERS | C76: =+C63 -> 11897
A77: AVERAGE NO. RESPONSES PER RESPONDENT | C77: =+C78/C76 -> 2315.2092
A78: TOTAL ANNUAL RESPONSES | C78: =+E63 -> 27544044
A79: AVERAGE HOURS PER RESPONSE | C79: =+C80/C78 -> 0.019240698
A80: TOTAL ANNUAL BURDEN HOURS REQUESTED | C80: =+G63 -> 529966.62
A81: CURRENT OMB INVENTORY | C81: =+H63 -> 607555.04
A82: DIFFERENCE | C82: =C80-C81 -> -77588.42
A84: ANNUAL REPORTING & RECORDKEEPING BURDEN (OMB #0584-0043)
A85: GRAND TOTAL - RESPONSES | C85: =+C69+C78 -> 48798800
A86: GRAND TOTAL - ANNUAL BURDEN HOURS | D86: =+C71+C80 -> 4547098.5
A87: CURRENT OMB INVENTORY | C87: =H64 -> 3772598
A88: DIFFERENCE | C88: =C73+C82+1 -> 774500.58
